Workbook

Sheet Cover
B24: TENDER
B31: FOR
B38: PROPOSED SIDE EXTENSION
B47: PROJECT: Mr & Mrs Hawkes-Cowands House
B57: DATE: 25TH SEPTEMBER 2025

Sheet Qual, Excl & Assum
B2: =Cover!B47 -> PROJECT: Mr & Mrs Hawkes-Cowands House
B3: =Cover!B57 -> DATE: 25TH SEPTEMBER 2025
B6: QUALIFICATIONS, ASSUMPTIONS & EXCLUSIONS:
A8: 1 | B8: Qualifications:-
A10: 1.1 | B10: Prices exclude VAT
A11: =+A10+0.1 -> 1.2 | B11: Pre-start meeting and site investigation will be required before commencement on site
A12: =+A11+0.1 -> 1.3 | B12: Provisional sums and PC Sums mentioned within the estimate are subject to re-measure and re-price
A13: =+A12+0.1 -> 1.4 | B13: Changes to drawings, design or specification which deviate from the information used as stated below may be subject to further cost
A14: =+A13+0.1 -> 1.5 | B14: Site inspections to be carried out, this may cause additions/omissions to the tender documents
A15: =+A14+0.1 -> 1.6 | B15: All quantities are re-measurable and used for indicative purposes only and are subject to re-measure once the project has commenced
A16: =+A15+0.1 -> 1.7 | B16: All M&E is provisional sum (as no detailed design has been provided) and a detailed design will be required in order to finalise costs
A17: =+A16+0.1 -> 1.8 | B17: We have assumed free unfettered access and normal working hours to the site
A18: =+A17+0.1 -> 1.9 | B18: The prices are valid for 8 weeks and we assume that works will commence within 12 weeks from the date of this estimate
A19: 1.1 | B19: No level surveys have been provided so all excavation quantities are provisional
A20: 1.11 | B20: There may be some items where alternative specification is used and these may differ to the specification provided
A21: 1.12 | B21: Any items not mentioned within this estimate have been specifically excluded and will be subject to further costs
A23: 2 | B23: The following items are to be organised and paid for by the client and are excluded from the total cost:
A25: 2.1 | B25: Building insurance
A26: 2.2 | B26: Utility and council tax bills
A27: 2.3 | B27: Party Wall costs and complying with conditions
A28: 2.4 | B28: Building control and costs
A29: 2.5 | B29: Structural engineers' and building regulation details
A30: 2.6 | B30: Specialist surveys
A31: 2.7 | B31: Topographical surveys
A32: 2.8 | B32: CCTV drainage surveys
... A70: 4.16 | B70: A/C

Sheet Documents
B2: =+Cover!B47 -> PROJECT: Mr & Mrs Hawkes-Cowands House
B3: =+Cover!B57 -> DATE: 25TH SEPTEMBER 2025
B5: INFORMATION USED
B7: The information used in the preparation of this estimate are as listed below:
B9: Document reference:
B11: HR91-02-1001
B12: HR91-02-1002
B13: HR91-02-1003
B14: HR91-02-1004
B15: HR91-02-1005
B16: PHOTOS

Sheet Summary
B2: =+Documents!B2 -> PROJECT: Mr & Mrs Hawkes-Cowands House
B3: =+Documents!B3 -> DATE: 25TH SEPTEMBER 2025
F4: TOTALS
B5: SUMMARY | F5: LABOUR | G5: MATERIALS | H5: L MARKUP | I5: M MARKUP | K5: Check | L5: =CheckMissingTabs(B7:B33) -> #NAME?
B7: Demolition | D7: =+Demolition!F52 -> 9774.8486 | F7: =+Demolition!K52 -> 9774.8486 | G7: =+Demolition!L52 -> 0 | H7: =+Demolition!M52 -> 1466.2273 | I7: =+Demolition!N52 -> 0 | K7: =+F7+G7+I7+H7-D7 -> 1466.2273
B9: Substructure | D9: =+Substructure!F130 -> 22343.907 | F9: =+Substructure!K130 -> 11408.234 | G9: =+Substructure!L130 -> 10935.673 | H9: =+Substructure!M130 -> 1711.2351 | I9: =+Substructure!N130 -> 1640.351 | K9: =+F9+G9+I9+H9-D9 -> 3351.586
B11: Superstructure | D11: =+Superstructure!F65 -> 16830.696 | F11: =+Superstructure!K65 -> 5730.6235 | G11: =+Superstructure!L65 -> 11100.073 | H11: =+Superstructure!M65 -> 859.59353 | I11: =+Superstructure!N65 -> 1665.0109 | K11: =+F11+G11+I11+H11-D11 -> 2524.6044
B13: Structural Steelwork | D13: =+'Structural Steelwork'!F23 -> 1420.352 | F13: =+'Structural Steelwork'!K23 -> 562.166 | G13: =+'Structural Steelwork'!L23 -> 858.186 | H13: =+'Structural Steelwork'!M23 -> 84.3249 | I13: =+'Structural Steelwork'!N23 -> 128.7279 | K13: =+F13+G13+I13+H13-D13 -> 213.0528
B15: Roof | D15: =+Roof!F54 -> 8338.76 | F15: =+Roof!K54 -> 3361.998 | G15: =+Roof!L54 -> 5404.488 | H15: =+Roof!M54 -> 504.2997 | I15: =+Roof!N54 -> 810.6732 | K15: =+F15+G15+I15+H15-D15 -> 1742.6989
B17: Windows, Doors & Rooflights | D17: =+'Windows, Doors & Rooflights'!H34 -> 17145 | F17: =+'Windows, Doors & Rooflights'!M34 -> 3920 | G17: =+'Windows, Doors & Rooflights'!N34 -> 13225 | H17: =+'Windows, Doors & Rooflights'!O34 -> 588 | I17: =+'Windows, Doors & Rooflights'!P34 -> 1983.75 | K17: =+F17+G17+I17+H17-D17 -> 2571.75
B19: Partitions | D19: =+Partitions!F100 -> 20580.606 | F19: =+Partitions!K100 -> 8070.292 | G19: =+Partitions!L100 -> 11851.694 | H19: =+Partitions!M100 -> 1210.5438 | I19: =+Partitions!N100 -> 1777.7541 | K19: =+F19+G19+I19+H19-D19 -> 2329.6779
B21: Joinery | D21: =+Joinery!F121 -> 50949.343 | F21: =+Joinery!K121 -> 5084.6 | G21: =+Joinery!L121 -> 35680.68 | H21: =+Joinery!M121 -> 2290.2995 | I21: =+Joinery!N121 -> 5352.102 | K21: =+F21+G21+I21+H21-D21 -> -2541.6615
B23: Decoration | D23: =+Decoration!F28 -> 14213.378 | F23: =+Decoration!K28 -> 5749.202 | G23: =+Decoration!L28 -> 8464.176 | H23: =+Decoration!M28 -> 862.3803 | I23: =+Decoration!N28 -> 1269.6264 | K23: =+F23+G23+I23+H23-D23 -> 2132.0067
B25: Floor Finishes | D25: =+'Floor finishes'!F21 -> 14521.326 | F25: =+'Floor finishes'!K21 -> 5171.8955 | G25: =+'Floor finishes'!L21 -> 9349.431 | H25: =+'Floor finishes'!M21 -> 775.78433 | I25: =+'Floor finishes'!N21 -> 1402.4147 | K25: =+F25+G25+I25+H25-D25 -> 2178.199
B27: Wall Finishes | D27: =+'Wall finishes'!F18 -> 2047.2 | F27: =+'Wall finishes'!K18 -> 636 | G27: =+'Wall finishes'!L18 -> 1411.2 | H27: =+'Wall finishes'!M18 -> 95.4 | I27: =+'Wall finishes'!N18 -> 211.68 | K27: =+F27+G27+I27+H27-D27 -> 307.08
B29: Kitchens & Bathrooms | D29: =+'Kitchens & Bathrooms'!F58 -> 25670.212 | F29: =+'Kitchens & Bathrooms'!K58 -> 4863.332 | G29: =+'Kitchens & Bathrooms'!L58 -> 20806.88 | H29: =+'Kitchens & Bathrooms'!M58 -> 729.4998 | I29: =+'Kitchens & Bathrooms'!N58 -> 3121.032 | K29: =+F29+G29+I29+H29-D29 -> 3850.5318
B31: Electrical | D31: =+Electrical!F60 -> 15679.4 | F31: =+Electrical!K60 -> 6060 | G31: =+Electrical!L60 -> 9619.4 | H31: =+Electrical!M60 -> 909 | I31: =+Electrical!N60 -> 1442.91 | K31: =+F31+G31+I31+H31-D31 -> 2351.91
B33: Mechanical | D33: =+Mechanical!F59 -> 8248.536 | F33: =+Mechanical!K59 -> 4328.9 | G33: =+Mechanical!L59 -> 3919.636 | H33: =+Mechanical!M59 -> 649.335 | I33: =+Mechanical!N59 -> 587.9454 | K33: =+F33+G33+I33+H33-D33 -> 1237.2804
B36: SUB TOTAL | D36: =SUM(D3:D35) -> 227763.57 | F36: =SUM(F6:F34) -> 74722.092 | G36: =SUM(G6:G35) -> 142626.52 | H36: =SUM(H6:H35) -> 12735.923 | I36: =SUM(I6:I35) -> 21393.977 | K36: =+F36+G36+I36+H36-D36 -> 23714.944
B38: Preliminaries | D38: =+Preliminaries!F65 -> 14550
B40: TOTAL COST (EXCLUDING VAT) | D40: =+D38+D36 -> 242313.57
B42: Anticipated Number of Weeks | C42: =+Preliminaries!J4 -> 0 | D42: Weeks

Sheet Demolition
B2: =+'Qual, Excl & Assum'!B2 -> PROJECT: Mr & Mrs Hawkes-Cowands House
B3: =+'Qual, Excl & Assum'!B3 -> DATE: 25TH SEPTEMBER 2025
B5: Demolition | G5: RATES | K5: TOTALS
B7: Description | C7: Quantity | D7: Unit | E7: Rate | F7: Total | G7: Labour | H7: Materials | I7: L Markup | J7: M Markup | K7: Labour | L7: Materials | M7: L Markup | N7: M Markup
N8: =IF(D8=0," ",(J8*C8))
A9: 1 | B9: Existing Single Leaf Door To Be Removed | C9: 7 | D9: no | E9: =G9+H9 -> 110 | F9: =E9*C9 -> 770 | G9: 110 | I9: =IF(D9=0," ",(G9)*(Details!$C$4+Details!$C$8)) -> 16.5 | J9: =IF(D9=0," ",(H9)*(Details!$C$6+Details!$C$8)) -> 0 | K9: =+G9*C9 -> 770 | L9: =+H9*C9 -> 0 | M9: =IF(D9=0," ",(I9*C9)) -> 115.5 | N9: =IF(D9=0," ",(J9*C9)) -> 0
A11: 2 | B11: Existing Window To Be Removed | C11: 4 | D11: no | E11: =G11+H11 -> 90 | F11: =E11*C11 -> 360 | G11: 90 | I11: =IF(D11=0," ",(G11)*(Details!$C$4+Details!$C$8)) -> 13.5 | J11: =IF(D11=0," ",(H11)*(Details!$C$6+Details!$C$8)) -> 0 | K11: =+G11*C11 -> 360 | L11: =+H11*C11 -> 0 | M11: =IF(D11=0," ",(I11*C11)) -> 54 | N11: =IF(D11=0," ",(J11*C11)) -> 0
A13: 3 | B13: Existing Double Leaf Glazed Door To Be Removed | C13: 1 | D13: no | E13: =G13+H13 -> 160 | F13: =E13*C13 -> 160 | G13: 160 | I13: =IF(D13=0," ",(G13)*(Details!$C$4+Details!$C$8)) -> 24 | J13: =IF(D13=0," ",(H13)*(Details!$C$6+Details!$C$8)) -> 0 | K13: =+G13*C13 -> 160 | L13: =+H13*C13 -> 0 | M13: =IF(D13=0," ",(I13*C13)) -> 24 | N13: =IF(D13=0," ",(J13*C13)) -> 0
A15: 4 | B15: Existing Single Leaf Door To Be Removed (Store) | C15: 1 | D15: no | E15: =G15+H15 -> 110 | F15: =E15*C15 -> 110 | G15: 110 | I15: =IF(D15=0," ",(G15)*(Details!$C$4+Details!$C$8)) -> 16.5 | J15: =IF(D15=0," ",(H15)*(Details!$C$6+Details!$C$8)) -> 0 | K15: =+G15*C15 -> 110 | L15: =+H15*C15 -> 0 | M15: =IF(D15=0," ",(I15*C15)) -> 16.5 | N15: =IF(D15=0," ",(J15*C15)) -> 0
A17: 5 | B17: Existing Fixture To Be Removed | C17: 11 | D17: no | E17: =G17+H17 -> 90 | F17: =E17*C17 -> 990 | G17: 90 | I17: =IF(D17=0," ",(G17)*(Details!$C$4+Details!$C$8)) -> 13.5 | J17: =IF(D17=0," ",(H17)*(Details!$C$6+Details!$C$8)) -> 0 | K17: =+G17*C17 -> 990 | L17: =+H17*C17 -> 0 | M17: =IF(D17=0," ",(I17*C17)) -> 148.5 | N17: =IF(D17=0," ",(J17*C17)) -> 0
A19: 6 | B19: Existing Appliances To Be Removed | C19: 3 | D19: no | E19: =G19+H19 -> 90 | F19: =E19*C19 -> 270 | G19: 90 | I19: =IF(D19=0," ",(G19)*(Details!$C$4+Details!$C$8)) -> 13.5 | J19: =IF(D19=0," ",(H19)*(Details!$C$6+Details!$C$8)) -> 0 | K19: =+G19*C19 -> 270 | L19: =+H19*C19 -> 0 | M19: =IF(D19=0," ",(I19*C19)) -> 40.5 | N19: =IF(D19=0," ",(J19*C19)) -> 0
A21: 7 | B21: Existing Bath Accessories To Be Removed | C21: 18 | D21: no | E21: =G21+H21 -> 90 | F21: =E21*C21 -> 1620 | G21: 90 | I21: =IF(D21=0," ",(G21)*(Details!$C$4+Details!$C$8)) -> 13.5 | J21: =IF(D21=0," ",(H21)*(Details!$C$6+Details!$C$8)) -> 0 | K21: =+G21*C21 -> 1620 | L21: =+H21*C21 -> 0 | M21: =IF(D21=0," ",(I21*C21)) -> 243 | N21: =IF(D21=0," ",(J21*C21)) -> 0
A23: 8 | B23: Existing Rooflight To Be Removed | C23: 2 | D23: no | E23: =G23+H23 -> 110 | F23: =E23*C23 -> 220 | G23: 110 | I23: =IF(D23=0," ",(G23)*(Details!$C$4+Details!$C$8)) -> 16.5 | J23: =IF(D23=0," ",(H23)*(Details!$C$6+Details!$C$8)) -> 0 | K23: =+G23*C23 -> 220 | L23: =+H23*C23 -> 0 | M23: =IF(D23=0," ",(I23*C23)) -> 33 | N23: =IF(D23=0," ",(J23*C23)) -> 0
A25: 9 | B25: Existing Manhole Unable To Lift Client Advised Well Positioned | C25: 1 | D25: no | E25: =G25+H25 -> 180 | F25: =E25*C25 -> 180 | G25: 180 | I25: =IF(D25=0," ",(G25)*(Details!$C$4+Details!$C$8)) -> 27 | J25: =IF(D25=0," ",(H25)*(Details!$C$6+Details!$C$8)) -> 0 | K25: =+G25*C25 -> 180 | L25: =+H25*C25 -> 0 | M25: =IF(D25=0," ",(I25*C25)) -> 27 | N25: =IF(D25=0," ",(J25*C25)) -> 0
A27: 10 | B27: Existing Load Bearing Wall To Be Removed | C27: 35.525 | D27: m2 | E27: =G27+H27 -> 23.4 | F27: =E27*C27 -> 831.285 | G27: 23.4 | I27: =IF(D27=0," ",(G27)*(Details!$C$4+Details!$C$8)) -> 3.51 | J27: =IF(D27=0," ",(H27)*(Details!$C$6+Details!$C$8)) -> 0 | K27: =+G27*C27 -> 831.285 | L27: =+H27*C27 -> 0 | M27: =IF(D27=0," ",(I27*C27)) -> 124.69275 | N27: =IF(D27=0," ",(J27*C27)) -> 0
A29: 11 | B29: Existing Non-Load Bearing Wall To Be Removed | C29: 42.096 | D29: m2 | E29: =G29+H29 -> 32.4 | F29: =E29*C29 -> 1363.9104 | G29: 32.4 | I29: =IF(D29=0," ",(G29)*(Details!$C$4+Details!$C$8)) -> 4.86 | J29: =IF(D29=0," ",(H29)*(Details!$C$6+Details!$C$8)) -> 0 | K29: =+G29*C29 -> 1363.9104 | L29: =+H29*C29 -> 0 | M29: =IF(D29=0," ",(I29*C29)) -> 204.58656 | N29: =IF(D29=0," ",(J29*C29)) -> 0
A31: 12 | B31: Existing Non-Load Bearing Wall To Be Removed (Store) | C31: 4.018 | D31: m2 | E31: =G31+H31 -> 32.4 | F31: =E31*C31 -> 130.1832 | G31: 32.4 | I31: =IF(D31=0," ",(G31)*(Details!$C$4+Details!$C$8)) -> 4.86 | J31: =IF(D31=0," ",(H31)*(Details!$C$6+Details!$C$8)) -> 0 | K31: =+G31*C31 -> 130.1832 | L31: =+H31*C31 -> 0 | M31: =IF(D31=0," ",(I31*C31)) -> 19.52748 | N31: =IF(D31=0," ",(J31*C31)) -> 0
... A49: 21 | B49: Existing Pipework, Fittings, Electrical work & hvac work To Be Removed as Req. | C49: 1 | D49: item | E49: =G49+H49 -> 90 | F49: =E49*C49 -> 90 | G49: 90 | I49: =IF(D49=0," ",(G49)*(Details!$C$4+Details!$C$8)) -> 13.5 | J49: =IF(D49=0," ",(H49)*(Details!$C$6+Details!$C$8)) -> 0 | K49: =+G49*C49 -> 90 | L49: =+H49*C49 -> 0 | M49: =IF(D49=0," ",(I49*C49)) -> 13.5 | N49: =IF(D49=0," ",(J49*C49)) -> 0
A51: =IF(F51<>"",(LARGE(A$7:A9,1)+1),"") | J51: =IF(D51=0," ",(G51+H51)*(Details!$C$4+Details!$C$6))
E52: Sub Total | F52: =SUM(F1:F51) -> 9774.8486 | K52: =SUM(K8:K51) -> 9774.8486 | L52: =SUM(L8:L51) -> 0 | M52: =SUM(M8:M51) -> 1466.2273 | N52: =SUM(N8:N51) -> 0

Sheet Substructure
B2: =+'Qual, Excl & Assum'!B2 -> PROJECT: Mr & Mrs Hawkes-Cowands House
B3: =+'Qual, Excl & Assum'!B3 -> DATE: 25TH SEPTEMBER 2025
B5: Substructure | G5: RATES | K5: TOTALS
B7: Description | C7: Quantity | D7: Unit | E7: Rate | F7: Total | G7: Labour | H7: Materials | I7: L Markup | J7: M Markup | K7: Labour | L7: Materials | M7: L Markup | N7: M Markup
N8: =IF(D8=0," ",(J8*C8))
B9: REDUCE LEVELS | N9: =IF(D9=0," ",(J9*C9))
A10: 1 | B10: Excavate to reduce levels | C10: =(C83+C95)*0.45 -> 27.45 | D10: m2 | E10: =G10+H10 -> 19.4 | F10: =E10*C10 -> 532.53 | G10: 19.4 | I10: =IF(D10=0," ",(G10)*(Details!$C$4+Details!$C$8)) -> 2.91 | J10: =IF(D10=0," ",(H10)*(Details!$C$6+Details!$C$8)) -> 0 | K10: =+G10*C10 -> 532.53 | L10: =+H10*C10 -> 0 | M10: =IF(D10=0," ",(I10*C10)) -> 79.8795 | N10: =IF(D10=0," ",(J10*C10)) -> 0
N11: =IF(D11=0," ",(J11*C11))
A12: 2 | B12: Cart away spoil (assume clean and inert) | C12: =C10 -> 27.45 | D12: m2 | E12: =G12+H12 -> 15.8 | F12: =E12*C12 -> 433.71 | G12: 15.8 | I12: =IF(D12=0," ",(G12)*(Details!$C$4+Details!$C$8)) -> 2.37 | J12: =IF(D12=0," ",(H12)*(Details!$C$6+Details!$C$8)) -> 0 | K12: =+G12*C12 -> 433.71 | L12: =+H12*C12 -> 0 | M12: =IF(D12=0," ",(I12*C12)) -> 65.0565 | N12: =IF(D12=0," ",(J12*C12)) -> 0
A13: =IF(F13<>"",(LARGE(A$7:A12,1)+1),"") | N13: =IF(D13=0," ",(J13*C13))
A14: =IF(F14<>"",(LARGE(A$7:A13,1)+1),"") | B14: FOUNDATION EXCAVATION | I14: =IF(D14=0," ",(G14)*(Details!$C$4+Details!$C$8)) | J14: =IF(D14=0," ",(H14)*(Details!$C$6+Details!$C$8)) | N14: =IF(D14=0," ",(J14*C14))
A15: =IF(F15<>"",(LARGE(A$7:A14,1)+1),"") -> 3 | B15: Excavate foundations; | C15: 19.88 | D15: m3 | E15: =G15+H15 -> 55 | F15: =E15*C15 -> 1093.4 | G15: 55 | I15: =IF(D15=0," ",(G15)*(Details!$C$4+Details!$C$8)) -> 8.25 | J15: =IF(D15=0," ",(H15)*(Details!$C$6+Details!$C$8)) -> 0 | K15: =+G15*C15 -> 1093.4 | L15: =+H15*C15 -> 0 | M15: =IF(D15=0," ",(I15*C15)) -> 164.01 | N15: =IF(D15=0," ",(J15*C15)) -> 0
A16: =IF(F16<>"",(LARGE(A$7:A15,1)+1),"")
A17: =IF(F17<>"",(LARGE(A$7:A16,1)+1),"") -> 4 | B17: Cart away spoil (assume clean and inert) | C17: =C15 -> 19.88 | D17: m3 | E17: =G17+H17 -> 46.5 | F17: =E17*C17 -> 924.42 | G17: 46.5 | I17: =IF(D17=0," ",(G17)*(Details!$C$4+Details!$C$8)) -> 6.975 | J17: =IF(D17=0," ",(H17)*(Details!$C$6+Details!$C$8)) -> 0 | K17: =+G17*C17 -> 924.42 | L17: =+H17*C17 -> 0 | M17: =IF(D17=0," ",(I17*C17)) -> 138.663 | N17: =IF(D17=0," ",(J17*C17)) -> 0
A18: =IF(F18<>"",(LARGE(A$7:A17,1)+1),"") | N18: =IF(D18=0," ",(J18*C18))
A19: =IF(F19<>"",(LARGE(A$7:A18,1)+1),"") | B19: STRIP FOOTING
A20: =IF(F20<>"",(LARGE(A$7:A19,1)+1),"") -> 5 | B20: (500mmW x 850mmD) Concrete Strip Footing | C20: =15*0.5*0.85 -> 6.375 | D20: m3 | E20: =G20+H20 -> 310 | F20: =E20*C20 -> 1976.25 | G20: 130 | H20: 180 | I20: =IF(D20=0," ",(G20)*(Details!$C$4+Details!$C$8)) -> 19.5 | J20: =IF(D20=0," ",(H20)*(Details!$C$6+Details!$C$8)) -> 27 | K20: =+G20*C20 -> 828.75 | L20: =+H20*C20 -> 1147.5 | M20: =IF(D20=0," ",(I20*C20)) -> 124.3125 | N20: =IF(D20=0," ",(J20*C20)) -> 172.125
A22: =IF(F22<>"",(LARGE(A$7:A20,1)+1),"") -> 6 | B22: A82 Wire Mesh @ T&B | C22: =15*0.5 -> 7.5 | D22: m2 | E22: =G22+H22 -> 29.4 | F22: =E22*C22 -> 220.5 | G22: 10 | H22: 19.4 | I22: =IF(D22=0," ",(G22)*(Details!$C$4+Details!$C$8)) -> 1.5 | J22: =IF(D22=0," ",(H22)*(Details!$C$6+Details!$C$8)) -> 2.91 | K22: =+G22*C22 -> 75 | L22: =+H22*C22 -> 145.5 | M22: =IF(D22=0," ",(I22*C22)) -> 11.25 | N22: =IF(D22=0," ",(J22*C22)) -> 21.825
A24: =IF(F24<>"",(LARGE(A$7:A22,1)+1),"") -> 7 | B24: Formwork | C24: =15*0.85*2 -> 25.5 | D24: m2 | E24: =G24+H24 -> 13.4 | F24: =E24*C24 -> 341.7 | G24: 13.4 | H24: 0 | I24: =IF(D24=0," ",(G24)*(Details!$C$4+Details!$C$8)) -> 2.01 | J24: =IF(D24=0," ",(H24)*(Details!$C$6+Details!$C$8)) -> 0 | K24: =+G24*C24 -> 341.7 | L24: =+H24*C24 -> 0 | M24: =IF(D24=0," ",(I24*C24)) -> 51.255 | N24: =IF(D24=0," ",(J24*C24)) -> 0
A25: =IF(F25<>"",(LARGE(A$7:A24,1)+1),"")
A26: =IF(F26<>"",(LARGE(A$7:A25,1)+1),"") -> 8 | B26: (600mmW x 850mmD) Concrete Strip Footing | C26: =3*0.6*0.85 -> 1.53 | D26: m3 | E26: =G26+H26 -> 310 | F26: =E26*C26 -> 474.3 | G26: 130 | H26: 180 | I26: =IF(D26=0," ",(G26)*(Details!$C$4+Details!$C$8)) -> 19.5 | J26: =IF(D26=0," ",(H26)*(Details!$C$6+Details!$C$8)) -> 27 | K26: =+G26*C26 -> 198.9 | L26: =+H26*C26 -> 275.4 | M26: =IF(D26=0," ",(I26*C26)) -> 29.835 | N26: =IF(D26=0," ",(J26*C26)) -> 41.31
A28: =IF(F28<>"",(LARGE(A$7:A26,1)+1),"") -> 9 | B28: A82 Wire Mesh @ T&B | C28: =3*0.6 -> 1.8 | D28: m2 | E28: =G28+H28 -> 29.4 | F28: =E28*C28 -> 52.92 | G28: 10 | H28: 19.4 | I28: =IF(D28=0," ",(G28)*(Details!$C$4+Details!$C$8)) -> 1.5 | J28: =IF(D28=0," ",(H28)*(Details!$C$6+Details!$C$8)) -> 2.91 | K28: =+G28*C28 -> 18 | L28: =+H28*C28 -> 34.92 | M28: =IF(D28=0," ",(I28*C28)) -> 2.7 | N28: =IF(D28=0," ",(J28*C28)) -> 5.238
A30: =IF(F30<>"",(LARGE(A$7:A28,1)+1),"") -> 10 | B30: Formwork | C30: =3*0.85*2 -> 5.1 | D30: m2 | E30: =G30+H30 -> 13.4 | F30: =E30*C30 -> 68.34 | G30: 13.4 | H30: 0 | I30: =IF(D30=0," ",(G30)*(Details!$C$4+Details!$C$8)) -> 2.01 | J30: =IF(D30=0," ",(H30)*(Details!$C$6+Details!$C$8)) -> 0 | K30: =+G30*C30 -> 68.34 | L30: =+H30*C30 -> 0 | M30: =IF(D30=0," ",(I30*C30)) -> 10.251 | N30: =IF(D30=0," ",(J30*C30)) -> 0
A31: =IF(F31<>"",(LARGE(A$7:A30,1)+1),"")
A32: =IF(F32<>"",(LARGE(A$7:A31,1)+1),"") -> 11 | B32: (600mmW x 800mmD) Concrete Strip Footing | C32: =4*0.6*0.8 -> 1.92 | D32: m3 | E32: =G32+H32 -> 310 | F32: =E32*C32 -> 595.2 | G32: 130 | H32: 180 | I32: =IF(D32=0," ",(G32)*(Details!$C$4+Details!$C$8)) -> 19.5 | J32: =IF(D32=0," ",(H32)*(Details!$C$6+Details!$C$8)) -> 27 | K32: =+G32*C32 -> 249.6 | L32: =+H32*C32 -> 345.6 | M32: =IF(D32=0," ",(I32*C32)) -> 37.44 | N32: =IF(D32=0," ",(J32*C32)) -> 51.84
A34: =IF(F34<>"",(LARGE(A$7:A32,1)+1),"") -> 12 | B34: A82 Wire Mesh @ T&B | C34: =4*0.6 -> 2.4 | D34: m2 | E34: =G34+H34 -> 29.4 | F34: =E34*C34 -> 70.56 | G34: 10 | H34: 19.4 | I34: =IF(D34=0," ",(G34)*(Details!$C$4+Details!$C$8)) -> 1.5 | J34: =IF(D34=0," ",(H34)*(Details!$C$6+Details!$C$8)) -> 2.91 | K34: =+G34*C34 -> 24 | L34: =+H34*C34 -> 46.56 | M34: =IF(D34=0," ",(I34*C34)) -> 3.6 | N34: =IF(D34=0," ",(J34*C34)) -> 6.984
A36: =IF(F36<>"",(LARGE(A$7:A34,1)+1),"") -> 13 | B36: Formwork | C36: =4*0.8*2 -> 6.4 | D36: m2 | E36: =G36+H36 -> 13.4 | F36: =E36*C36 -> 85.76 | G36: 13.4 | H36: 0 | I36: =IF(D36=0," ",(G36)*(Details!$C$4+Details!$C$8)) -> 2.01 | J36: =IF(D36=0," ",(H36)*(Details!$C$6+Details!$C$8)) -> 0 | K36: =+G36*C36 -> 85.76 | L36: =+H36*C36 -> 0 | M36: =IF(D36=0," ",(I36*C36)) -> 12.864 | N36: =IF(D36=0," ",(J36*C36)) -> 0
A37: =IF(F37<>"",(LARGE(A$7:A36,1)+1),"")
A38: =IF(F38<>"",(LARGE(A$7:A37,1)+1),"") -> 14 | B38: (300mmW x 800mmD) Concrete Strip Footing | C38: =8*0.3*0.8 -> 1.92 | D38: m3 | E38: =G38+H38 -> 310 | F38: =E38*C38 -> 595.2 | G38: 130 | H38: 180 | I38: =IF(D38=0," ",(G38)*(Details!$C$4+Details!$C$8)) -> 19.5 | J38: =IF(D38=0," ",(H38)*(Details!$C$6+Details!$C$8)) -> 27 | K38: =+G38*C38 -> 249.6 | L38: =+H38*C38 -> 345.6 | M38: =IF(D38=0," ",(I38*C38)) -> 37.44 | N38: =IF(D38=0," ",(J38*C38)) -> 51.84
A40: =IF(F40<>"",(LARGE(A$7:A38,1)+1),"") -> 15 | B40: A82 Wire Mesh @ T&B | C40: =8*0.3 -> 2.4 | D40: m2 | E40: =G40+H40 -> 29.4 | F40: =E40*C40 -> 70.56 | G40: 10 | H40: 19.4 | I40: =IF(D40=0," ",(G40)*(Details!$C$4+Details!$C$8)) -> 1.5 | J40: =IF(D40=0," ",(H40)*(Details!$C$6+Details!$C$8)) -> 2.91 | K40: =+G40*C40 -> 24 | L40: =+H40*C40 -> 46.56 | M40: =IF(D40=0," ",(I40*C40)) -> 3.6 | N40: =IF(D40=0," ",(J40*C40)) -> 6.984
A42: =IF(F42<>"",(LARGE(A$7:A40,1)+1),"") -> 16 | B42: Formwork | C42: =8*0.8*2 -> 12.8 | D42: m2 | E42: =G42+H42 -> 13.4 | F42: =E42*C42 -> 171.52 | G42: 13.4 | H42: 0 | I42: =IF(D42=0," ",(G42)*(Details!$C$4+Details!$C$8)) -> 2.01 | J42: =IF(D42=0," ",(H42)*(Details!$C$6+Details!$C$8)) -> 0 | K42: =+G42*C42 -> 171.52 | L42: =+H42*C42 -> 0 | M42: =IF(D42=0," ",(I42*C42)) -> 25.728 | N42: =IF(D42=0," ",(J42*C42)) -> 0
A43: =IF(F43<>"",(LARGE(A$7:A42,1)+1),"")
A44: =IF(F44<>"",(LARGE(A$7:A43,1)+1),"") | B44: FOUNDATION WALL
A45: =IF(F45<>"",(LARGE(A$7:A44,1)+1),"") | B45: DPC Wall (530mm H)
A46: =IF(F46<>"",(LARGE(A$7:A45,1)+1),"") -> 17 | B46: Damp Proof Course | C46: 11 | D46: m | E46: =G46+H46 -> 12.8 | F46: =E46*C46 -> 140.8 | G46: 5 | H46: 7.8 | I46: =IF(D46=0," ",(G46)*(Details!$C$4+Details!$C$8)) -> 0.75 | J46: =IF(D46=0," ",(H46)*(Details!$C$6+Details!$C$8)) -> 1.17 | K46: =+G46*C46 -> 55 | L46: =+H46*C46 -> 85.8 | M46: =IF(D46=0," ",(I46*C46)) -> 8.25 | N46: =IF(D46=0," ",(J46*C46)) -> 12.87
A48: =IF(F48<>"",(LARGE(A$7:A46,1)+1),"") -> 18 | B48: 102.5mm Brickwork Wall | C48: =11*0.53 -> 5.83 | D48: m2 | E48: =G48+H48 -> 102.3 | F48: =E48*C48 -> 596.409 | G48: 34.5 | H48: 67.8 | I48: =IF(D48=0," ",(G48)*(Details!$C$4+Details!$C$8)) -> 5.175 | J48: =IF(D48=0," ",(H48)*(Details!$C$6+Details!$C$8)) -> 10.17 | K48: =+G48*C48 -> 201.135 | L48: =+H48*C48 -> 395.274 | M48: =IF(D48=0," ",(I48*C48)) -> 30.17025 | N48: =IF(D48=0," ",(J48*C48)) -> 59.2911
A50: =IF(F50<>"",(LARGE(A$7:A48,1)+1),"") -> 19 | B50: 100mm Lean Mix Fill Concrete Cavity | C50: =11*0.53 -> 5.83 | D50: m2 | E50: =G50+H50 -> 54.8 | F50: =E50*C50 -> 319.484 | G50: 20 | H50: 34.8 | I50: =IF(D50=0," ",(G50)*(Details!$C$4+Details!$C$8)) -> 3 | J50: =IF(D50=0," ",(H50)*(Details!$C$6+Details!$C$8)) -> 5.22 | K50: =+G50*C50 -> 116.6 | L50: =+H50*C50 -> 202.884 | M50: =IF(D50=0," ",(I50*C50)) -> 17.49 | N50: =IF(D50=0," ",(J50*C50)) -> 30.4326
A52: =IF(F52<>"",(LARGE(A$7:A50,1)+1),"") -> 20 | B52: 100mm Blockwork Wall | C52: =11*0.53 -> 5.83 | D52: m2 | E52: =G52+H52 -> 112.3 | F52: =E52*C52 -> 654.709 | G52: 37.8 | H52: 74.5 | I52: =IF(D52=0," ",(G52)*(Details!$C$4+Details!$C$8)) -> 5.67 | J52: =IF(D52=0," ",(H52)*(Details!$C$6+Details!$C$8)) -> 11.175 | K52: =+G52*C52 -> 220.374 | L52: =+H52*C52 -> 434.335 | M52: =IF(D52=0," ",(I52*C52)) -> 33.0561 | N52: =IF(D52=0," ",(J52*C52)) -> 65.15025
A53: =IF(F53<>"",(LARGE(A$7:A52,1)+1),"")
A54: =IF(F54<>"",(LARGE(A$7:A53,1)+1),"") | B54: DPC Wall (600mm H)
A55: =IF(F55<>"",(LARGE(A$7:A54,1)+1),"") -> 21 | B55: Damp Proof Course | C55: 3 | D55: m | E55: =G55+H55 -> 12.8 | F55: =E55*C55 -> 38.4 | G55: 5 | H55: 7.8 | I55: =IF(D55=0," ",(G55)*(Details!$C$4+Details!$C$8)) -> 0.75 | J55: =IF(D55=0," ",(H55)*(Details!$C$6+Details!$C$8)) -> 1.17 | K55: =+G55*C55 -> 15 | L55: =+H55*C55 -> 23.4 | M55: =IF(D55=0," ",(I55*C55)) -> 2.25 | N55: =IF(D55=0," ",(J55*C55)) -> 3.51
A57: =IF(F57<>"",(LARGE(A$7:A55,1)+1),"") -> 22 | B57: 102.5mm Brickwork Wall | C57: =3*0.6 -> 1.8 | D57: m2 | E57: =G57+H57 -> 102.3 | F57: =E57*C57 -> 184.14 | G57: 34.5 | H57: 67.8 | I57: =IF(D57=0," ",(G57)*(Details!$C$4+Details!$C$8)) -> 5.175 | J57: =IF(D57=0," ",(H57)*(Details!$C$6+Details!$C$8)) -> 10.17 | K57: =+G57*C57 -> 62.1 | L57: =+H57*C57 -> 122.04 | M57: =IF(D57=0," ",(I57*C57)) -> 9.315 | N57: =IF(D57=0," ",(J57*C57)) -> 18.306
A59: =IF(F59<>"",(LARGE(A$7:A57,1)+1),"") -> 23 | B59: 150mm Lean Mix Fill Concrete Cavity | C59: =3*0.6 -> 1.8 | D59: m2 | E59: =G59+H59 -> 75.3 | F59: =E59*C59 -> 135.54 | G59: 26.5 | H59: 48.8 | I59: =IF(D59=0," ",(G59)*(Details!$C$4+Details!$C$8)) -> 3.975 | J59: =IF(D59=0," ",(H59)*(Details!$C$6+Details!$C$8)) -> 7.32 | K59: =+G59*C59 -> 47.7 | L59: =+H59*C59 -> 87.84 | M59: =IF(D59=0," ",(I59*C59)) -> 7.155 | N59: =IF(D59=0," ",(J59*C59)) -> 13.176
A61: =IF(F61<>"",(LARGE(A$7:A59,1)+1),"") -> 24 | B61: 215mm Blockwork Wall | C61: =3*0.6 -> 1.8 | D61: m2 | E61: =G61+H61 -> 158.8 | F61: =E61*C61 -> 285.84 | G61: 46.8 | H61: 112 | I61: =IF(D61=0," ",(G61)*(Details!$C$4+Details!$C$8)) -> 7.02 | J61: =IF(D61=0," ",(H61)*(Details!$C$6+Details!$C$8)) -> 16.8 | K61: =+G61*C61 -> 84.24 | L61: =+H61*C61 -> 201.6 | M61: =IF(D61=0," ",(I61*C61)) -> 12.636 | N61: =IF(D61=0," ",(J61*C61)) -> 30.24
A63: =IF(F63<>"",(LARGE(A$7:A62,1)+1),"") | B63: DPC Wall (600mm H)
A64: =IF(F64<>"",(LARGE(A$7:A63,1)+1),"") -> 25 | B64: Damp Proof Course | C64: 6 | D64: m | E64: =G64+H64 -> 12.8 | F64: =E64*C64 -> 76.8 | G64: 5 | H64: 7.8 | I64: =IF(D64=0," ",(G64)*(Details!$C$4+Details!$C$8)) -> 0.75 | J64: =IF(D64=0," ",(H64)*(Details!$C$6+Details!$C$8)) -> 1.17 | K64: =+G64*C64 -> 30 | L64: =+H64*C64 -> 46.8 | M64: =IF(D64=0," ",(I64*C64)) -> 4.5 | N64: =IF(D64=0," ",(J64*C64)) -> 7.02
A66: =IF(F66<>"",(LARGE(A$7:A64,1)+1),"") -> 26 | B66: 102.5mm Brickwork Wall | C66: =6*0.6 -> 3.6 | D66: m2 | E66: =G66+H66 -> 102.3 | F66: =E66*C66 -> 368.28 | G66: 34.5 | H66: 67.8 | I66: =IF(D66=0," ",(G66)*(Details!$C$4+Details!$C$8)) -> 5.175 | J66: =IF(D66=0," ",(H66)*(Details!$C$6+Details!$C$8)) -> 10.17 | K66: =+G66*C66 -> 124.2 | L66: =+H66*C66 -> 244.08 | M66: =IF(D66=0," ",(I66*C66)) -> 18.63 | N66: =IF(D66=0," ",(J66*C66)) -> 36.612
A68: =IF(F68<>"",(LARGE(A$7:A66,1)+1),"") -> 27 | B68: 102.5mm Brickwork Wall | C68: =6*0.6 -> 3.6 | D68: m2 | E68: =G68+H68 -> 102.3 | F68: =E68*C68 -> 368.28 | G68: 34.5 | H68: 67.8 | I68: =IF(D68=0," ",(G68)*(Details!$C$4+Details!$C$8)) -> 5.175 | J68: =IF(D68=0," ",(H68)*(Details!$C$6+Details!$C$8)) -> 10.17 | K68: =+G68*C68 -> 124.2 | L68: =+H68*C68 -> 244.08 | M68: =IF(D68=0," ",(I68*C68)) -> 18.63 | N68: =IF(D68=0," ",(J68*C68)) -> 36.612
A69: =IF(F69<>"",(LARGE(A$7:A68,1)+1),"")
A70: =IF(F70<>"",(LARGE(A$7:A69,1)+1),"") | B70: DPC Wall (300mm H)
A71: =IF(F71<>"",(LARGE(A$7:A70,1)+1),"") -> 28 | B71: Damp Proof Course | C71: 4 | D71: m | E71: =G71+H71 -> 12.8 | F71: =E71*C71 -> 51.2 | G71: 5 | H71: 7.8 | I71: =IF(D71=0," ",(G71)*(Details!$C$4+Details!$C$8)) -> 0.75 | J71: =IF(D71=0," ",(H71)*(Details!$C$6+Details!$C$8)) -> 1.17 | K71: =+G71*C71 -> 20 | L71: =+H71*C71 -> 31.2 | M71: =IF(D71=0," ",(I71*C71)) -> 3 | N71: =IF(D71=0," ",(J71*C71)) -> 4.68
A73: =IF(F73<>"",(LARGE(A$7:A71,1)+1),"") -> 29 | B73: 215mm Blockwork Wall | C73: =4*0.3 -> 1.2 | D73: m2 | E73: =G73+H73 -> 158.8 | F73: =E73*C73 -> 190.56 | G73: 46.8 | H73: 112 | I73: =IF(D73=0," ",(G73)*(Details!$C$4+Details!$C$8)) -> 7.02 | J73: =IF(D73=0," ",(H73)*(Details!$C$6+Details!$C$8)) -> 16.8 | K73: =+G73*C73 -> 56.16 | L73: =+H73*C73 -> 134.4 | M73: =IF(D73=0," ",(I73*C73)) -> 8.424 | N73: =IF(D73=0," ",(J73*C73)) -> 20.16
A74: =IF(F74<>"",(LARGE(A$7:A73,1)+1),"")
A75: =IF(F75<>"",(LARGE(A$7:A74,1)+1),"") | B75: DPC Wall (375mm H)
A76: =IF(F76<>"",(LARGE(A$7:A75,1)+1),"") -> 30 | B76: Damp Proof Course | C76: 8 | D76: m | E76: =G76+H76 -> 15.8 | F76: =E76*C76 -> 126.4 | G76: 8 | H76: 7.8 | I76: =IF(D76=0," ",(G76)*(Details!$C$4+Details!$C$8)) -> 1.2 | J76: =IF(D76=0," ",(H76)*(Details!$C$6+Details!$C$8)) -> 1.17 | K76: =+G76*C76 -> 64 | L76: =+H76*C76 -> 62.4 | M76: =IF(D76=0," ",(I76*C76)) -> 9.6 | N76: =IF(D76=0," ",(J76*C76)) -> 9.36
A78: =IF(F78<>"",(LARGE(A$7:A76,1)+1),"") -> 31 | B78: 102.5mm Brickwork Wall | C78: =8*0.775 -> 6.2 | D78: m2 | E78: =G78+H78 -> 102.3 | F78: =E78*C78 -> 634.26 | G78: 34.5 | H78: 67.8 | I78: =IF(D78=0," ",(G78)*(Details!$C$4+Details!$C$8)) -> 5.175 | J78: =IF(D78=0," ",(H78)*(Details!$C$6+Details!$C$8)) -> 10.17 | K78: =+G78*C78 -> 213.9 | L78: =+H78*C78 -> 420.36 | M78: =IF(D78=0," ",(I78*C78)) -> 32.085 | N78: =IF(D78=0," ",(J78*C78)) -> 63.054
A79: =IF(F79<>"",(LARGE(A$7:A78,1)+1),"")
A80: =IF(F80<>"",(LARGE(A$7:A79,1)+1),"") | B80: GROUD FLOO RBUILD-UP
A81: =IF(F81<>"",(LARGE(A$7:A80,1)+1),"") | B81: FLR-EXT01 - Beam & Block Floor
A83: =IF(F83<>"",(LARGE(A$7:A81,1)+1),"") -> 32 | B83: 155mm Precast Concrete Beam & Block | C83: 46 | D83: m2 | E83: =G83+H83 -> 93.3 | F83: =E83*C83 -> 4291.8 | G83: 34.5 | H83: 58.8 | I83: =IF(D83=0," ",(G83)*(Details!$C$4+Details!$C$8)) -> 5.175 | J83: =IF(D83=0," ",(H83)*(Details!$C$6+Details!$C$8)) -> 8.82 | K83: =+G83*C83 -> 1587 | L83: =+H83*C83 -> 2704.8 | M83: =IF(D83=0," ",(I83*C83)) -> 238.05 | N83: =IF(D83=0," ",(J83*C83)) -> 405.72
A85: =IF(F85<>"",(LARGE(A$7:A83,1)+1),"") -> 33 | B85: 75mm Traditional Screed (Sand & Cement w/ Fibre Mesh) | C85: 46 | D85: m2 | E85: =G85+H85 -> 25.2 | F85: =E85*C85 -> 1159.2 | G85: 9.8 | H85: 15.4 | I85: =IF(D85=0," ",(G85)*(Details!$C$4+Details!$C$8)) -> 1.47 | J85: =IF(D85=0," ",(H85)*(Details!$C$6+Details!$C$8)) -> 2.31 | K85: =+G85*C85 -> 450.8 | L85: =+H85*C85 -> 708.4 | M85: =IF(D85=0," ",(I85*C85)) -> 67.62 | N85: =IF(D85=0," ",(J85*C85)) -> 106.26
A87: =IF(F87<>"",(LARGE(A$7:A85,1)+1),"") -> 34 | B87: Polythene Seperation Layer | C87: 46 | D87: m2 | E87: =G87+H87 -> 12.8 | F87: =E87*C87 -> 588.8 | G87: 5 | H87: 7.8 | I87: =IF(D87=0," ",(G87)*(Details!$C$4+Details!$C$8)) -> 0.75 | J87: =IF(D87=0," ",(H87)*(Details!$C$6+Details!$C$8)) -> 1.17 | K87: =+G87*C87 -> 230 | L87: =+H87*C87 -> 358.8 | M87: =IF(D87=0," ",(I87*C87)) -> 34.5 | N87: =IF(D87=0," ",(J87*C87)) -> 53.82
A89: =IF(F89<>"",(LARGE(A$7:A87,1)+1),"") -> 35 | B89: 140mm Celotex XR4000 Insulation | C89: 46 | D89: m2 | E89: =G89+H89 -> 19.4 | F89: =E89*C89 -> 892.4 | G89: 8 | H89: 11.4 | I89: =IF(D89=0," ",(G89)*(Details!$C$4+Details!$C$8)) -> 1.2 | J89: =IF(D89=0," ",(H89)*(Details!$C$6+Details!$C$8)) -> 1.71 | K89: =+G89*C89 -> 368 | L89: =+H89*C89 -> 524.4 | M89: =IF(D89=0," ",(I89*C89)) -> 55.2 | N89: =IF(D89=0," ",(J89*C89)) -> 78.66
A91: =IF(F91<>"",(LARGE(A$7:A89,1)+1),"") -> 36 | B91: 1200 Gauge DPM Membrane | C91: 46 | D91: m2 | E91: =G91+H91 -> 12.8 | F91: =E91*C91 -> 588.8 | G91: 5 | H91: 7.8 | I91: =IF(D91=0," ",(G91)*(Details!$C$4+Details!$C$8)) -> 0.75 | J91: =IF(D91=0," ",(H91)*(Details!$C$6+Details!$C$8)) -> 1.17 | K91: =+G91*C91 -> 230 | L91: =+H91*C91 -> 358.8 | M91: =IF(D91=0," ",(I91*C91)) -> 34.5 | N91: =IF(D91=0," ",(J91*C91)) -> 53.82
A92: =IF(F92<>"",(LARGE(A$7:A91,1)+1),"")
A93: =IF(F93<>"",(LARGE(A$7:A92,1)+1),"") | B93: FLR-EXT02 - Existing Concrete Floor
A95: =IF(F95<>"",(LARGE(A$7:A93,1)+1),"") -> 37 | B95: 75mm Traditional Screed (Sand & Cement w/ Fibre Mesh) | C95: 15 | D95: m2 | E95: =G95+H95 -> 25.2 | F95: =E95*C95 -> 378 | G95: 9.8 | H95: 15.4 | I95: =IF(D95=0," ",(G95)*(Details!$C$4+Details!$C$8)) -> 1.47 | J95: =IF(D95=0," ",(H95)*(Details!$C$6+Details!$C$8)) -> 2.31 | K95: =+G95*C95 -> 147 | L95: =+H95*C95 -> 231 | M95: =IF(D95=0," ",(I95*C95)) -> 22.05 | N95: =IF(D95=0," ",(J95*C95)) -> 34.65
A97: =IF(F97<>"",(LARGE(A$7:A95,1)+1),"") -> 38 | B97: Polythene Seperation Layer | C97: 15 | D97: m2 | E97: =G97+H97 -> 12.8 | F97: =E97*C97 -> 192 | G97: 5 | H97: 7.8 | I97: =IF(D97=0," ",(G97)*(Details!$C$4+Details!$C$8)) -> 0.75 | J97: =IF(D97=0," ",(H97)*(Details!$C$6+Details!$C$8)) -> 1.17 | K97: =+G97*C97 -> 75 | L97: =+H97*C97 -> 117 | M97: =IF(D97=0," ",(I97*C97)) -> 11.25 | N97: =IF(D97=0," ",(J97*C97)) -> 17.55
A99: =IF(F99<>"",(LARGE(A$7:A97,1)+1),"") -> 39 | B99: 100mm Celotex XR4000 Insulation | C99: 15 | D99: m2 | E99: =G99+H99 -> 17.7 | F99: =E99*C99 -> 265.5 | G99: 7.5 | H99: 10.2 | I99: =IF(D99=0," ",(G99)*(Details!$C$4+Details!$C$8)) -> 1.125 | J99: =IF(D99=0," ",(H99)*(Details!$C$6+Details!$C$8)) -> 1.53 | K99: =+G99*C99 -> 112.5 | L99: =+H99*C99 -> 153 | M99: =IF(D99=0," ",(I99*C99)) -> 16.875 | N99: =IF(D99=0," ",(J99*C99)) -> 22.95
A101: =IF(F101<>"",(LARGE(A$7:A99,1)+1),"") -> 40 | B101: 1200 Gauge DPM Membrane | C101: 15 | D101: m2 | E101: =G101+H101 -> 12.8 | F101: =E101*C101 -> 192 | G101: 5 | H101: 7.8 | I101: =IF(D101=0," ",(G101)*(Details!$C$4+Details!$C$8)) -> 0.75 | J101: =IF(D101=0," ",(H101)*(Details!$C$6+Details!$C$8)) -> 1.17 | K101: =+G101*C101 -> 75 | L101: =+H101*C101 -> 117 | M101: =IF(D101=0," ",(I101*C101)) -> 11.25 | N101: =IF(D101=0," ",(J101*C101)) -> 17.55
A102: =IF(F102<>"",(LARGE(A$7:A101,1)+1),"")
A103: =IF(F103<>"",(LARGE(A$7:A102,1)+1),"") | B103: CONCRETE LINTEL
A104: =IF(F104<>"",(LARGE(A$7:A103,1)+1),"") -> 41 | B104: 2no. (215mmD x 100mmW) Precast Concrete Lintel | C104: 2.3 | D104: m | E104: =G104+H104 -> 33.2 | F104: =E104*C104 -> 76.36 | G104: 13.4 | H104: 19.8 | I104: =IF(D104=0," ",(G104)*(Details!$C$4+Details!$C$8)) -> 2.01 | J104: =IF(D104=0," ",(H104)*(Details!$C$6+Details!$C$8)) -> 2.97 | K104: =+G104*C104 -> 30.82 | L104: =+H104*C104 -> 45.54 | M104: =IF(D104=0," ",(I104*C104)) -> 4.623 | N104: =IF(D104=0," ",(J104*C104)) -> 6.831
A106: =IF(F106<>"",(LARGE(A$7:A105,1)+1),"")
A107: =IF(F107<>"",(LARGE(A$7:A105,1)+1),"") | B107: BELOW GROUND DRAINAGE PIPEWORK | N107: =IF(D107=0," ",(J107*C107))
A108: =IF(F108<>"",(LARGE(A$7:A107,1)+1),"") -> 42 | B108: Excavate for below ground drainage runs | C108: =+C112*0.45*1 -> 1.35 | D108: m3 | E108: =G108+H108 -> 55 | F108: =E108*C108 -> 74.25 | G108: 55 | H108: 0 | I108: =IF(D108=0," ",(G108)*(Details!$C$4+Details!$C$8)) -> 8.25 | J108: =IF(D108=0," ",(H108)*(Details!$C$6+Details!$C$8)) -> 0 | K108: =+G108*C108 -> 74.25 | L108: =+H108*C108 -> 0 | M108: =IF(D108=0," ",(I108*C108)) -> 11.1375 | N108: =IF(D108=0," ",(J108*C108)) -> 0
A109: =IF(F109<>"",(LARGE(A$7:A108,1)+1),"") | N109: =IF(D109=0," ",(J109*C109))
A110: =IF(F110<>"",(LARGE(A$7:A109,1)+1),"") -> 43 | B110: Cart away spoil (assume clean and inert) | C110: =C108 -> 1.35 | D110: m3 | E110: =G110+H110 -> 46.5 | F110: =E110*C110 -> 62.775 | G110: 46.5 | H110: 0 | I110: =IF(D110=0," ",(G110)*(Details!$C$4+Details!$C$8)) -> 6.975 | J110: =IF(D110=0," ",(H110)*(Details!$C$6+Details!$C$8)) -> 0 | K110: =+G110*C110 -> 62.775 | L110: =+H110*C110 -> 0 | M110: =IF(D110=0," ",(I110*C110)) -> 9.41625 | N110: =IF(D110=0," ",(J110*C110)) -> 0
A111: =IF(F111<>"",(LARGE(A$7:A110,1)+1),"") | N111: =IF(D111=0," ",(J111*C111))
A112: =IF(F112<>"",(LARGE(A$7:A111,1)+1),"") -> 44 | B112: Supply and lay drainage pipework; 100mm UPVC | C112: 3 | D112: m | E112: =G112+H112 -> 26.8 | F112: =E112*C112 -> 80.4 | G112: 9 | H112: 17.8 | I112: =IF(D112=0," ",(G112)*(Details!$C$4+Details!$C$8)) -> 1.35 | J112: =IF(D112=0," ",(H112)*(Details!$C$6+Details!$C$8)) -> 2.67 | K112: =+G112*C112 -> 27 | L112: =+H112*C112 -> 53.4 | M112: =IF(D112=0," ",(I112*C112)) -> 4.05 | N112: =IF(D112=0," ",(J112*C112)) -> 8.01
A113: =IF(F113<>"",(LARGE(A$7:A112,1)+1),"") | N113: =IF(D113=0," ",(J113*C113))
A114: =IF(F114<>"",(LARGE(A$7:A113,1)+1),"") -> 45 | B114: 150mm Bed and surround; Shingle | C114: =C112 -> 3 | D114: m | E114: =G114+H114 -> 49.8 | F114: =E114*C114 -> 149.4 | G114: 20 | H114: 29.8 | I114: =IF(D114=0," ",(G114)*(Details!$C$4+Details!$C$8)) -> 3 | J114: =IF(D114=0," ",(H114)*(Details!$C$6+Details!$C$8)) -> 4.47 | K114: =+G114*C114 -> 60 | L114: =+H114*C114 -> 89.4 | M114: =IF(D114=0," ",(I114*C114)) -> 9 | N114: =IF(D114=0," ",(J114*C114)) -> 13.41
A115: =IF(F115<>"",(LARGE(A$7:A114,1)+1),"") | N115: =IF(D115=0," ",(J115*C115))
A116: =IF(F116<>"",(LARGE(A$7:A115,1)+1),"") -> 46 | B116: Backfilling with selected fill | C116: =C110 -> 1.35 | D116: m3 | E116: =G116+H116 -> 55 | F116: =E116*C116 -> 74.25 | G116: 55 | H116: 0 | I116: =IF(D116=0," ",(G116)*(Details!$C$4+Details!$C$8)) -> 8.25 | J116: =IF(D116=0," ",(H116)*(Details!$C$6+Details!$C$8)) -> 0 | K116: =+G116*C116 -> 74.25 | L116: =+H116*C116 -> 0 | M116: =IF(D116=0," ",(I116*C116)) -> 11.1375 | N116: =IF(D116=0," ",(J116*C116)) -> 0
A117: =IF(F117<>"",(LARGE(A$7:A116,1)+1),"") | N117: =IF(D117=0," ",(J117*C117))
A118: =IF(F118<>"",(LARGE(A$7:A117,1)+1),"") -> 47 | B118: Extra over for bends and junctions as required (provisional sum) | C118: 1 | D118: item | E118: =G118+H118 -> 350 | F118: =E118*C118 -> 350 | G118: 350 | H118: 0 | I118: =IF(D118=0," ",(G118)*(Details!$C$4+Details!$C$8)) -> 52.5 | J118: =IF(D118=0," ",(H118)*(Details!$C$6+Details!$C$8)) -> 0 | K118: =+G118*C118 -> 350 | L118: =+H118*C118 -> 0 | M118: =IF(D118=0," ",(I118*C118)) -> 52.5 | N118: =IF(D118=0," ",(J118*C118)) -> 0
A119: =IF(F119<>"",(LARGE(A$7:A118,1)+1),"")
A120: =IF(F120<>"",(LARGE(A$7:A119,1)+1),"") | B120: DRAINAGE SUNDRIES | N120: =IF(D120=0," ",(J120*C120))
A121: =IF(F121<>"",(LARGE(A$7:A120,1)+1),"") -> 48 | B121: Connection into existing (provisional sum) | C121: 1 | D121: item | E121: =G121+H121 -> 300 | F121: =E121*C121 -> 300 | G121: 300 | H121: 0 | I121: =IF(D121=0," ",(G121)*(Details!$C$4+Details!$C$8)) -> 45 | J121: =IF(D121=0," ",(H121)*(Details!$C$6+Details!$C$8)) -> 0 | K121: =+G121*C121 -> 300 | L121: =+H121*C121 -> 0 | M121: =IF(D121=0," ",(I121*C121)) -> 45 | N121: =IF(D121=0," ",(J121*C121)) -> 0
A122: =IF(F122<>"",(LARGE(A$7:A121,1)+1),"")
A123: =IF(F123<>"",(LARGE(A$7:A122,1)+1),"") -> 49 | B123: Rainwater pipe connection with below ground drainage | C123: 1 | D123: no. | E123: =G123+H123 -> 550 | F123: =E123*C123 -> 550 | G123: 200 | H123: 350 | I123: =IF(D123=0," ",(G123)*(Details!$C$4+Details!$C$8)) -> 30 | J123: =IF(D123=0," ",(H123)*(Details!$C$6+Details!$C$8)) -> 52.5 | K123: =+G123*C123 -> 200 | L123: =+H123*C123 -> 350 | M123: =IF(D123=0," ",(I123*C123)) -> 30 | N123: =IF(D123=0," ",(J123*C123)) -> 52.5
A124: =IF(F124<>"",(LARGE(A$7:A123,1)+1),"")
A125: =IF(F125<>"",(LARGE(A$7:A124,1)+1),"") | B125: FOUL WATER DRAINAGE WORKS
A126: =IF(F126<>"",(LARGE(A$7:A125,1)+1),"") -> 50 | B126: Foul water drainage works (If Required) | C126: 1 | D126: item | E126: =G126+H126 -> 200 | F126: =E126*C126 -> 200 | G126: 200 | H126: 0 | I126: =IF(D126=0," ",(G126)*(Details!$C$4+Details!$C$8)) -> 30 | J126: =IF(D126=0," ",(H126)*(Details!$C$6+Details!$C$8)) -> 0 | K126: =+G126*C126 -> 200 | L126: =+H126*C126 -> 0 | M126: =IF(D126=0," ",(I126*C126)) -> 30 | N126: =IF(D126=0," ",(J126*C126)) -> 0
A127: =IF(F127<>"",(LARGE(A$7:A126,1)+1),"")
A129: =IF(F129<>"",(LARGE(A$7:A127,1)+1),"") | P129: Check
E130: Sub Total | F130: =SUM(F1:F129) -> 22343.907 | K130: =SUM(K7:K129) -> 11408.234 | L130: =SUM(L7:L129) -> 10935.673 | M130: =SUM(M7:M129) -> 1711.2351 | N130: =SUM(N7:N129) -> 1640.351 | P130: =+F130-K130-L130-N130-M130 -> -3351.586
A131: =IF(F131<>"",(LARGE(A$7:A130,1)+1),"")

Sheet Superstructure
B2: =+'Qual, Excl & Assum'!B2 -> PROJECT: Mr & Mrs Hawkes-Cowands House
B3: =+'Qual, Excl & Assum'!B3 -> DATE: 25TH SEPTEMBER 2025
B5: Superstructure | G5: RATES | K5: TOTALS
B7: Description | C7: Quantity | D7: Unit | E7: Rate | F7: Total | G7: Labour | H7: Materials | I7: L Markup | J7: M Markup | K7: Labour | L7: Materials | M7: L Markup | N7: M Markup
N8: =IF(D8=0," ",(J8*C8))
B9: EXTERIOR WALL | N9: =IF(D9=0," ",(J9*C9))
A10: =IF(F10<>"",(LARGE(A$7:A9,1)+1),"") | B10: WL-EXT01 - External Cavity Wall (2600mm H) | N10: =IF(D10=0," ",(J10*C10))
A12: 1 | B12: 108mm Cream Facing Imperial Brick | C12: 16.9 | D12: m2 | E12: =G12+H12 -> 98.3 | F12: =E12*C12 -> 1661.27 | G12: 30.5 | H12: 67.8 | I12: =IF(D12=0," ",(G12)*(Details!$C$4+Details!$C$8)) -> 4.575 | J12: =IF(D12=0," ",(H12)*(Details!$C$6+Details!$C$8)) -> 10.17 | K12: =+G12*C12 -> 515.45 | L12: =+H12*C12 -> 1145.82 | M12: =IF(D12=0," ",(I12*C12)) -> 77.3175 | N12: =IF(D12=0," ",(J12*C12)) -> 171.873
A14: 2 | B14: 150mm DriTherm Cavity Slab 32 | C14: 16.9 | D14: m2 | E14: =G14+H14 -> 54.5 | F14: =E14*C14 -> 921.05 | G14: 20 | H14: 34.5 | I14: =IF(D14=0," ",(G14)*(Details!$C$4+Details!$C$8)) -> 3 | J14: =IF(D14=0," ",(H14)*(Details!$C$6+Details!$C$8)) -> 5.175 | K14: =+G14*C14 -> 338 | L14: =+H14*C14 -> 583.05 | M14: =IF(D14=0," ",(I14*C14)) -> 50.7 | N14: =IF(D14=0," ",(J14*C14)) -> 87.4575
A16: 3 | B16: 100mm Medium Desity Blockwork | C16: 16.9 | D16: m2 | E16: =G16+H16 -> 100 | F16: =E16*C16 -> 1690 | G16: 34.5 | H16: 65.5 | I16: =IF(D16=0," ",(G16)*(Details!$C$4+Details!$C$8)) -> 5.175 | J16: =IF(D16=0," ",(H16)*(Details!$C$6+Details!$C$8)) -> 9.825 | K16: =+G16*C16 -> 583.05 | L16: =+H16*C16 -> 1106.95 | M16: =IF(D16=0," ",(I16*C16)) -> 87.4575 | N16: =IF(D16=0," ",(J16*C16)) -> 166.0425
A18: =IF(F18<>"",(LARGE(A$7:A17,1)+1),"") | B18: WL-EXT02 - Internal Existing Wall (2350mm H)
A20: =IF(F20<>"",(LARGE(A$7:A18,1)+1),"") -> 4 | B20: 150mm DriTherm Cavity Slab 32 | C20: 10.575 | D20: m2 | E20: =G20+H20 -> 79.8 | F20: =E20*C20 -> 843.885 | G20: 30 | H20: 49.8 | I20: =IF(D20=0," ",(G20)*(Details!$C$4+Details!$C$8)) -> 4.5 | J20: =IF(D20=0," ",(H20)*(Details!$C$6+Details!$C$8)) -> 7.47 | K20: =+G20*C20 -> 317.25 | L20: =+H20*C20 -> 526.635 | M20: =IF(D20=0," ",(I20*C20)) -> 47.5875 | N20: =IF(D20=0," ",(J20*C20)) -> 78.99525
A22: =IF(F22<>"",(LARGE(A$7:A20,1)+1),"") -> 5 | B22: 100mm Medium Desity Blockwork | C22: 10.575 | D22: m2 | E22: =G22+H22 -> 95 | F22: =E22*C22 -> 1004.625 | G22: 30.5 | H22: 64.5 | I22: =IF(D22=0," ",(G22)*(Details!$C$4+Details!$C$8)) -> 4.575 | J22: =IF(D22=0," ",(H22)*(Details!$C$6+Details!$C$8)) -> 9.675 | K22: =+G22*C22 -> 322.5375 | L22: =+H22*C22 -> 682.0875 | M22: =IF(D22=0," ",(I22*C22)) -> 48.380625 | N22: =IF(D22=0," ",(J22*C22)) -> 102.31313
A23: =IF(F23<>"",(LARGE(A$7:A22,1)+1),"")
A24: =IF(F24<>"",(LARGE(A$7:A23,1)+1),"") | B24: WL-EXT03 - External Timber Wall (2450mm H)
A26: =IF(F26<>"",(LARGE(A$7:A24,1)+1),"") -> 6 | B26: 100x50mm Timber Stud Wall @ 600mm Ctrs | C26: 26.95 | D26: m2 | E26: =G26+H26 -> 52.4 | F26: =E26*C26 -> 1412.18 | G26: 20 | H26: 32.4 | I26: =IF(D26=0," ",(G26)*(Details!$C$4+Details!$C$8)) -> 3 | J26: =IF(D26=0," ",(H26)*(Details!$C$6+Details!$C$8)) -> 4.86 | K26: =+G26*C26 -> 539 | L26: =+H26*C26 -> 873.18 | M26: =IF(D26=0," ",(I26*C26)) -> 80.85 | N26: =IF(D26=0," ",(J26*C26)) -> 130.977
A28: =IF(F28<>"",(LARGE(A$7:A26,1)+1),"") -> 7 | B28: Timber Head Plate | C28: 22 | D28: m | E28: =G28+H28 -> 22.4 | F28: =E28*C28 -> 492.8 | G28: 9 | H28: 13.4 | I28: =IF(D28=0," ",(G28)*(Details!$C$4+Details!$C$8)) -> 1.35 | J28: =IF(D28=0," ",(H28)*(Details!$C$6+Details!$C$8)) -> 2.01 | K28: =+G28*C28 -> 198 | L28: =+H28*C28 -> 294.8 | M28: =IF(D28=0," ",(I28*C28)) -> 29.7 | N28: =IF(D28=0," ",(J28*C28)) -> 44.22
A30: =IF(F30<>"",(LARGE(A$7:A28,1)+1),"") -> 8 | B30: Timber Sole Plate | C30: 11 | D30: m | E30: =G30+H30 -> 22.4 | F30: =E30*C30 -> 246.4 | G30: 9 | H30: 13.4 | I30: =IF(D30=0," ",(G30)*(Details!$C$4+Details!$C$8)) -> 1.35 | J30: =IF(D30=0," ",(H30)*(Details!$C$6+Details!$C$8)) -> 2.01 | K30: =+G30*C30 -> 99 | L30: =+H30*C30 -> 147.4 | M30: =IF(D30=0," ",(I30*C30)) -> 14.85 | N30: =IF(D30=0," ",(J30*C30)) -> 22.11
A32: =IF(F32<>"",(LARGE(A$7:A30,1)+1),"") -> 9 | B32: Horizontal Timber Noggings @ 450mm Ctrs | C32: 26.95 | D32: m2 | E32: =G32+H32 -> 32.3 | F32: =E32*C32 -> 870.485 | G32: 12.5 | H32: 19.8 | I32: =IF(D32=0," ",(G32)*(Details!$C$4+Details!$C$8)) -> 1.875 | J32: =IF(D32=0," ",(H32)*(Details!$C$6+Details!$C$8)) -> 2.97 | K32: =+G32*C32 -> 336.875 | L32: =+H32*C32 -> 533.61 | M32: =IF(D32=0," ",(I32*C32)) -> 50.53125 | N32: =IF(D32=0," ",(J32*C32)) -> 80.0415
A34: =IF(F34<>"",(LARGE(A$7:A32,1)+1),"") -> 10 | B34: 90mm Frame Therm Roll 32 | C34: 26.95 | D34: m2 | E34: =G34+H34 -> 20.4 | F34: =E34*C34 -> 549.78 | G34: 9 | H34: 11.4 | I34: =IF(D34=0," ",(G34)*(Details!$C$4+Details!$C$8)) -> 1.35 | J34: =IF(D34=0," ",(H34)*(Details!$C$6+Details!$C$8)) -> 1.71 | K34: =+G34*C34 -> 242.55 | L34: =+H34*C34 -> 307.23 | M34: =IF(D34=0," ",(I34*C34)) -> 36.3825 | N34: =IF(D34=0," ",(J34*C34)) -> 46.0845
A36: =IF(F36<>"",(LARGE(A$7:A34,1)+1),"") -> 11 | B36: 9mm OSB Sheathing Board | C36: 26.95 | D36: m2 | E36: =G36+H36 -> 28.2 | F36: =E36*C36 -> 759.99 | G36: 10.8 | H36: 17.4 | I36: =IF(D36=0," ",(G36)*(Details!$C$4+Details!$C$8)) -> 1.62 | J36: =IF(D36=0," ",(H36)*(Details!$C$6+Details!$C$8)) -> 2.61 | K36: =+G36*C36 -> 291.06 | L36: =+H36*C36 -> 468.93 | M36: =IF(D36=0," ",(I36*C36)) -> 43.659 | N36: =IF(D36=0," ",(J36*C36)) -> 70.3395
A38: =IF(F38<>"",(LARGE(A$7:A36,1)+1),"") -> 12 | B38: 1mm Vapour Barrier | C38: 26.95 | D38: m2 | E38: =G38+H38 -> 7.2 | F38: =E38*C38 -> 194.04 | G38: 3 | H38: 4.2 | I38: =IF(D38=0," ",(G38)*(Details!$C$4+Details!$C$8)) -> 0.45 | J38: =IF(D38=0," ",(H38)*(Details!$C$6+Details!$C$8)) -> 0.63 | K38: =+G38*C38 -> 80.85 | L38: =+H38*C38 -> 113.19 | M38: =IF(D38=0," ",(I38*C38)) -> 12.1275 | N38: =IF(D38=0," ",(J38*C38)) -> 16.9785
A39: =IF(F39<>"",(LARGE(A$7:A38,1)+1),"")
A40: =IF(F40<>"",(LARGE(A$7:A39,1)+1),"") | B40: TIMBER BEAM
A41: =IF(F41<>"",(LARGE(A$7:A40,1)+1),"") -> 13 | B41: 3no. 150x50 C24 Timber Beam | C41: 6.09 | D41: m | E41: =G41+H41 -> 23.7 | F41: =E41*C41 -> 144.333 | G41: 9.5 | H41: 14.2 | I41: =IF(D41=0," ",(G41)*(Details!$C$4+Details!$C$8)) -> 1.425 | J41: =IF(D41=0," ",(H41)*(Details!$C$6+Details!$C$8)) -> 2.13 | K41: =+G41*C41 -> 57.855 | L41: =+H41*C41 -> 86.478 | M41: =IF(D41=0," ",(I41*C41)) -> 8.67825 | N41: =IF(D41=0," ",(J41*C41)) -> 12.9717
A42: =IF(F42<>"",(LARGE(A$7:A41,1)+1),"")
A43: =IF(F43<>"",(LARGE(A$7:A42,1)+1),"") | B43: TIMBER POST
A44: =IF(F44<>"",(LARGE(A$7:A43,1)+1),"") -> 14 | B44: (150mm x 150mm x 2450mm) External Timber Column | C44: 3 | D44: no | E44: =G44+H44 -> 110 | F44: =E44*C44 -> 330 | G44: 35 | H44: 75 | I44: =IF(D44=0," ",(G44)*(Details!$C$4+Details!$C$8)) -> 5.25 | J44: =IF(D44=0," ",(H44)*(Details!$C$6+Details!$C$8)) -> 11.25 | K44: =+G44*C44 -> 105 | L44: =+H44*C44 -> 225 | M44: =IF(D44=0," ",(I44*C44)) -> 15.75 | N44: =IF(D44=0," ",(J44*C44)) -> 33.75
A45: =IF(F45<>"",(LARGE(A$7:A44,1)+1),"")
A46: =IF(F46<>"",(LARGE(A$7:A45,1)+1),"") | B46: ROOF FRAMING
A47: =IF(F47<>"",(LARGE(A$7:A46,1)+1),"") -> 15 | B47: 147x47mm C24 Timber Flat Roof Joist @ 400mm Ctrs | C47: 24 | D47: m2 | E47: =G47+H47 -> 52.4 | F47: =E47*C47 -> 1257.6 | G47: 20 | H47: 32.4 | I47: =IF(D47=0," ",(G47)*(Details!$C$4+Details!$C$8)) -> 3 | J47: =IF(D47=0," ",(H47)*(Details!$C$6+Details!$C$8)) -> 4.86 | K47: =+G47*C47 -> 480 | L47: =+H47*C47 -> 777.6 | M47: =IF(D47=0," ",(I47*C47)) -> 72 | N47: =IF(D47=0," ",(J47*C47)) -> 116.64
A49: =IF(F49<>"",(LARGE(A$7:A47,1)+1),"") -> 16 | B49: 147x47mm C24 Timber Pitched Roof Rafter @ 400mm Ctrs | C49: 13 | D49: m2 | E49: =G49+H49 -> 52.4 | F49: =E49*C49 -> 681.2 | G49: 20 | H49: 32.4 | I49: =IF(D49=0," ",(G49)*(Details!$C$4+Details!$C$8)) -> 3 | J49: =IF(D49=0," ",(H49)*(Details!$C$6+Details!$C$8)) -> 4.86 | K49: =+G49*C49 -> 260 | L49: =+H49*C49 -> 421.2 | M49: =IF(D49=0," ",(I49*C49)) -> 39 | N49: =IF(D49=0," ",(J49*C49)) -> 63.18
A50: =IF(F50<>"",(LARGE(A$7:A49,1)+1),"")
A51: =IF(F51<>"",(LARGE(A$7:A50,1)+1),"") | B51: CEILING FRAMING
A52: =IF(F52<>"",(LARGE(A$7:A51,1)+1),"") -> 17 | B52: 147x47mm C24 Timber Ceiling Joist @ 400mm Ctrs | C52: 13 | D52: m2 | E52: =G52+H52 -> 52.4 | F52: =E52*C52 -> 681.2 | G52: 20 | H52: 32.4 | I52: =IF(D52=0," ",(G52)*(Details!$C$4+Details!$C$8)) -> 3 | J52: =IF(D52=0," ",(H52)*(Details!$C$6+Details!$C$8)) -> 4.86 | K52: =+G52*C52 -> 260 | L52: =+H52*C52 -> 421.2 | M52: =IF(D52=0," ",(I52*C52)) -> 39 | N52: =IF(D52=0," ",(J52*C52)) -> 63.18
A53: =IF(F53<>"",(LARGE(A$7:A52,1)+1),"")
A54: =IF(F54<>"",(LARGE(A$7:A53,1)+1),"") | B54: LINTEL
A55: =IF(F55<>"",(LARGE(A$7:A54,1)+1),"") -> 18 | B55: (215mmW x 215mmD) Ancon Nexus XI Lintel | C55: 8.14 | D55: m | E55: =G55+H55 -> 29.2 | F55: =E55*C55 -> 237.688 | G55: 11.4 | H55: 17.8 | I55: =IF(D55=0," ",(G55)*(Details!$C$4+Details!$C$8)) -> 1.71 | J55: =IF(D55=0," ",(H55)*(Details!$C$6+Details!$C$8)) -> 2.67 | K55: =+G55*C55 -> 92.796 | L55: =+H55*C55 -> 144.892 | M55: =IF(D55=0," ",(I55*C55)) -> 13.9194 | N55: =IF(D55=0," ",(J55*C55)) -> 21.7338
A57: =IF(F57<>"",(LARGE(A$7:A55,1)+1),"") -> 19 | B57: BSD100 Catnic Lintel | C57: 3.3 | D57: m | E57: =G57+H57 -> 24.9 | F57: =E57*C57 -> 82.17 | G57: 9.5 | H57: 15.4 | I57: =IF(D57=0," ",(G57)*(Details!$C$4+Details!$C$8)) -> 1.425 | J57: =IF(D57=0," ",(H57)*(Details!$C$6+Details!$C$8)) -> 2.31 | K57: =+G57*C57 -> 31.35 | L57: =+H57*C57 -> 50.82 | M57: =IF(D57=0," ",(I57*C57)) -> 4.7025 | N57: =IF(D57=0," ",(J57*C57)) -> 7.623
A58: =IF(F58<>"",(LARGE(A$7:A57,1)+1),"")
A59: =IF(F59<>"",(LARGE(A$7:A58,1)+1),"") | B59: CONCRETE PADSTONE
A60: =IF(F60<>"",(LARGE(A$7:A59,1)+1),"") -> 20 | B60: (300mmL x 100mmW x 215mmD) Concrete Precast Padstone | C60: 6 | D60: no | E60: =G60+H60 -> 400 | F60: =E60*C60 -> 2400 | G60: 80 | H60: 320 | I60: =IF(D60=0," ",(G60)*(Details!$C$4+Details!$C$8)) -> 12 | J60: =IF(D60=0," ",(H60)*(Details!$C$6+Details!$C$8)) -> 48 | K60: =+G60*C60 -> 480 | L60: =+H60*C60 -> 1920 | M60: =IF(D60=0," ",(I60*C60)) -> 72 | N60: =IF(D60=0," ",(J60*C60)) -> 288
A61: =IF(F61<>"",(LARGE(A$7:A60,1)+1),"")
A62: =IF(F62<>"",(LARGE(A$7:A61,1)+1),"") | B62: BRICK PIER
A63: =IF(F63<>"",(LARGE(A$7:A62,1)+1),"") -> 21 | B63: (215mmW x 215mmL x 2450mmH) Solid Brick Pier | C63: 1 | D63: no | E63: =G63+H63 -> 370 | F63: =E63*C63 -> 370 | G63: 100 | H63: 270 | I63: =IF(D63=0," ",(G63)*(Details!$C$4+Details!$C$8)) -> 15 | J63: =IF(D63=0," ",(H63)*(Details!$C$6+Details!$C$8)) -> 40.5 | K63: =+G63*C63 -> 100 | L63: =+H63*C63 -> 270 | M63: =IF(D63=0," ",(I63*C63)) -> 15 | N63: =IF(D63=0," ",(J63*C63)) -> 40.5
A64: =IF(F64<>"",(LARGE(A$7:A63,1)+1),"") | P64: Check
E65: Sub Total | F65: =SUM(F1:F64) -> 16830.696 | J65: =IF(D65=0," ",(G65+H65)*(Details!$C$4+Details!$C$6)) | K65: =SUM(K8:K64) -> 5730.6235 | L65: =SUM(L8:L64) -> 11100.073 | M65: =SUM(M8:M64) -> 859.59353 | N65: =SUM(N8:N64) -> 1665.0109 | P65: =+F65-K65-L65-N65-M65 -> -2524.6044
A66: =IF(D66=0," ",(LARGE(A$9:A65,1)+1)) | J66: =IF(D66=0," ",(G66+H66)*(Details!$C$4+Details!$C$6))

Sheet Structural Steelwork
B2: =+'Qual, Excl & Assum'!B2 -> PROJECT: Mr & Mrs Hawkes-Cowands House
B3: =+'Qual, Excl & Assum'!B3 -> DATE: 25TH SEPTEMBER 2025
B5: Structural Steelwork & Timberwork | G5: RATES | K5: TOTALS
B7: Description | C7: Quantity | D7: Unit | E7: Rate | F7: Total | G7: Labour | H7: Materials | I7: L Markup | J7: M Markup | K7: Labour | L7: Materials | M7: L Markup | N7: M Markup
A8: =IF(F8<>"",(LARGE(A$7:A7,1)+1),"") | J8: =IF(D8=0," ",(G8+H8)*(Details!$C$4)) | N8: =IF(D8=0," ",(J8*C8))
A9: =IF(F9<>"",(LARGE(A$7:A8,1)+1),"") | B9: STRUCTURAL STEELWORK | Z9: =IF(F9<>"",(LARGE(A$7:A8,1)+1),"") | AA9: STRUCTURAL STEELWORK
A10: =IF(F10<>"",(LARGE(A$7:A9,1)+1),"") | B10: STEEL BEAM | Z10: =IF(F10<>"",(LARGE(A$7:A9,1)+1),"") | AN10: KG/M
A11: 1 | B11: 152x152x23 UC | C11: 18.77 | D11: m | E11: =G11+H11 -> 33.2 | F11: =E11*C11 -> 623.164 | G11: 13.4 | H11: 19.8 | I11: =IF(D11=0," ",(G11)*(Details!$C$4+Details!$C$8)) -> 2.01 | J11: =IF(D11=0," ",(H11)*(Details!$C$6+Details!$C$8)) -> 2.97 | K11: =+G11*C11 -> 251.518 | L11: =+H11*C11 -> 371.646 | M11: =IF(D11=0," ",(I11*C11)) -> 37.7277 | N11: =IF(D11=0," ",(J11*C11)) -> 55.7469 | Z11: 1 | AC11: m | AD11: =G11+H11+J11+I11 -> 38.18 | AE11: =E11*C11 -> 623.164 | AF11: =O11*1.75*Details!$M$36 -> 0 | AG11: =O11*3+500/1000*O11*C11 -> 0 | AH11: =IF(D11=0," ",(G11)*(Details!$C$4+Details!$C$8)) -> 2.01 | AI11: =IF(D11=0," ",(H11)*(Details!$C$6+Details!$C$8)) -> 2.97 | AJ11: =+G11*C11 -> 251.518 | AK11: =+H11*C11 -> 371.646 | AL11: =IF(D11=0," ",(I11*C11)) -> 37.7277 | AM11: =IF(D11=0," ",(J11*C11)) -> 55.7469 | AN11: 0
A13: 2 | B13: 203x133x30 UB | C13: 6.8 | D13: m | E13: =G13+H13 -> 39.2 | F13: =E13*C13 -> 266.56 | G13: 15.8 | H13: 23.4 | I13: =IF(D13=0," ",(G13)*(Details!$C$4+Details!$C$8)) -> 2.37 | J13: =IF(D13=0," ",(H13)*(Details!$C$6+Details!$C$8)) -> 3.51 | K13: =+G13*C13 -> 107.44 | L13: =+H13*C13 -> 159.12 | M13: =IF(D13=0," ",(I13*C13)) -> 16.116 | N13: =IF(D13=0," ",(J13*C13)) -> 23.868 | Z13: =IF(F13<>"",(LARGE(A$7:A11,1)+1),"") -> 2
A15: 3 | B15: 230x102x23 UB | C15: 4.61 | D15: m | E15: =G15+H15 -> 41.7 | F15: =E15*C15 -> 192.237 | G15: 16.2 | H15: 25.5 | I15: =IF(D15=0," ",(G15)*(Details!$C$4+Details!$C$8)) -> 2.43 | J15: =IF(D15=0," ",(H15)*(Details!$C$6+Details!$C$8)) -> 3.825 | K15: =+G15*C15 -> 74.682 | L15: =+H15*C15 -> 117.555 | M15: =IF(D15=0," ",(I15*C15)) -> 11.2023 | N15: =IF(D15=0," ",(J15*C15)) -> 17.63325
A17: 4 | B17: 2no. 230x102x23 UB | C17: 4.23 | D17: m | E17: =G17+H17 -> 41.7 | F17: =E17*C17 -> 176.391 | G17: 16.2 | H17: 25.5 | I17: =IF(D17=0," ",(G17)*(Details!$C$4+Details!$C$8)) -> 2.43 | J17: =IF(D17=0," ",(H17)*(Details!$C$6+Details!$C$8)) -> 3.825 | K17: =+G17*C17 -> 68.526 | L17: =+H17*C17 -> 107.865 | M17: =IF(D17=0," ",(I17*C17)) -> 10.2789 | N17: =IF(D17=0," ",(J17*C17)) -> 16.17975
B19: STEEL POST
A20: 5 | B20: 90x90x5 SHS | C20: 1 | D20: no | E20: =G20+H20 -> 162 | F20: =E20*C20 -> 162 | G20: 60 | H20: 102 | I20: =IF(D20=0," ",(G20)*(Details!$C$4+Details!$C$8)) -> 9 | J20: =IF(D20=0," ",(H20)*(Details!$C$6+Details!$C$8)) -> 15.3 | K20: =+G20*C20 -> 60 | L20: =+H20*C20 -> 102 | M20: =IF(D20=0," ",(I20*C20)) -> 9 | N20: =IF(D20=0," ",(J20*C20)) -> 15.3
A21: =IF(F21<>"",(LARGE(A$7:A20,1)+1),"")
A22: =IF(F22<>"",(LARGE(A$7:A21,1)+1),"") | P22: Check
E23: Sub Total | F23: =SUM(F10:F21) -> 1420.352 | J23: =IF(D23=0," ",(G23+H23)*(Details!$C$4+Details!$C$6)) | K23: =SUM(K5:K22) -> 562.166 | L23: =SUM(L5:L22) -> 858.186 | M23: =SUM(M5:M22) -> 84.3249 | N23: =SUM(N5:N22) -> 128.7279 | P23: =+F23-K23-L23-N23-M23 -> -213.0528
A24: =IF(D24=0," ",(LARGE(A$8:A23,1)+1)) | J24: =IF(D24=0," ",(G24+H24)*(Details!$C$4+Details!$C$6))

Sheet Roof
B2: =+'Qual, Excl & Assum'!B2 -> PROJECT: Mr & Mrs Hawkes-Cowands House
B3: =+'Qual, Excl & Assum'!B3 -> DATE: 25TH SEPTEMBER 2025
B5: Roof | G5: RATES | K5: TOTALS
B7: Description | C7: Quantity | D7: Unit | E7: Rate | F7: Total | G7: Labour | H7: Materials | I7: L Markup | J7: M Markup | K7: Labour | L7: Materials | M7: L Markup | N7: M Markup
N8: =IF(D8=0," ",(J8*C8))
B9: RL 01 - Flat Roof Build-Up
A10: 1 | B10: 2mm Standing Seam Roof Finish (Bronze) | C10: 32 | D10: m2 | E10: =G10+H10 -> 49.8 | F10: =E10*C10 -> 1593.6 | G10: 20 | H10: 29.8 | I10: =IF(D10=0," ",(G10)*(Details!$C$4+Details!$C$8)) -> 3 | J10: =IF(D10=0," ",(H10)*(Details!$C$6+Details!$C$8)) -> 4.47 | K10: =+G10*C10 -> 640 | L10: =+H10*C10 -> 953.6 | M10: =IF(D10=0," ",(I10*C10)) -> 96 | N10: =IF(D10=0," ",(J10*C10)) -> 143.04
A12: 2 | B12: 18mm Plywood Roof Decking | C12: 32 | D12: m2 | E12: =G12+H12 -> 25.4 | F12: =E12*C12 -> 812.8 | G12: 10 | H12: 15.4 | I12: =IF(D12=0," ",(G12)*(Details!$C$4+Details!$C$8)) -> 1.5 | J12: =IF(D12=0," ",(H12)*(Details!$C$6+Details!$C$8)) -> 2.31 | K12: =+G12*C12 -> 320 | L12: =+H12*C12 -> 492.8 | M12: =IF(D12=0," ",(I12*C12)) -> 48 | N12: =IF(D12=0," ",(J12*C12)) -> 73.92
A14: 3 | B14: 150mm Celotex XR4000 Insulation | C14: 32 | D14: m2 | E14: =G14+H14 -> 21.4 | F14: =E14*C14 -> 684.8 | G14: 8 | H14: 13.4 | I14: =IF(D14=0," ",(G14)*(Details!$C$4+Details!$C$8)) -> 1.2 | J14: =IF(D14=0," ",(H14)*(Details!$C$6+Details!$C$8)) -> 2.01 | K14: =+G14*C14 -> 256 | L14: =+H14*C14 -> 428.8 | M14: =IF(D14=0," ",(I14*C14)) -> 38.4 | N14: =IF(D14=0," ",(J14*C14)) -> 64.32
A16: 4 | B16: Vapour Control Barrier | C16: 32 | D16: m2 | E16: =G16+H16 -> 8.4 | F16: =E16*C16 -> 268.8 | G16: 3 | H16: 5.4 | I16: =IF(D16=0," ",(G16)*(Details!$C$4+Details!$C$8)) -> 0.45 | J16: =IF(D16=0," ",(H16)*(Details!$C$6+Details!$C$8)) -> 0.81 | K16: =+G16*C16 -> 96 | L16: =+H16*C16 -> 172.8 | M16: =IF(D16=0," ",(I16*C16)) -> 14.4 | N16: =IF(D16=0," ",(J16*C16)) -> 25.92
A18: 5 | B18: 12mm WBP Plywood | C18: 32 | D18: m2 | E18: =G18+H18 -> 23.2 | F18: =E18*C18 -> 742.4 | G18: 10 | H18: 13.2 | I18: =IF(D18=0," ",(G18)*(Details!$C$4+Details!$C$8)) -> 1.5 | J18: =IF(D18=0," ",(H18)*(Details!$C$6+Details!$C$8)) -> 1.98 | K18: =+G18*C18 -> 320 | L18: =+H18*C18 -> 422.4 | M18: =IF(D18=0," ",(I18*C18)) -> 48 | N18: =IF(D18=0," ",(J18*C18)) -> 63.36
A20: =IF(F20<>"",(LARGE(A$4:A18,1)+1),"") -> 6 | B20: 40mm Timber Firrings (1:80 Fall) | C20: 32 | D20: m2 | E20: =G20+H20 -> 54.8 | F20: =E20*C20 -> 1753.6 | G20: 20 | H20: 34.8 | I20: =IF(D20=0," ",(G20)*(Details!$C$4+Details!$C$8)) -> 3 | J20: =IF(D20=0," ",(H20)*(Details!$C$6+Details!$C$8)) -> 5.22 | K20: =+G20*C20 -> 640 | L20: =+H20*C20 -> 1113.6 | M20: =IF(D20=0," ",(I20*C20)) -> 96 | N20: =IF(D20=0," ",(J20*C20)) -> 167.04
A21: =IF(F21<>"",(LARGE(A$4:A20,1)+1),"")
B22: RL 01 - Pitched Roof Build-Up
A23: =IF(F23<>"",(LARGE(A$4:A22,1)+1),"")
A24: 7 | B24: 2mm Standing Seam Roof Finish (Bronze) | C24: 13 | D24: m2 | E24: =G24+H24 -> 49.8 | F24: =E24*C24 -> 647.4 | G24: 20 | H24: 29.8 | I24: =IF(D24=0," ",(G24)*(Details!$C$4+Details!$C$8)) -> 3 | J24: =IF(D24=0," ",(H24)*(Details!$C$6+Details!$C$8)) -> 4.47 | K24: =+G24*C24 -> 260 | L24: =+H24*C24 -> 387.4 | M24: =IF(D24=0," ",(I24*C24)) -> 39 | N24: =IF(D24=0," ",(J24*C24)) -> 58.11
A26: =IF(F26<>"",(LARGE(A$4:A24,1)+1),"") -> 8 | B26: 25x38mm Timber SW Battens | C26: 13 | D26: m2 | E26: =G26+H26 -> 47.9 | F26: =E26*C26 -> 622.7 | G26: 15.5 | H26: 32.4 | I26: =IF(D26=0," ",(G26)*(Details!$C$4+Details!$C$8)) -> 2.325 | J26: =IF(D26=0," ",(H26)*(Details!$C$6+Details!$C$8)) -> 4.86 | K26: =+G26*C26 -> 201.5 | L26: =+H26*C26 -> 421.2 | M26: =IF(D26=0," ",(I26*C26)) -> 30.225 | N26: =IF(D26=0," ",(J26*C26)) -> 63.18
A28: 10 | B28: 18mm Plywood Roof Decking | C28: 13 | D28: m2 | E28: =G28+H28 -> 25.4 | F28: =E28*C28 -> 330.2 | G28: 10 | H28: 15.4 | I28: =IF(D28=0," ",(G28)*(Details!$C$4+Details!$C$8)) -> 1.5 | J28: =IF(D28=0," ",(H28)*(Details!$C$6+Details!$C$8)) -> 2.31 | K28: =+G28*C28 -> 130 | L28: =+H28*C28 -> 200.2 | M28: =IF(D28=0," ",(I28*C28)) -> 19.5 | N28: =IF(D28=0," ",(J28*C28)) -> 30.03
A30: =IF(F30<>"",(LARGE(A$4:A28,1)+1),"") -> 11 | B30: 100mm Loft Roll b/w Joist | C30: 13 | D30: m2 | E30: =G30+H30 -> 21.4 | F30: =E30*C30 -> 278.2 | G30: 8 | H30: 13.4 | I30: =IF(D30=0," ",(G30)*(Details!$C$4+Details!$C$8)) -> 1.2 | J30: =IF(D30=0," ",(H30)*(Details!$C$6+Details!$C$8)) -> 2.01 | K30: =+G30*C30 -> 104 | L30: =+H30*C30 -> 174.2 | M30: =IF(D30=0," ",(I30*C30)) -> 15.6 | N30: =IF(D30=0," ",(J30*C30)) -> 26.13
A32: 12 | B32: 200mm Loft Roll Over Joist | C32: 13 | D32: m2 | E32: =G32+H32 -> 33.3 | F32: =E32*C32 -> 432.9 | G32: 13.5 | H32: 19.8 | I32: =IF(D32=0," ",(G32)*(Details!$C$4+Details!$C$8)) -> 2.025 | J32: =IF(D32=0," ",(H32)*(Details!$C$6+Details!$C$8)) -> 2.97 | K32: =+G32*C32 -> 175.5 | L32: =+H32*C32 -> 257.4 | M32: =IF(D32=0," ",(I32*C32)) -> 26.325 | N32: =IF(D32=0," ",(J32*C32)) -> 38.61
A34: =IF(F34<>"",(LARGE(A$4:A32,1)+1),"") -> 13 | B34: Vapour Control Barrier | C34: 13 | D34: m2 | E34: =G34+H34 -> 8.4 | F34: =E34*C34 -> 109.2 | G34: 3 | H34: 5.4 | I34: =IF(D34=0," ",(G34)*(Details!$C$4+Details!$C$8)) -> 0.45 | J34: =IF(D34=0," ",(H34)*(Details!$C$6+Details!$C$8)) -> 0.81 | K34: =+G34*C34 -> 39 | L34: =+H34*C34 -> 70.2 | M34: =IF(D34=0," ",(I34*C34)) -> 5.85 | N34: =IF(D34=0," ",(J34*C34)) -> 10.53
A36: =IF(F36<>"",(LARGE(A$4:A35,1)+1),"") | B36: SOFFITS AND FASCIAS
A37: =IF(F37<>"",(LARGE(A$4:A36,1)+1),"")
A38: =IF(F38<>"",(LARGE(A$4:A37,1)+1),"") -> 14 | B38: Soffit | C38: 7.4 | D38: m | E38: =G38+H38 -> 8.4 | F38: =E38*C38 -> 62.16 | G38: 3 | H38: 5.4 | I38: =IF(D38=0," ",(G38)*(Details!$C$4+Details!$C$8)) -> 0.45 | J38: =IF(D38=0," ",(H38)*(Details!$C$6+Details!$C$8)) -> 0.81 | K38: =+G38*C38 -> 22.2 | L38: =+H38*C38 -> 39.96 | M38: =IF(D38=0," ",(I38*C38)) -> 3.33 | N38: =IF(D38=0," ",(J38*C38)) -> 5.994
A39: =IF(F39<>"",(LARGE(A$4:A38,1)+1),"") | I39: =IF(D39=0," ",(G39)*(Details!$C$4+Details!$C$8)) | J39: =IF(D39=0," ",(H39)*(Details!$C$6+Details!$C$8))
A40: =IF(F40<>"",(LARGE(A$4:A39,1)+1),"") -> 15 | B40: Fascia | C40: 7.4 | D40: m | E40: =G40+H40 -> 7.8 | F40: £109.20 | G40: 3 | H40: 4.8 | I40: =IF(D40=0," ",(G40)*(Details!$C$4+Details!$C$8)) -> 0.45 | J40: =IF(D40=0," ",(H40)*(Details!$C$6+Details!$C$8)) -> 0.72 | K40: =+G40*C40 -> 22.2 | L40: =+H40*C40 -> 35.52 | M40: =IF(D40=0," ",(I40*C40)) -> 3.33 | N40: =IF(D40=0," ",(J40*C40)) -> 5.328
A41: =IF(F41<>"",(LARGE(A$4:A40,1)+1),"") | I41: =IF(D41=0," ",(G41)*(Details!$C$4+Details!$C$8)) | J41: =IF(D41=0," ",(H41)*(Details!$C$6+Details!$C$8))
A42: =IF(F42<>"",(LARGE(A$4:A41,1)+1),"") | B42: RAINWATER GOODS - UPVC | I42: =IF(D42=0," ",(G42)*(Details!$C$4+Details!$C$8)) | J42: =IF(D42=0," ",(H42)*(Details!$C$6+Details!$C$8))
A43: =IF(F43<>"",(LARGE(A$4:A42,1)+1),"") | I43: =IF(D43=0," ",(G43)*(Details!$C$4+Details!$C$8)) | J43: =IF(D43=0," ",(H43)*(Details!$C$6+Details!$C$8))
A44: =IF(F44<>"",(LARGE(A$4:A43,1)+1),"") -> 16 | B44: (100mm Dia) Half-Round Gutter w/ Clips | C44: 3 | D44: M | E44: =G44+H44 -> 45.3 | F44: £109.20 | G44: 15.5 | H44: 29.8 | I44: =IF(D44=0," ",(G44)*(Details!$C$4+Details!$C$8)) -> 2.325 | J44: =IF(D44=0," ",(H44)*(Details!$C$6+Details!$C$8)) -> 4.47 | K44: =+G44*C44 -> 46.5 | L44: =+H44*C44 -> 89.4 | M44: =IF(D44=0," ",(I44*C44)) -> 6.975 | N44: =IF(D44=0," ",(J44*C44)) -> 13.41
A45: =IF(F45<>"",(LARGE(A$4:A44,1)+1),"") | I45: =IF(D45=0," ",(G45)*(Details!$C$4+Details!$C$8)) | J45: =IF(D45=0," ",(H45)*(Details!$C$6+Details!$C$8)) | N45: =IF(D45=0," ",(J45*C45))
A46: =IF(F46<>"",(LARGE(A$4:A45,1)+1),"") -> 17 | B46: (90mm Dia) Downpipe | C46: 2.44 | D46: M | E46: =G46+H46 -> 40.9 | F46: £109.20 | G46: 14.2 | H46: 26.7 | I46: =IF(D46=0," ",(G46)*(Details!$C$4+Details!$C$8)) -> 2.13 | J46: =IF(D46=0," ",(H46)*(Details!$C$6+Details!$C$8)) -> 4.005 | K46: =+G46*C46 -> 34.648 | L46: =+H46*C46 -> 65.148 | M46: =IF(D46=0," ",(I46*C46)) -> 5.1972 | N46: =IF(D46=0," ",(J46*C46)) -> 9.7722
A47: =IF(F47<>"",(LARGE(A$4:A46,1)+1),"") | I47: =IF(D47=0," ",(G47)*(Details!$C$4+Details!$C$8)) | J47: =IF(D47=0," ",(H47)*(Details!$C$6+Details!$C$8)) | N47: =IF(D47=0," ",(J47*C47))
A48: =IF(F48<>"",(LARGE(A$4:A47,1)+1),"") | B48: LEAD FLASHING | I48: =IF(D48=0," ",(G48)*(Details!$C$4+Details!$C$8)) | J48: =IF(D48=0," ",(H48)*(Details!$C$6+Details!$C$8)) | N48: =IF(D48=0," ",(J48*C48))
A49: =IF(F49<>"",(LARGE(A$4:A48,1)+1),"") | I49: =IF(D49=0," ",(G49)*(Details!$C$4+Details!$C$8)) | J49: =IF(D49=0," ",(H49)*(Details!$C$6+Details!$C$8)) | N49: =IF(D49=0," ",(J49*C49))
A50: 18 | B50: Code 4 Lead Flashing @ Rooflight | C50: 9.89 | D50: m | E50: =G50+H50 -> 7.4 | F50: £109.20 | G50: 3 | H50: 4.4 | I50: =IF(D50=0," ",(G50)*(Details!$C$4+Details!$C$8)) -> 0.45 | J50: =IF(D50=0," ",(H50)*(Details!$C$6+Details!$C$8)) -> 0.66 | K50: =+G50*C50 -> 29.67 | L50: =+H50*C50 -> 43.516 | M50: =IF(D50=0," ",(I50*C50)) -> 4.4505 | N50: =IF(D50=0," ",(J50*C50)) -> 6.5274
A52: 19 | B52: Code 4 Lead Flashing @ Building | C52: 8.26 | D52: m | E52: =G52+H52 -> 7.4 | F52: £109.20 | G52: 3 | H52: 4.4 | I52: =IF(D52=0," ",(G52)*(Details!$C$4+Details!$C$8)) -> 0.45 | J52: =IF(D52=0," ",(H52)*(Details!$C$6+Details!$C$8)) -> 0.66 | K52: =+G52*C52 -> 24.78 | L52: =+H52*C52 -> 36.344 | M52: =IF(D52=0," ",(I52*C52)) -> 3.717 | N52: =IF(D52=0," ",(J52*C52)) -> 5.4516
A53: =IF(F53<>"",(LARGE(A$7:A52,1)+1),"") | I53: =IF(D53=0," ",(G53)*(Details!$C$4+Details!$C$8)) | J53: =IF(D53=0," ",(H53)*(Details!$C$6+Details!$C$8)) | P53: Check
E54: Sub Total | F54: =SUM(F1:F53) -> 8338.76 | J54: =IF(D54=0," ",(G54+H54)*(Details!$C$4+Details!$C$6)) | K54: =SUM(K5:K53) -> 3361.998 | L54: =SUM(L5:L53) -> 5404.488 | M54: =SUM(M5:M53) -> 504.2997 | N54: =SUM(N5:N53) -> 810.6732 | P54: =+F54-K54-L54-N54-M54 -> -1742.6989
A55: =IF(F55<>"",(LARGE(A$7:A54,1)+1),"") | J55: =IF(D55=0," ",(G55+H55)*(Details!$C$4+Details!$C$6))

Sheet Windows, Doors & Rooflights
U1: 1
B2: =+Roof!B2 -> PROJECT: Mr & Mrs Hawkes-Cowands House | R2: UPVC | S2: UPVC
B3: =+Roof!B3 -> DATE: 25TH SEPTEMBER 2025 | R3: Doors | S3: Windows | T3: Rooflights
R4: =IF($R$2="Multiple", "Input", IF($R$2="UPVC",$U$1*750,0) +IF($R$2="Aluminium",$U$1*1250,0) +IF($R$2="Timber",$U$1*1250,0) +IF($R$2="Composite",$U$1*1500,0) +IF($R$2="Crittall",$U$1*2000,0) ) -> 750 | S4: =IF($S$2="Multiple", "Input", IF($S$2="UPVC",$U$1*250,0) +IF($S$2="Aluminium",$U$1*600,0) +IF($S$2="Timber",$U$1*550,0) +IF($S$2="Composite",$U$1*450,0) +IF($S$2="Crittall",$U$1*1250,0) ) -> 250 | T4: 800
R5: =IF($R$2="Multiple", "Input", "") | S5: =IF($S$2="Multiple", "Input", "")
B6: External Windows, Doors and Rooflights | I6: RATES | M6: TOTALS
B8: Description | E8: Quantity | F8: Unit | G8: Rate | H8: Total | I8: Labour | J8: Materials | K8: L Markup | L8: M Markup | M8: Labour | N8: Materials | O8: L Markup | P8: M Markup
C9: Approx. | D9: Approx. | P9: =IF(F9=0," ",(L9*E9))
B13: EXTERNAL DOORS | C13: Width (mm) | D13: Height (mm) | P13: =IF(F13=0," ",(L13*E13))
P14: =IF(F14=0," ",(L14*E14))
A15: 1 | B15: Exterior Door | C15: 1420 | D15: 2225 | E15: 5 | F15: no. | G15: =I15+J15 -> 1225 | H15: =G15*E15 -> 6125 | I15: 280 | J15: 945 | K15: =IF(F15=0," ",(I15)*(Details!$C$4+Details!$C$8)) -> 42 | L15: =IF(F15=0," ",(J15)*(Details!$C$6+Details!$C$8)) -> 141.75 | M15: =+I15*E15 -> 1400 | N15: =+J15*E15 -> 4725 | O15: =IF(F15=0," ",(K15*E15)) -> 210 | P15: =IF(F15=0," ",(L15*E15)) -> 708.75
A17: =IF(F17<>"",(LARGE(A$8:A16,1)+1),"") -> 2 | B17: Interior Door | C17: 685 | D17: 2100 | E17: 4 | F17: no. | G17: =I17+J17 -> 740 | H17: =G17*E17 -> 2960 | I17: 200 | J17: 540 | K17: =IF(F17=0," ",(I17)*(Details!$C$4+Details!$C$8)) -> 30 | L17: =IF(F17=0," ",(J17)*(Details!$C$6+Details!$C$8)) -> 81 | M17: =+I17*E17 -> 800 | N17: =+J17*E17 -> 2160 | O17: =IF(F17=0," ",(K17*E17)) -> 120 | P17: =IF(F17=0," ",(L17*E17)) -> 324
A18: =IF(F18<>"",(LARGE(A$8:A17,1)+1),"")
A19: =IF(F19<>"",(LARGE(A$8:A18,1)+1),"") -> 3 | B19: Interior Door | C19: 760 | D19: 2100 | E19: 3 | F19: no. | G19: =I19+J19 -> 810 | H19: =G19*E19 -> 2430 | I19: 220 | J19: 590 | K19: =IF(F19=0," ",(I19)*(Details!$C$4+Details!$C$8)) -> 33 | L19: =IF(F19=0," ",(J19)*(Details!$C$6+Details!$C$8)) -> 88.5 | M19: =+I19*E19 -> 660 | N19: =+J19*E19 -> 1770 | O19: =IF(F19=0," ",(K19*E19)) -> 99 | P19: =IF(F19=0," ",(L19*E19)) -> 265.5
A20: =IF(F20<>"",(LARGE(A$8:A19,1)+1),"")
A21: 4 | B21: Interior Door | C21: 825 | D21: 2100 | E21: 1 | F21: no. | G21: =I21+J21 -> 850 | H21: =G21*E21 -> 850 | I21: 220 | J21: 630 | K21: =IF(F21=0," ",(I21)*(Details!$C$4+Details!$C$8)) -> 33 | L21: =IF(F21=0," ",(J21)*(Details!$C$6+Details!$C$8)) -> 94.5 | M21: =+I21*E21 -> 220 | N21: =+J21*E21 -> 630 | O21: =IF(F21=0," ",(K21*E21)) -> 33 | P21: =IF(F21=0," ",(L21*E21)) -> 94.5
A23: 5 | B23: Interior Door (Double Door) | C23: 1065 | D23: 2100 | E23: 1 | F23: no. | G23: =I23+J23 -> 1300 | H23: =G23*E23 -> 1300 | I23: 280 | J23: 1020 | K23: =IF(F23=0," ",(I23)*(Details!$C$4+Details!$C$8)) -> 42 | L23: =IF(F23=0," ",(J23)*(Details!$C$6+Details!$C$8)) -> 153 | M23: =+I23*E23 -> 280 | N23: =+J23*E23 -> 1020 | O23: =IF(F23=0," ",(K23*E23)) -> 42 | P23: =IF(F23=0," ",(L23*E23)) -> 153
A25: 6 | B25: Interior Door (Pocket Door) | C25: 760 | D25: 2100 | E25: 1 | F25: no. | G25: =I25+J25 -> 1200 | H25: =G25*E25 -> 1200 | I25: 260 | J25: 940 | K25: =IF(F25=0," ",(I25)*(Details!$C$4+Details!$C$8)) -> 39 | L25: =IF(F25=0," ",(J25)*(Details!$C$6+Details!$C$8)) -> 141 | M25: =+I25*E25 -> 260 | N25: =+J25*E25 -> 940 | O25: =IF(F25=0," ",(K25*E25)) -> 39 | P25: =IF(F25=0," ",(L25*E25)) -> 141
A27: =IF(F27<>"",(LARGE(A$8:A26,1)+1),"")
A28: =IF(F28<>"",(LARGE(A$8:A27,1)+1),"") | B28: ROOFLIGHTS | C28: Width (mm) | D28: Length (mm) | K28: =IF(F28=0," ",(I28)*(Details!$C$4+Details!$C$8)) | L28: =IF(F28=0," ",(J28)*(Details!$C$6+Details!$C$8)) | O28: =IF(F28=0," ",(K28*E28)) | P28: =IF(F28=0," ",(L28*E28))
A29: =IF(F29<>"",(LARGE(A$8:A28,1)+1),"")
A30: =IF(F30<>"",(LARGE(A$8:A29,1)+1),"") -> 7 | B30: Double Glazed Roof Light | C30: 1230 | D30: 3800 | E30: 1 | F30: no. | G30: =I30+J30 -> 2280 | H30: =G30*E30 -> 2280 | I30: 300 | J30: 1980 | K30: =IF(F30=0," ",(I30)*(Details!$C$4+Details!$C$8)) -> 45 | L30: =IF(F30=0," ",(J30)*(Details!$C$6+Details!$C$8)) -> 297 | M30: =+I30*E30 -> 300 | N30: =+J30*E30 -> 1980 | O30: =IF(F30=0," ",(K30*E30)) -> 45 | P30: =IF(F30=0," ",(L30*E30)) -> 297
A31: =IF(F31<>"",(LARGE(A$8:A30,1)+1),"")
A32: =IF(F32<>"",(LARGE(A$8:A31,1)+1),"") | R32: =+H34-M34-N34-P34-O34 -> -2571.75
A33: =IF(F33<>"",(LARGE(A$8:A32,1)+1),"") | K33: =IF(F33=0," ",(I33)*(Details!$C$4+Details!$C$8)) | L33: =IF(F33=0," ",(J33)*(Details!$C$6+Details!$C$8))
A34: =IF(F34=0," ",(LARGE(A$13:A33,1)+1)) | G34: Sub Total | H34: =SUM(H1:H33) -> 17145 | L34: =IF(F34=0," ",(I34+J34)*(Details!$C$4+Details!$C$6)) | M34: =SUM(M4:M33) -> 3920 | N34: =SUM(N4:N33) -> 13225 | O34: =SUM(O4:O33) -> 588 | P34: =SUM(P9:P33) -> 1983.75
L35: =IF(F35=0," ",(I35+J35)*(Details!$C$4+Details!$C$6))

Sheet Partitions
B2: =+'Qual, Excl & Assum'!B2 -> PROJECT: Mr & Mrs Hawkes-Cowands House
B3: =+'Qual, Excl & Assum'!B3 -> DATE: 25TH SEPTEMBER 2025
B5: Internal Walls and Partitions | G5: RATES | K5: TOTALS
B7: Description | C7: Quantity | D7: Unit | E7: Rate | F7: Total | G7: Labour | H7: Materials | I7: L Markup | J7: M Markup | K7: Labour | L7: Materials | M7: L Markup | N7: M Markup
N8: =IF(D8=0," ",(J8*C8))
B9: STUDWORK PARTITIONS
A11: 1 | B11: WL-INT01 - Internal Timber Wall (2450mm H)
A13: 2 | B13: 89x38mm Carcass Timber Stud Wall @ 400mm Ctrs | C13: 12.25 | D13: m2 | E13: =G13+H13 -> 39.9 | F13: =E13*C13 -> 488.775 | G13: 13.4 | H13: 26.5 | I13: =IF(D13=0," ",(G13)*(Details!$C$4+Details!$C$8)) -> 2.01 | J13: =IF(D13=0," ",(H13)*(Details!$C$6+Details!$C$8)) -> 3.975 | K13: =+G13*C13 -> 164.15 | L13: =+H13*C13 -> 324.625 | M13: =IF(D13=0," ",(I13*C13)) -> 24.6225 | N13: =IF(D13=0," ",(J13*C13)) -> 48.69375
A15: 3 | B15: Timber Head Plate | C15: 10 | D15: m | E15: =G15+H15 -> 22.4 | F15: =E15*C15 -> 224 | G15: 9 | H15: 13.4 | I15: =IF(D15=0," ",(G15)*(Details!$C$4+Details!$C$8)) -> 1.35 | J15: =IF(D15=0," ",(H15)*(Details!$C$6+Details!$C$8)) -> 2.01 | K15: =+G15*C15 -> 90 | L15: =+H15*C15 -> 134 | M15: =IF(D15=0," ",(I15*C15)) -> 13.5 | N15: =IF(D15=0," ",(J15*C15)) -> 20.1
A17: =IF(F17<>"",(LARGE(A$7:A15,1)+1),"") -> 4 | B17: Timber Sole Plate | C17: 5 | D17: m | E17: =G17+H17 -> 22.4 | F17: =E17*C17 -> 112 | G17: 9 | H17: 13.4 | I17: =IF(D17=0," ",(G17)*(Details!$C$4+Details!$C$8)) -> 1.35 | J17: =IF(D17=0," ",(H17)*(Details!$C$6+Details!$C$8)) -> 2.01 | K17: =+G17*C17 -> 45 | L17: =+H17*C17 -> 67 | M17: =IF(D17=0," ",(I17*C17)) -> 6.75 | N17: =IF(D17=0," ",(J17*C17)) -> 10.05
A19: =IF(F19<>"",(LARGE(A$7:A17,1)+1),"") -> 5 | B19: 50mm Rockwool Acoustic Insulation b/w Stud | C19: 12.25 | D19: m2 | E19: =G19+H19 -> 19.4 | F19: =E19*C19 -> 237.65 | G19: 8 | H19: 11.4 | I19: =IF(D19=0," ",(G19)*(Details!$C$4+Details!$C$8)) -> 1.2 | J19: =IF(D19=0," ",(H19)*(Details!$C$6+Details!$C$8)) -> 1.71 | K19: =+G19*C19 -> 98 | L19: =+H19*C19 -> 139.65 | M19: =IF(D19=0," ",(I19*C19)) -> 14.7 | N19: =IF(D19=0," ",(J19*C19)) -> 20.9475
A20: =IF(F20<>"",(LARGE(A$7:A19,1)+1),"")
A21: =IF(F21<>"",(LARGE(A$7:A20,1)+1),"") | B21: WL-INT02 - Internal Timber Wall (2450mm H)
A23: =IF(F23<>"",(LARGE(A$7:A21,1)+1),"") -> 6 | B23: 89x38mm Carcass Timber Stud Wall @ 400mm Ctrs | C23: 9.8 | D23: m2 | E23: =G23+H23 -> 39.9 | F23: =E23*C23 -> 391.02 | G23: 13.4 | H23: 26.5 | I23: =IF(D23=0," ",(G23)*(Details!$C$4+Details!$C$8)) -> 2.01 | J23: =IF(D23=0," ",(H23)*(Details!$C$6+Details!$C$8)) -> 3.975 | K23: =+G23*C23 -> 131.32 | L23: =+H23*C23 -> 259.7 | M23: =IF(D23=0," ",(I23*C23)) -> 19.698 | N23: =IF(D23=0," ",(J23*C23)) -> 38.955
A25: =IF(F25<>"",(LARGE(A$7:A23,1)+1),"") -> 7 | B25: Timber Head Plate | C25: 8 | D25: m | E25: =G25+H25 -> 22.4 | F25: =E25*C25 -> 179.2 | G25: 9 | H25: 13.4 | I25: =IF(D25=0," ",(G25)*(Details!$C$4+Details!$C$8)) -> 1.35 | J25: =IF(D25=0," ",(H25)*(Details!$C$6+Details!$C$8)) -> 2.01 | K25: =+G25*C25 -> 72 | L25: =+H25*C25 -> 107.2 | M25: =IF(D25=0," ",(I25*C25)) -> 10.8 | N25: =IF(D25=0," ",(J25*C25)) -> 16.08
A27: =IF(F27<>"",(LARGE(A$7:A25,1)+1),"") -> 8 | B27: Timber Sole Plate | C27: 4 | D27: m | E27: =G27+H27 -> 22.4 | F27: =E27*C27 -> 89.6 | G27: 9 | H27: 13.4 | I27: =IF(D27=0," ",(G27)*(Details!$C$4+Details!$C$8)) -> 1.35 | J27: =IF(D27=0," ",(H27)*(Details!$C$6+Details!$C$8)) -> 2.01 | K27: =+G27*C27 -> 36 | L27: =+H27*C27 -> 53.6 | M27: =IF(D27=0," ",(I27*C27)) -> 5.4 | N27: =IF(D27=0," ",(J27*C27)) -> 8.04
A29: =IF(F29<>"",(LARGE(A$7:A27,1)+1),"") -> 9 | B29: 50mm Rockwool Acoustic Insulation b/w Stud | C29: 9.8 | D29: m2 | E29: =G29+H29 -> 19.4 | F29: =E29*C29 -> 190.12 | G29: 8 | H29: 11.4 | I29: =IF(D29=0," ",(G29)*(Details!$C$4+Details!$C$8)) -> 1.2 | J29: =IF(D29=0," ",(H29)*(Details!$C$6+Details!$C$8)) -> 1.71 | K29: =+G29*C29 -> 78.4 | L29: =+H29*C29 -> 111.72 | M29: =IF(D29=0," ",(I29*C29)) -> 11.76 | N29: =IF(D29=0," ",(J29*C29)) -> 16.758
A31: =IF(F31<>"",(LARGE(A$7:A29,1)+1),"") -> 10 | B31: 9mm OSB Sheathing Board | C31: 9.8 | D31: m2 | E31: =G31+H31 -> 23.2 | F31: =E31*C31 -> 227.36 | G31: 10.8 | H31: 12.4 | I31: =IF(D31=0," ",(G31)*(Details!$C$4+Details!$C$8)) -> 1.62 | J31: =IF(D31=0," ",(H31)*(Details!$C$6+Details!$C$8)) -> 1.86 | K31: =+G31*C31 -> 105.84 | L31: =+H31*C31 -> 121.52 | M31: =IF(D31=0," ",(I31*C31)) -> 15.876 | N31: =IF(D31=0," ",(J31*C31)) -> 18.228
A32: =IF(F32<>"",(LARGE(A$7:A31,1)+1),"")
A33: =IF(F33<>"",(LARGE(A$7:A32,1)+1),"") | B33: WL-INT03 - Internal Timber Wall (2450mm H)
A35: =IF(F35<>"",(LARGE(A$7:A33,1)+1),"") -> 11 | B35: 89x38mm Carcass Timber Stud Wall @ 400mm Ctrs | C35: 31.85 | D35: m2 | E35: =G35+H35 -> 39.9 | F35: =E35*C35 -> 1270.815 | G35: 13.4 | H35: 26.5 | I35: =IF(D35=0," ",(G35)*(Details!$C$4+Details!$C$8)) -> 2.01 | J35: =IF(D35=0," ",(H35)*(Details!$C$6+Details!$C$8)) -> 3.975 | K35: =+G35*C35 -> 426.79 | L35: =+H35*C35 -> 844.025 | M35: =IF(D35=0," ",(I35*C35)) -> 64.0185 | N35: =IF(D35=0," ",(J35*C35)) -> 126.60375
A37: =IF(F37<>"",(LARGE(A$7:A35,1)+1),"") -> 12 | B37: Timber Head Plate | C37: 26 | D37: m | E37: =G37+H37 -> 22.4 | F37: =E37*C37 -> 582.4 | G37: 9 | H37: 13.4 | I37: =IF(D37=0," ",(G37)*(Details!$C$4+Details!$C$8)) -> 1.35 | J37: =IF(D37=0," ",(H37)*(Details!$C$6+Details!$C$8)) -> 2.01 | K37: =+G37*C37 -> 234 | L37: =+H37*C37 -> 348.4 | M37: =IF(D37=0," ",(I37*C37)) -> 35.1 | N37: =IF(D37=0," ",(J37*C37)) -> 52.26
A39: =IF(F39<>"",(LARGE(A$7:A37,1)+1),"") -> 13 | B39: Timber Sole Plate | C39: 13 | D39: m | E39: =G39+H39 -> 22.4 | F39: =E39*C39 -> 291.2 | G39: 9 | H39: 13.4 | I39: =IF(D39=0," ",(G39)*(Details!$C$4+Details!$C$8)) -> 1.35 | J39: =IF(D39=0," ",(H39)*(Details!$C$6+Details!$C$8)) -> 2.01 | K39: =+G39*C39 -> 117 | L39: =+H39*C39 -> 174.2 | M39: =IF(D39=0," ",(I39*C39)) -> 17.55 | N39: =IF(D39=0," ",(J39*C39)) -> 26.13
A41: =IF(F41<>"",(LARGE(A$7:A39,1)+1),"") -> 14 | B41: 50mm Rockwool Acoustic Insulation b/w Stud | C41: 31.85 | D41: m2 | E41: =G41+H41 -> 19.4 | F41: =E41*C41 -> 617.89 | G41: 8 | H41: 11.4 | I41: =IF(D41=0," ",(G41)*(Details!$C$4+Details!$C$8)) -> 1.2 | J41: =IF(D41=0," ",(H41)*(Details!$C$6+Details!$C$8)) -> 1.71 | K41: =+G41*C41 -> 254.8 | L41: =+H41*C41 -> 363.09 | M41: =IF(D41=0," ",(I41*C41)) -> 38.22 | N41: =IF(D41=0," ",(J41*C41)) -> 54.4635
A43: =IF(F43<>"",(LARGE(A$7:A41,1)+1),"") -> 15 | B43: 9mm OSB Sheathing Board On BS | C43: 31.85 | D43: m2 | E43: =G43+H43 -> 23.2 | F43: =E43*C43 -> 738.92 | G43: 10.8 | H43: 12.4 | I43: =IF(D43=0," ",(G43)*(Details!$C$4+Details!$C$8)) -> 1.62 | J43: =IF(D43=0," ",(H43)*(Details!$C$6+Details!$C$8)) -> 1.86 | K43: =+G43*C43 -> 343.98 | L43: =+H43*C43 -> 394.94 | M43: =IF(D43=0," ",(I43*C43)) -> 51.597 | N43: =IF(D43=0," ",(J43*C43)) -> 59.241
A44: =IF(F44<>"",(LARGE(A$7:A43,1)+1),"")
A45: =IF(F45<>"",(LARGE(A$7:A44,1)+1),"") | B45: WL-INT07 - Internal Timber Wall (2450mm H)
A47: =IF(F47<>"",(LARGE(A$7:A45,1)+1),"") -> 16 | B47: 50x38mm Timber Stud Wall @ 400mm Ctrs | C47: 2.94 | D47: m2 | E47: =G47+H47 -> 35.2 | F47: =E47*C47 -> 103.488 | G47: 11.8 | H47: 23.4 | I47: =IF(D47=0," ",(G47)*(Details!$C$4+Details!$C$8)) -> 1.77 | J47: =IF(D47=0," ",(H47)*(Details!$C$6+Details!$C$8)) -> 3.51 | K47: =+G47*C47 -> 34.692 | L47: =+H47*C47 -> 68.796 | M47: =IF(D47=0," ",(I47*C47)) -> 5.2038 | N47: =IF(D47=0," ",(J47*C47)) -> 10.3194
A49: =IF(F49<>"",(LARGE(A$7:A47,1)+1),"") -> 17 | B49: Timber Head Plate | C49: 2.4 | D49: m | E49: =G49+H49 -> 19.8 | F49: =E49*C49 -> 47.52 | G49: 8 | H49: 11.8 | I49: =IF(D49=0," ",(G49)*(Details!$C$4+Details!$C$8)) -> 1.2 | J49: =IF(D49=0," ",(H49)*(Details!$C$6+Details!$C$8)) -> 1.77 | K49: =+G49*C49 -> 19.2 | L49: =+H49*C49 -> 28.32 | M49: =IF(D49=0," ",(I49*C49)) -> 2.88 | N49: =IF(D49=0," ",(J49*C49)) -> 4.248
A51: =IF(F51<>"",(LARGE(A$7:A49,1)+1),"") -> 18 | B51: Timber Sole Plate | C51: 1.2 | D51: m | E51: =G51+H51 -> 19.2 | F51: =E51*C51 -> 23.04 | G51: 8 | H51: 11.2 | I51: =IF(D51=0," ",(G51)*(Details!$C$4+Details!$C$8)) -> 1.2 | J51: =IF(D51=0," ",(H51)*(Details!$C$6+Details!$C$8)) -> 1.68 | K51: =+G51*C51 -> 9.6 | L51: =+H51*C51 -> 13.44 | M51: =IF(D51=0," ",(I51*C51)) -> 1.44 | N51: =IF(D51=0," ",(J51*C51)) -> 2.016
A53: =IF(F53<>"",(LARGE(A$7:A51,1)+1),"") -> 19 | B53: 30mm Rockwool Acoustic Insulation b/w Stud | C53: 2.94 | D53: m2 | E53: =G53+H53 -> 19.2 | F53: =E53*C53 -> 56.448 | G53: 8 | H53: 11.2 | I53: =IF(D53=0," ",(G53)*(Details!$C$4+Details!$C$8)) -> 1.2 | J53: =IF(D53=0," ",(H53)*(Details!$C$6+Details!$C$8)) -> 1.68 | K53: =+G53*C53 -> 23.52 | L53: =+H53*C53 -> 32.928 | M53: =IF(D53=0," ",(I53*C53)) -> 3.528 | N53: =IF(D53=0," ",(J53*C53)) -> 4.9392
A54: =IF(F54<>"",(LARGE(A$7:A53,1)+1),"")
A55: =IF(F55<>"",(LARGE(A$7:A54,1)+1),"") | B55: MASONRY WALL
A57: =IF(F57<>"",(LARGE(A$7:A55,1)+1),"") | B57: WL-EXT04 - External Infill Wall (1500mm H)
A59: =IF(F59<>"",(LARGE(A$7:A57,1)+1),"") -> 20 | B59: 108mm Cream Facing Imperial Brick | C59: 0.9 | D59: m2 | E59: =G59+H59 -> 87.3 | F59: =E59*C59 -> 78.57 | G59: 30.5 | H59: 56.8 | I59: =IF(D59=0," ",(G59)*(Details!$C$4+Details!$C$8)) -> 4.575 | J59: =IF(D59=0," ",(H59)*(Details!$C$6+Details!$C$8)) -> 8.52 | K59: =+G59*C59 -> 27.45 | L59: =+H59*C59 -> 51.12 | M59: =IF(D59=0," ",(I59*C59)) -> 4.1175 | N59: =IF(D59=0," ",(J59*C59)) -> 7.668
A61: =IF(F61<>"",(LARGE(A$7:A59,1)+1),"") -> 21 | B61: 100mm Medium Desity Blockwork | C61: 0.9 | D61: m2 | E61: =G61+H61 -> 74.9 | F61: =E61*C61 -> 67.41 | G61: 26.5 | H61: 48.4 | I61: =IF(D61=0," ",(G61)*(Details!$C$4+Details!$C$8)) -> 3.975 | J61: =IF(D61=0," ",(H61)*(Details!$C$6+Details!$C$8)) -> 7.26 | K61: =+G61*C61 -> 23.85 | L61: =+H61*C61 -> 43.56 | M61: =IF(D61=0," ",(I61*C61)) -> 3.5775 | N61: =IF(D61=0," ",(J61*C61)) -> 6.534
A62: =IF(F62<>"",(LARGE(A$7:A61,1)+1),"")
A63: =IF(F63<>"",(LARGE(A$7:A62,1)+1),"") | B63: WL-INT06 - Internal Masonry Wall (2200mm H)
A65: =IF(F65<>"",(LARGE(A$7:A63,1)+1),"") -> 22 | B65: 150mm Thick Blockwork Wall | C65: 2.2 | D65: m2 | E65: =G65+H65 -> 102.3 | F65: =E65*C65 -> 225.06 | G65: 34.5 | H65: 67.8 | I65: =IF(D65=0," ",(G65)*(Details!$C$4+Details!$C$8)) -> 5.175 | J65: =IF(D65=0," ",(H65)*(Details!$C$6+Details!$C$8)) -> 10.17 | K65: =+G65*C65 -> 75.9 | L65: =+H65*C65 -> 149.16 | M65: =IF(D65=0," ",(I65*C65)) -> 11.385 | N65: =IF(D65=0," ",(J65*C65)) -> 22.374
A66: =IF(F66<>"",(LARGE(A$7:A64,1)+1),"")
A67: =IF(F67<>"",(LARGE(A$7:A65,1)+1),"") | B67: WALLBOARD
A68: =IF(F68<>"",(LARGE(A$7:A66,1)+1),"")
A69: =IF(F69<>"",(LARGE(A$7:A67,1)+1),"") -> 23 | B69: 15mm British Gypsum Board | C69: 129 | D69: m2 | E69: =G69+H69 -> 19.4 | F69: =E69*C69 -> 2502.6 | G69: 8 | H69: 11.4 | I69: =IF(D69=0," ",(G69)*(Details!$C$4+Details!$C$8)) -> 1.2 | J69: =IF(D69=0," ",(H69)*(Details!$C$6+Details!$C$8)) -> 1.71 | K69: =+G69*C69 -> 1032 | L69: =+H69*C69 -> 1470.6 | M69: =IF(D69=0," ",(I69*C69)) -> 154.8 | N69: =IF(D69=0," ",(J69*C69)) -> 220.59
A71: =IF(F71<>"",(LARGE(A$7:A68,1)+1),"") -> 23 | B71: 15mm British Gypsum Board (Fireline) | C71: 27 | D71: m2 | E71: =G71+H71 -> 19.8 | F71: =E71*C71 -> 534.6 | G71: 8 | H71: 11.8 | I71: =IF(D71=0," ",(G71)*(Details!$C$4+Details!$C$8)) -> 1.2 | J71: =IF(D71=0," ",(H71)*(Details!$C$6+Details!$C$8)) -> 1.77 | K71: =+G71*C71 -> 216 | L71: =+H71*C71 -> 318.6 | M71: =IF(D71=0," ",(I71*C71)) -> 32.4 | N71: =IF(D71=0," ",(J71*C71)) -> 47.79
A73: =IF(F73<>"",(LARGE(A$7:A69,1)+1),"") -> 24 | B73: 12.5mm British Gypsum Board (Dot & Dabs) | C73: 46 | D73: m2 | E73: =G73+H73 -> 18.6 | F73: =E73*C73 -> 855.6 | G73: 8 | H73: 10.6 | I73: =IF(D73=0," ",(G73)*(Details!$C$4+Details!$C$8)) -> 1.2 | J73: =IF(D73=0," ",(H73)*(Details!$C$6+Details!$C$8)) -> 1.59 | K73: =+G73*C73 -> 368 | L73: =+H73*C73 -> 487.6 | M73: =IF(D73=0," ",(I73*C73)) -> 55.2 | N73: =IF(D73=0," ",(J73*C73)) -> 73.14
A74: =IF(F74<>"",(LARGE(A$7:A71,1)+1),"")
A75: =IF(F75<>"",(LARGE(A$7:A73,1)+1),"") | B75: CEILINGBOARD | I75: =IF(D75=0," ",(G75)*(Details!$C$4+Details!$C$8)) | J75: =IF(D75=0," ",(H75)*(Details!$C$6+Details!$C$8)) | M75: =IF(D75=0," ",(I75*C75)) | N75: =IF(D75=0," ",(J75*C75))
A76: =IF(F76<>"",(LARGE(A$7:A74,1)+1),"")
A77: =IF(F77<>"",(LARGE(A$7:A75,1)+1),"") -> 25 | B77: 12.5mm plasterboard | C77: 195 | D77: m2 | E77: =G77+H77 -> 18.5 | F77: =E77*C77 -> 3607.5 | G77: 8 | H77: 10.5 | I77: =IF(D77=0," ",(G77)*(Details!$C$4+Details!$C$8)) -> 1.2 | J77: =IF(D77=0," ",(H77)*(Details!$C$6+Details!$C$8)) -> 1.575 | K77: =+G77*C77 -> 1560 | L77: =+H77*C77 -> 2047.5 | M77: =IF(D77=0," ",(I77*C77)) -> 234 | N77: =IF(D77=0," ",(J77*C77)) -> 307.125
A78: =IF(F78<>"",(LARGE(A$7:A76,1)+1),"")
A79: =IF(F79<>"",(LARGE(A$7:A77,1)+1),"") -> 26 | B79: 12.5mm 'MR' plasterboard | C79: 19 | D79: m2 | E79: =G79+H79+J79+I79 -> 21.62 | F79: =E79*C79 -> 410.78 | G79: 8 | H79: 10.8 | I79: =IF(D79=0," ",(G79)*(Details!$C$4+Details!$C$8)) -> 1.2 | J79: =IF(D79=0," ",(H79)*(Details!$C$6+Details!$C$8)) -> 1.62 | K79: =+G79*C79 -> 152 | L79: =+H79*C79 -> 205.2 | M79: =IF(D79=0," ",(I79*C79)) -> 22.8 | N79: =IF(D79=0," ",(J79*C79)) -> 30.78
A80: =IF(F80<>"",(LARGE(A$7:A78,1)+1),"")
A81: =IF(F81<>"",(LARGE(A$7:A79,1)+1),"") | B81: SKIM ON PLASTER BOARD | I81: =IF(D81=0," ",(G81)*(Details!$C$4+Details!$C$8)) | J81: =IF(D81=0," ",(H81)*(Details!$C$6+Details!$C$8)) | M81: =IF(D81=0," ",(I81*C81)) | N81: =IF(D81=0," ",(J81*C81))
A82: =IF(F82<>"",(LARGE(A$7:A80,1)+1),"")
A83: =IF(F83<>"",(LARGE(A$7:A81,1)+1),"") -> 27 | B83: Walls; 3mm skim finish (Including @ Existing Walls) | C83: 156 | D83: m2 | E83: =G83+H83 -> 8.9 | F83: =E83*C83 -> 1388.4 | G83: 3.5 | H83: 5.4 | I83: =IF(D83=0," ",(G83)*(Details!$C$4+Details!$C$8)) -> 0.525 | J83: =IF(D83=0," ",(H83)*(Details!$C$6+Details!$C$8)) -> 0.81 | K83: =+G83*C83 -> 546 | L83: =+H83*C83 -> 842.4 | M83: =IF(D83=0," ",(I83*C83)) -> 81.9 | N83: =IF(D83=0," ",(J83*C83)) -> 126.36
A84: =IF(F84<>"",(LARGE(A$7:A82,1)+1),"")
A85: =IF(F85<>"",(LARGE(A$7:A83,1)+1),"") -> 28 | B85: Walls; 2.5mm skim finish (Including @ Existing Walls) | C85: 46 | D85: m2 | E85: =G85+H85+J85+I85 -> 8.28 | F85: =E85*C85 -> 380.88 | G85: 2.8 | H85: 4.4 | I85: =IF(D85=0," ",(G85)*(Details!$C$4+Details!$C$8)) -> 0.42 | J85: =IF(D85=0," ",(H85)*(Details!$C$6+Details!$C$8)) -> 0.66 | K85: =+G85*C85 -> 128.8 | L85: =+H85*C85 -> 202.4 | M85: =IF(D85=0," ",(I85*C85)) -> 19.32 | N85: =IF(D85=0," ",(J85*C85)) -> 30.36
A86: =IF(F86<>"",(LARGE(A$7:A84,1)+1),"")
A87: =IF(F87<>"",(LARGE(A$7:A85,1)+1),"") -> 29 | B87: Ceilings; 3mm skim finish | C87: 214 | D87: m2 | E87: =G87+H87+J87+I87 -> 10.235 | F87: =E87*C87 -> 2190.29 | G87: 3.5 | H87: 5.4 | I87: =IF(D87=0," ",(G87)*(Details!$C$4+Details!$C$8)) -> 0.525 | J87: =IF(D87=0," ",(H87)*(Details!$C$6+Details!$C$8)) -> 0.81 | K87: =+G87*C87 -> 749 | L87: =+H87*C87 -> 1155.6 | M87: =IF(D87=0," ",(I87*C87)) -> 112.35 | N87: =IF(D87=0," ",(J87*C87)) -> 173.34
A88: =IF(F88<>"",(LARGE(A$7:A86,1)+1),"")
A89: =IF(F89<>"",(LARGE(A$7:A87,1)+1),"") | B89: SKIM ON PLASTER
A90: =IF(F90<>"",(LARGE(A$7:A88,1)+1),"")
A91: =IF(F91<>"",(LARGE(A$7:A89,1)+1),"") -> 30 | B91: Walls; 3mm skim finish (Including @ Existing Walls) | C91: 202 | D91: m2 | E91: =G91+H91+J91+I91 -> 10.235 | F91: =E91*C91 -> 2067.47 | G91: 3.5 | H91: 5.4 | I91: =IF(D91=0," ",(G91)*(Details!$C$4+Details!$C$8)) -> 0.525 | J91: =IF(D91=0," ",(H91)*(Details!$C$6+Details!$C$8)) -> 0.81 | K91: =+G91*C91 -> 707 | L91: =+H91*C91 -> 1090.8 | M91: =IF(D91=0," ",(I91*C91)) -> 106.05 | N91: =IF(D91=0," ",(J91*C91)) -> 163.62
A92: =IF(F92<>"",(LARGE(A$7:A90,1)+1),"")
A93: =IF(F93<>"",(LARGE(A$7:A91,1)+1),"") | B93: BOXING WORKS
A94: =IF(F94<>"",(LARGE(A$7:A92,1)+1),"")
A95: =IF(F95<>"",(LARGE(A$7:A93,1)+1),"") -> 31 | B95: Boxing in works (Provisional Sum) | C95: 1 | D95: Item | E95: =G95+H95 -> 400 | F95: =E95*C95 -> 400 | G95: 200 | H95: 200 | I95: =IF(D95=0," ",(G95)*(Details!$C$4+Details!$C$8)) -> 30 | J95: =IF(D95=0," ",(H95)*(Details!$C$6+Details!$C$8)) -> 30 | K95: =+G95*C95 -> 200 | L95: =+H95*C95 -> 200 | M95: =IF(D95=0," ",(I95*C95)) -> 30 | N95: =IF(D95=0," ",(J95*C95)) -> 30
A96: =IF(F96<>"",(LARGE(A$7:A95,1)+1),"")
A97: =IF(F97<>"",(LARGE(A$7:A96,1)+1),"")
A98: =IF(F98<>"",(LARGE(A$7:A97,1)+1),"")
A99: =IF(F99<>"",(LARGE(A$7:A98,1)+1),"") | J99: =IF(D99=0," ",(G99+H99)*(Details!$C$4+Details!$C$6)) | P99: Check
E100: Sub Total | F100: =SUM(F1:F99) -> 20580.606 | J100: =IF(D100=0," ",(G100+H100)*(Details!$C$4+Details!$C$6)) | K100: =SUM(K4:K99) -> 8070.292 | L100: =SUM(L4:L99) -> 11851.694 | M100: =SUM(M4:M99) -> 1210.5438 | N100: =SUM(N4:N99) -> 1777.7541 | P100: =+F100-K100-L100-N100-M100 -> -2329.6779
A101: =IF(F101<>"",(LARGE(A$7:A100,1)+1),"") | J101: =IF(D101=0," ",(G101+H101)*(Details!$C$4+Details!$C$6))

Sheet Joinery
B2: =+'Qual, Excl & Assum'!B2 -> PROJECT: Mr & Mrs Hawkes-Cowands House
B3: =+'Qual, Excl & Assum'!B3 -> DATE: 25TH SEPTEMBER 2025
B5: Joinery | G5: RATES | K5: TOTALS
B7: Description | C7: Quantity | D7: Unit | E7: Rate | F7: Total | G7: Labour | H7: Materials | I7: L Markup | J7: M Markup | K7: Labour | L7: Materials | M7: L Markup | N7: M Markup
N8: =IF(D8=0," ",(J8*C8))
B9: SINGLE DOOR
A11: 1 | B11: Install single door | C11: 8 | D11: no. | E11: =G11+H11 -> 200 | F11: =E11*C11 -> 1600 | G11: 200 | H11: 0 | I11: =IF(D11=0," ",(G11)*(Details!$C$4+Details!$C$8)) -> 30 | J11: =IF(D11=0," ",(H11)*(Details!$C$6+Details!$C$8)) -> 0 | K11: =+G11*C11 -> 1600 | L11: =+H11*C11 -> 0 | M11: =IF(D11=0," ",(I11*C11)) -> 240 | N11: =IF(D11=0," ",(J11*C11)) -> 0
A13: =IF(F13<>"",(LARGE(A$10:A12,1)+1),"") -> 2 | B13: Supply single door | C13: =C11 -> 8 | D13: no. | E13: =G13+H13 -> 540 | F13: =E13*C13 -> 4320 | G13: 0 | H13: 540 | I13: =IF(D13=0," ",(G13)*(Details!$C$4+Details!$C$8)) -> 0 | J13: =IF(D13=0," ",(H13)*(Details!$C$6+Details!$C$8)) -> 81 | K13: =+G13*C13 -> 0 | L13: =+H13*C13 -> 4320 | M13: =IF(D13=0," ",(I13*C13)) -> 0 | N13: =IF(D13=0," ",(J13*C13)) -> 648
A14: =IF(F14<>"",(LARGE(A$10:A13,1)+1),"")
A15: =IF(F15<>"",(LARGE(A$10:A14,1)+1),"") -> 3 | B15: Install ironmongery | C15: =C11 -> 8 | D15: no. | E15: =G15+H15 -> 80 | F15: =E15*C15 -> 640 | G15: 80 | H15: 0 | I15: =IF(D15=0," ",(G15)*(Details!$C$4+Details!$C$8)) -> 12 | J15: =IF(D15=0," ",(H15)*(Details!$C$6+Details!$C$8)) -> 0 | K15: =+G15*C15 -> 640 | L15: =+H15*C15 -> 0 | M15: =IF(D15=0," ",(I15*C15)) -> 96 | N15: =IF(D15=0," ",(J15*C15)) -> 0
A16: =IF(F16<>"",(LARGE(A$10:A15,1)+1),"")
A17: =IF(F17<>"",(LARGE(A$10:A16,1)+1),"") -> 4 | B17: Supply ironmongery | C17: =C15 -> 8 | D17: no. | E17: =G17+H17 -> 135 | F17: =E17*C17 -> 1080 | G17: 0 | H17: 135 | I17: =IF(D17=0," ",(G17)*(Details!$C$4+Details!$C$8)) -> 0 | J17: =IF(D17=0," ",(H17)*(Details!$C$6+Details!$C$8)) -> 20.25 | K17: =+G17*C17 -> 0 | L17: =+H17*C17 -> 1080 | M17: =IF(D17=0," ",(I17*C17)) -> 0 | N17: =IF(D17=0," ",(J17*C17)) -> 162
A18: =IF(F18<>"",(LARGE(A$10:A17,1)+1),"")
A19: =IF(F19<>"",(LARGE(A$10:A18,1)+1),"") -> 5 | B19: Door frame | C19: =C15 -> 8 | D19: no. | E19: =G19+H19 -> 260 | F19: =E19*C19 -> 2080 | G19: 80 | H19: 180 | I19: =IF(D19=0," ",(G19)*(Details!$C$4+Details!$C$8)) -> 12 | J19: =IF(D19=0," ",(H19)*(Details!$C$6+Details!$C$8)) -> 27 | K19: =+G19*C19 -> 640 | L19: =+H19*C19 -> 1440 | M19: =IF(D19=0," ",(I19*C19)) -> 96 | N19: =IF(D19=0," ",(J19*C19)) -> 216
A20: =IF(F20<>"",(LARGE(A$10:A19,1)+1),"")
A21: =IF(F21<>"",(LARGE(A$10:A20,1)+1),"") | B21: SINGLE DOOR - Sliding | N21: =IF(D21=0," ",(J21*C21))
A22: =IF(F22<>"",(LARGE(A$10:A21,1)+1),"")
A23: =IF(F23<>"",(LARGE(A$10:A22,1)+1),"") -> 6 | B23: Install single door | C23: 1 | D23: no. | E23: =G23+H23 -> 200 | F23: =E23*C23 -> 200 | G23: 200 | H23: 0 | I23: =IF(D23=0," ",(G23)*(Details!$C$4+Details!$C$8)) -> 30 | J23: =IF(D23=0," ",(H23)*(Details!$C$6+Details!$C$8)) -> 0 | K23: =+G23*C23 -> 200 | L23: =+H23*C23 -> 0 | M23: =IF(D23=0," ",(I23*C23)) -> 30 | N23: =IF(D23=0," ",(J23*C23)) -> 0
A24: =IF(F24<>"",(LARGE(A$10:A23,1)+1),"")
A25: =IF(F25<>"",(LARGE(A$10:A24,1)+1),"") -> 7 | B25: Supply single door | C25: =C23 -> 1 | D25: no. | E25: =G25+H25 -> 590 | F25: =E25*C25 -> 590 | G25: 0 | H25: 590 | I25: =IF(D25=0," ",(G25)*(Details!$C$4+Details!$C$8)) -> 0 | J25: =IF(D25=0," ",(H25)*(Details!$C$6+Details!$C$8)) -> 88.5 | K25: =+G25*C25 -> 0 | L25: =+H25*C25 -> 590 | M25: =IF(D25=0," ",(I25*C25)) -> 0 | N25: =IF(D25=0," ",(J25*C25)) -> 88.5
A26: =IF(F26<>"",(LARGE(A$10:A25,1)+1),"")
A27: =IF(F27<>"",(LARGE(A$10:A26,1)+1),"") -> 8 | B27: Install ironmongery | C27: =C23 -> 1 | D27: no. | E27: =G27+H27 -> 80 | F27: =E27*C27 -> 80 | G27: 80 | H27: 0 | I27: =IF(D27=0," ",(G27)*(Details!$C$4+Details!$C$8)) -> 12 | J27: =IF(D27=0," ",(H27)*(Details!$C$6+Details!$C$8)) -> 0 | K27: =+G27*C27 -> 80 | L27: =+H27*C27 -> 0 | M27: =IF(D27=0," ",(I27*C27)) -> 12 | N27: =IF(D27=0," ",(J27*C27)) -> 0
A28: =IF(F28<>"",(LARGE(A$10:A27,1)+1),"")
A29: =IF(F29<>"",(LARGE(A$10:A28,1)+1),"") -> 9 | B29: Supply ironmongery | C29: =C27 -> 1 | D29: no. | E29: =G29+H29 -> 135 | F29: =E29*C29 -> 135 | G29: 0 | H29: 135 | I29: =IF(D29=0," ",(G29)*(Details!$C$4+Details!$C$8)) -> 0 | J29: =IF(D29=0," ",(H29)*(Details!$C$6+Details!$C$8)) -> 20.25 | K29: =+G29*C29 -> 0 | L29: =+H29*C29 -> 135 | M29: =IF(D29=0," ",(I29*C29)) -> 0 | N29: =IF(D29=0," ",(J29*C29)) -> 20.25
A30: =IF(F30<>"",(LARGE(A$10:A29,1)+1),"")
A31: =IF(F31<>"",(LARGE(A$10:A30,1)+1),"") -> 10 | B31: Door frame | C31: =C23 -> 1 | D31: no. | E31: =G31+H31 -> 260 | F31: =E31*C31 -> 260 | G31: 80 | H31: 180 | I31: =IF(D31=0," ",(G31)*(Details!$C$4+Details!$C$8)) -> 12 | J31: =IF(D31=0," ",(H31)*(Details!$C$6+Details!$C$8)) -> 27 | K31: =+G31*C31 -> 80 | L31: =+H31*C31 -> 180 | M31: =IF(D31=0," ",(I31*C31)) -> 12 | N31: =IF(D31=0," ",(J31*C31)) -> 27
A32: =IF(F32<>"",(LARGE(A$10:A31,1)+1),"")
A33: =IF(F33<>"",(LARGE(A$10:A32,1)+1),"") -> 11 | B33: Intumescent strip | C33: =+C31*5 -> 5 | D33: m | E33: =G33+H33 -> 7.2 | F33: =E33*C33 -> 36 | G33: 3 | H33: 4.2 | I33: =IF(D33=0," ",(G33)*(Details!$C$4+Details!$C$8)) -> 0.45 | J33: =IF(D33=0," ",(H33)*(Details!$C$6+Details!$C$8)) -> 0.63 | K33: =+G33*C33 -> 15 | L33: =+H33*C33 -> 21 | M33: =IF(D33=0," ",(I33*C33)) -> 2.25 | N33: =IF(D33=0," ",(J33*C33)) -> 3.15
A34: =IF(F34<>"",(LARGE(A$10:A33,1)+1),"")
A35: =IF(F35<>"",(LARGE(A$10:A34,1)+1),"") | B35: DOUBLE DOOR | N35: =IF(D35=0," ",(J35*C35))
A36: =IF(F36<>"",(LARGE(A$10:A35,1)+1),"")
A37: =IF(F37<>"",(LARGE(A$10:A36,1)+1),"") -> 12 | B37: Install double door | C37: 1 | D37: no. | E37: =G37+H37 -> 280 | F37: =E37*C37 -> 280 | G37: 280 | H37: 0 | I37: =IF(D37=0," ",(G37)*(Details!$C$4+Details!$C$8)) -> 42 | J37: =IF(D37=0," ",(H37)*(Details!$C$6+Details!$C$8)) -> 0 | K37: =+G37*C37 -> 280 | L37: =+H37*C37 -> 0 | M37: =IF(D37=0," ",(I37*C37)) -> 42 | N37: =IF(D37=0," ",(J37*C37)) -> 0
A38: =IF(F38<>"",(LARGE(A$10:A37,1)+1),"")
A39: =IF(F39<>"",(LARGE(A$10:A38,1)+1),"") -> 13 | B39: Supply double door | C39: =C37 -> 1 | D39: no. | E39: =G39+H39 -> 1320 | F39: =E39*C39 -> 1320 | G39: 0 | H39: 1320 | I39: =IF(D39=0," ",(G39)*(Details!$C$4+Details!$C$8)) -> 0 | J39: =IF(D39=0," ",(H39)*(Details!$C$6+Details!$C$8)) -> 198 | K39: =+G39*C39 -> 0 | L39: =+H39*C39 -> 1320 | M39: =IF(D39=0," ",(I39*C39)) -> 0 | N39: =IF(D39=0," ",(J39*C39)) -> 198
A40: =IF(F40<>"",(LARGE(A$10:A39,1)+1),"")
A41: =IF(F41<>"",(LARGE(A$10:A40,1)+1),"") -> 14 | B41: Install ironmongery | C41: =C37 -> 1 | D41: no. | E41: =G41+H41 -> 80 | F41: =E41*C41 -> 80 | G41: 80 | H41: 0 | I41: =IF(D41=0," ",(G41)*(Details!$C$4+Details!$C$8)) -> 12 | J41: =IF(D41=0," ",(H41)*(Details!$C$6+Details!$C$8)) -> 0 | K41: =+G41*C41 -> 80 | L41: =+H41*C41 -> 0 | M41: =IF(D41=0," ",(I41*C41)) -> 12 | N41: =IF(D41=0," ",(J41*C41)) -> 0
A42: =IF(F42<>"",(LARGE(A$10:A41,1)+1),"")
A43: =IF(F43<>"",(LARGE(A$10:A42,1)+1),"") -> 15 | B43: Supply ironmongery | C43: =C41 -> 1 | D43: no. | E43: =G43+H43 -> 135 | F43: =E43*C43 -> 135 | G43: 0 | H43: 135 | I43: =IF(D43=0," ",(G43)*(Details!$C$4+Details!$C$8)) -> 0 | J43: =IF(D43=0," ",(H43)*(Details!$C$6+Details!$C$8)) -> 20.25 | K43: =+G43*C43 -> 0 | L43: =+H43*C43 -> 135 | M43: =IF(D43=0," ",(I43*C43)) -> 0 | N43: =IF(D43=0," ",(J43*C43)) -> 20.25
A44: =IF(F44<>"",(LARGE(A$10:A43,1)+1),"")
A45: =IF(F45<>"",(LARGE(A$10:A44,1)+1),"") -> 16 | B45: Door frame | C45: =C41 -> 1 | D45: no. | E45: =G45+H45 -> 260 | F45: =E45*C45 -> 260 | G45: 80 | H45: 180 | I45: =IF(D45=0," ",(G45)*(Details!$C$4+Details!$C$8)) -> 12 | J45: =IF(D45=0," ",(H45)*(Details!$C$6+Details!$C$8)) -> 27 | K45: =+G45*C45 -> 80 | L45: =+H45*C45 -> 180 | M45: =IF(D45=0," ",(I45*C45)) -> 12 | N45: =IF(D45=0," ",(J45*C45)) -> 27
A46: =IF(F46<>"",(LARGE(A$10:A45,1)+1),"")
A47: =IF(F47<>"",(LARGE(A$10:A46,1)+1),"")
A48: =IF(F48<>"",(LARGE(A$10:A47,1)+1),"") | B48: ARCHITRAVES | I48: =IF(D48=0," ",(G48)*(Details!$C$4+Details!$C$8)) | J48: =IF(D48=0," ",(H48)*(Details!$C$6+Details!$C$8)) | M48: =IF(D48=0," ",(I48*C48)) | N48: =IF(D48=0," ",(J48*C48))
A49: =IF(F49<>"",(LARGE(A$10:A48,1)+1),"") | N49: =IF(D49=0," ",(J49*C49))
A50: =IF(F50<>"",(LARGE(A$10:A49,1)+1),"") -> 17 | B50: Architraves (Install only; client to supply) | C50: 100 | D50: m | E50: =G50+H50 -> 8 | F50: =E50*C50 -> 800 | G50: 8 | H50: 0 | I50: =IF(D50=0," ",(G50)*(Details!$C$4+Details!$C$8)) -> 1.2 | J50: =IF(D50=0," ",(H50)*(Details!$C$6+Details!$C$8)) -> 0 | K50: =+G50*C50 -> 800 | L50: =+H50*C50 -> 0 | M50: =IF(D50=0," ",(I50*C50)) -> 120 | N50: =IF(D50=0," ",(J50*C50)) -> 0
A51: =IF(F51<>"",(LARGE(A$10:A50,1)+1),"")
A52: =IF(F52<>"",(LARGE(A$10:A51,1)+1),"") | B52: SKIRTING | I52: =IF(D52=0," ",(G52)*(Details!$C$4+Details!$C$8)) | J52: =IF(D52=0," ",(H52)*(Details!$C$6+Details!$C$8)) | M52: =IF(D52=0," ",(I52*C52)) | N52: =IF(D52=0," ",(J52*C52))
A53: =IF(F53<>"",(LARGE(A$10:A52,1)+1),"")
A54: =IF(F54<>"",(LARGE(A$10:A53,1)+1),"") -> 18 | B54: Skirtings (install only; client to supply) | C54: 67 | D54: m | E54: =G54+H54 -> 8.8 | F54: =E54*C54 -> 589.6 | G54: 8.8 | H54: 0 | I54: =IF(D54=0," ",(G54)*(Details!$C$4+Details!$C$8)) -> 1.32 | J54: =IF(D54=0," ",(H54)*(Details!$C$6+Details!$C$8)) -> 0 | K54: =+G54*C54 -> 589.6 | L54: =+H54*C54 -> 0 | M54: =IF(D54=0," ",(I54*C54)) -> 88.44 | N54: =IF(D54=0," ",(J54*C54)) -> 0
A55: =IF(F55<>"",(LARGE(A$10:A54,1)+1),"")
A56: =IF(F56<>"",(LARGE(A$10:A55,1)+1),"")
A57: =IF(F57<>"",(LARGE(A$10:A56,1)+1),"") | B57: SPECIALIST JOINERY
A58: =IF(F58<>"",(LARGE(A$10:A57,1)+1),"")
A59: =IF(F59<>"",(LARGE(A$10:A58,1)+1),"") -> 19 | B59: (600mmD x 840mmH x 150mmW) Pull-Out Chopping Boards | C59: 1 | D59: no | E59: =G59+H59 -> 1390 | F59: =E59*C59 -> 1390 | G59: 265 | H59: 1125 | I59: =IF(D59=0," ",(G59)*(Details!$C$4+Details!$C$8)) -> 39.75 | J59: =IF(D59=0," ",(H59)*(Details!$C$6+Details!$C$8)) -> 168.75 | K59: =+G59*C59 -> 265 | L59: =+H59*C59 -> 1125 | M59: =IF(D59=0," ",(I59*C59)) -> 39.75 | N59: =IF(D59=0," ",(J59*C59)) -> 168.75
A61: =IF(F61<>"",(LARGE(A$10:A59,1)+1),"") -> 20 | B61: (600mmD x 2390mmH) Kitchen Full Height Cabinet w/ Shelving System | C61: 1.05 | D61: m | E61: =G61+H61 -> 1285 | F61: =E61*C61 -> 1349.25 | G61: 338 | H61: 947 | I61: =IF(D61=0," ",(G61)*(Details!$C$4+Details!$C$8)) -> 50.7 | J61: =IF(D61=0," ",(H61)*(Details!$C$6+Details!$C$8)) -> 142.05 | K61: =+G61*C61 -> 354.9 | L61: =+H61*C61 -> 994.35 | M61: =IF(D61=0," ",(I61*C61)) -> 53.235 | N61: =IF(D61=0," ",(J61*C61)) -> 149.1525
A63: =IF(F63<>"",(LARGE(A$10:A61,1)+1),"") -> 21 | B63: (300mmD x 1575mmH) Kitchen Upper Cabinet w/ 3no. Shelve | C63: 0.57 | D63: m | E63: =G63+H63 -> 1107 | F63: =E63*C63 -> 630.99 | G63: 272 | H63: 835 | I63: =IF(D63=0," ",(G63)*(Details!$C$4+Details!$C$8)) -> 40.8 | J63: =IF(D63=0," ",(H63)*(Details!$C$6+Details!$C$8)) -> 125.25 | K63: =+G63*C63 -> 155.04 | L63: =+H63*C63 -> 475.95 | M63: =IF(D63=0," ",(I63*C63)) -> 23.256 | N63: =IF(D63=0," ",(J63*C63)) -> 71.3925
A65: =IF(F65<>"",(LARGE(A$10:A63,1)+1),"") -> 22 | B65: (300mmD x 1575mmH) Kitchen Upper Cabinet For Fridge & Freezer | C65: 1.23 | D65: m | E65: =G65+H65 -> 1107 | F65: =E65*C65 -> 1361.61 | G65: 272 | H65: 835 | I65: =IF(D65=0," ",(G65)*(Details!$C$4+Details!$C$8)) -> 40.8 | J65: =IF(D65=0," ",(H65)*(Details!$C$6+Details!$C$8)) -> 125.25 | K65: =+G65*C65 -> 334.56 | L65: =+H65*C65 -> 1027.05 | M65: =IF(D65=0," ",(I65*C65)) -> 50.184 | N65: =IF(D65=0," ",(J65*C65)) -> 154.0575
A67: =IF(F67<>"",(LARGE(A$10:A65,1)+1),"") -> 23 | B67: (300mmD x 785mmH) Kitchen Upper Cabinet w/ 1no. Shelve | C67: 1.19 | D67: m | E67: =G67+H67 -> 736 | F67: =E67*C67 -> 875.84 | G67: 188 | H67: 548 | I67: =IF(D67=0," ",(G67)*(Details!$C$4+Details!$C$8)) -> 28.2 | J67: =IF(D67=0," ",(H67)*(Details!$C$6+Details!$C$8)) -> 82.2 | K67: =+G67*C67 -> 223.72 | L67: =+H67*C67 -> 652.12 | M67: =IF(D67=0," ",(I67*C67)) -> 33.558 | N67: =IF(D67=0," ",(J67*C67)) -> 97.818
A69: =IF(F69<>"",(LARGE(A$10:A67,1)+1),"") -> 24 | B69: (600mmD x 490mmH) Kitchen Lower Cabinet | C69: 0.9 | D69: m | E69: =G69+H69 -> 662 | F69: =E69*C69 -> 595.8 | G69: 178 | H69: 484 | I69: =IF(D69=0," ",(G69)*(Details!$C$4+Details!$C$8)) -> 26.7 | J69: =IF(D69=0," ",(H69)*(Details!$C$6+Details!$C$8)) -> 72.6 | K69: =+G69*C69 -> 160.2 | L69: =+H69*C69 -> 435.6 | M69: =IF(D69=0," ",(I69*C69)) -> 24.03 | N69: =IF(D69=0," ",(J69*C69)) -> 65.34
A71: =IF(F71<>"",(LARGE(A$10:A69,1)+1),"") -> 25 | B71: (600mmD x 785mmH) Utility Lower Cabinet w/ 1no. Shelve | C71: 2.21 | D71: m | E71: =G71+H71 -> 879 | F71: =E71*C71 -> 1942.59 | G71: 224 | H71: 655 | I71: =IF(D71=0," ",(G71)*(Details!$C$4+Details!$C$8)) -> 33.6 | J71: =IF(D71=0," ",(H71)*(Details!$C$6+Details!$C$8)) -> 98.25 | K71: =+G71*C71 -> 495.04 | L71: =+H71*C71 -> 1447.55 | M71: =IF(D71=0," ",(I71*C71)) -> 74.256 | N71: =IF(D71=0," ",(J71*C71)) -> 217.1325
A73: =IF(F73<>"",(LARGE(A$10:A71,1)+1),"") -> 26 | B73: (600mmD x 785mmH) Kitchen Lower Cabinet w/ 1no. Shelve | C73: 4.38 | D73: m | E73: =G73+H73 -> 909 | F73: =E73*C73 -> 3981.42 | G73: 224 | H73: 685 | I73: =IF(D73=0," ",(G73)*(Details!$C$4+Details!$C$8)) -> 33.6 | J73: =IF(D73=0," ",(H73)*(Details!$C$6+Details!$C$8)) -> 102.75 | K73: =+G73*C73 -> 981.12 | L73: =+H73*C73 -> 3000.3 | M73: =IF(D73=0," ",(I73*C73)) -> 147.168 | N73: =IF(D73=0," ",(J73*C73)) -> 450.045
A75: =IF(F75<>"",(LARGE(A$10:A73,1)+1),"") -> 27 | B75: (600mmD x 785mmH) Kitchen Island Lower Cabinet w/ 1no. Shelve | C75: 1.79 | D75: m | E75: =G75+H75 -> 909 | F75: =E75*C75 -> 1627.11 | G75: 224 | H75: 685 | I75: =IF(D75=0," ",(G75)*(Details!$C$4+Details!$C$8)) -> 33.6 | J75: =IF(D75=0," ",(H75)*(Details!$C$6+Details!$C$8)) -> 102.75 | K75: =+G75*C75 -> 400.96 | L75: =+H75*C75 -> 1226.15 | M75: =IF(D75=0," ",(I75*C75)) -> 60.144 | N75: =IF(D75=0," ",(J75*C75)) -> 183.9225
A77: =IF(F77<>"",(LARGE(A$10:A75,1)+1),"") -> 28 | B77: (300mm Deep) Open Shelves @ Utility | C77: 6.57 | D77: m | E77: =G77+H77 -> 180.4 | F77: =E77*C77 -> 1185.228 | G77: 72.4 | H77: 108 | I77: =IF(D77=0," ",(G77)*(Details!$C$4+Details!$C$8)) -> 10.86 | J77: =IF(D77=0," ",(H77)*(Details!$C$6+Details!$C$8)) -> 16.2 | K77: =+G77*C77 -> 475.668 | L77: =+H77*C77 -> 709.56 | M77: =IF(D77=0," ",(I77*C77)) -> 71.3502 | N77: =IF(D77=0," ",(J77*C77)) -> 106.434
A79: =IF(F79<>"",(LARGE(A$10:A77,1)+1),"") -> 29 | B79: (600mm Deep) Tilted Shoe Shelves | C79: 2.55 | D79: m | E79: =G79+H79 -> 218.5 | F79: =E79*C79 -> 557.175 | G79: 86.5 | H79: 132 | I79: =IF(D79=0," ",(G79)*(Details!$C$4+Details!$C$8)) -> 12.975 | J79: =IF(D79=0," ",(H79)*(Details!$C$6+Details!$C$8)) -> 19.8 | K79: =+G79*C79 -> 220.575 | L79: =+H79*C79 -> 336.6 | M79: =IF(D79=0," ",(I79*C79)) -> 33.08625 | N79: =IF(D79=0," ",(J79*C79)) -> 50.49
A81: =IF(F81<>"",(LARGE(A$10:A79,1)+1),"") -> 30 | B81: (600mm Deep) Open Shelves @ Dressing Room | C81: 6.46 | D81: m | E81: =G81+H81 -> 218.5 | F81: =E81*C81 -> 1411.51 | G81: 86.5 | H81: 132 | I81: =IF(D81=0," ",(G81)*(Details!$C$4+Details!$C$8)) -> 12.975 | J81: =IF(D81=0," ",(H81)*(Details!$C$6+Details!$C$8)) -> 19.8 | K81: =+G81*C81 -> 558.79 | L81: =+H81*C81 -> 852.72 | M81: =IF(D81=0," ",(I81*C81)) -> 83.8185 | N81: =IF(D81=0," ",(J81*C81)) -> 127.908
A83: =IF(F83<>"",(LARGE(A$10:A81,1)+1),"") -> 31 | B83: (600mmD x 785mmH) Kitchen Lower Drawers (3no.) | C83: 0.81 | D83: m | E83: =G83+H83 -> 909 | F83: =E83*C83 -> 736.29 | G83: 224 | H83: 685 | I83: =IF(D83=0," ",(G83)*(Details!$C$4+Details!$C$8)) -> 33.6 | J83: =IF(D83=0," ",(H83)*(Details!$C$6+Details!$C$8)) -> 102.75 | K83: =+G83*C83 -> 181.44 | L83: =+H83*C83 -> 554.85 | M83: =IF(D83=0," ",(I83*C83)) -> 27.216 | N83: =IF(D83=0," ",(J83*C83)) -> 83.2275
... A95: =IF(F95<>"",(LARGE(A$10:A93,1)+1),"") -> 37 | B95: (300mm Deep) Cupboard To Be Formed Within Existing Chimney Stack | C95: 1.23 | D95: m | E95: =G95+H95 -> 511 | F95: =E95*C95 -> 628.53 | G95: 187 | H95: 324 | I95: =IF(D95=0," ",(G95)*(Details!$C$4+Details!$C$8)) -> 28.05 | J95: =IF(D95=0," ",(H95)*(Details!$C$6+Details!$C$8)) -> 48.6 | K95: =+G95*C95 -> 230.01 | L95: =+H95*C95 -> 398.52 | M95: =IF(D95=0," ",(I95*C95)) -> 34.5015 | N95: =IF(D95=0," ",(J95*C95)) -> 59.778
A96: =IF(F96<>"",(LARGE(A$10:A95,1)+1),"")
A97: =IF(F97<>"",(LARGE(A$10:A96,1)+1),"") | B97: Option A
A99: =IF(F99<>"",(LARGE(A$10:A97,1)+1),"") -> 38 | B99: (450mmD x 285mmH) Drawers (2no.) | C99: 1.24 | D99: m | E99: =G99+H99 -> 479 | F99: =E99*C99 -> 593.96 | G99: 155 | H99: 324 | I99: =IF(D99=0," ",(G99)*(Details!$C$4+Details!$C$8)) -> 23.25 | J99: =IF(D99=0," ",(H99)*(Details!$C$6+Details!$C$8)) -> 48.6 | K99: =+G99*C99 -> 192.2 | L99: =+H99*C99 -> 401.76 | M99: =IF(D99=0," ",(I99*C99)) -> 28.83 | N99: =IF(D99=0," ",(J99*C99)) -> 60.264
A101: =IF(F101<>"",(LARGE(A$10:A99,1)+1),"") -> 39 | B101: (450mmD x 1690mmH) Full Height Cabinet w/ Shelving System | C101: 1.24 | D101: m | E101: =G101+H101 -> 1112 | F101: =E101*C101 -> 1378.88 | G101: 324 | H101: 788 | I101: =IF(D101=0," ",(G101)*(Details!$C$4+Details!$C$8)) -> 48.6 | J101: =IF(D101=0," ",(H101)*(Details!$C$6+Details!$C$8)) -> 118.2 | K101: =+G101*C101 -> 401.76 | L101: =+H101*C101 -> 977.12 | M101: =IF(D101=0," ",(I101*C101)) -> 60.264 | N101: =IF(D101=0," ",(J101*C101)) -> 146.568
A103: =IF(F103<>"",(LARGE(A$10:A101,1)+1),"") -> 40 | B103: (450mmD x 2600mmL x 1170mmH) Freestanding Timber Bench With Timber Backrest | C103: 1 | D103: no | E103: =G103+H103 -> 1763 | F103: =E103*C103 -> 1763 | G103: 438 | H103: 1325 | I103: =IF(D103=0," ",(G103)*(Details!$C$4+Details!$C$8)) -> 65.7 | J103: =IF(D103=0," ",(H103)*(Details!$C$6+Details!$C$8)) -> 198.75 | K103: =+G103*C103 -> 438 | L103: =+H103*C103 -> 1325 | M103: =IF(D103=0," ",(I103*C103)) -> 65.7 | N103: =IF(D103=0," ",(J103*C103)) -> 198.75
A104: =IF(F104<>"",(LARGE(A$10:A103,1)+1),"")
A105: =IF(F105<>"",(LARGE(A$10:A104,1)+1),"") | B105: Option B
A107: =IF(F107<>"",(LARGE(A$10:A105,1)+1),"") -> 41 | B107: (450mmD x 285mmH) Drawers (2no.) | C107: 1.24 | D107: m | E107: =G107+H107 -> 479 | F107: =E107*C107 -> 593.96 | G107: 155 | H107: 324 | I107: =IF(D107=0," ",(G107)*(Details!$C$4+Details!$C$8)) -> 23.25 | J107: =IF(D107=0," ",(H107)*(Details!$C$6+Details!$C$8)) -> 48.6 | K107: =+G107*C107 -> 192.2 | L107: =+H107*C107 -> 401.76 | M107: =IF(D107=0," ",(I107*C107)) -> 28.83 | N107: =IF(D107=0," ",(J107*C107)) -> 60.264
A109: =IF(F109<>"",(LARGE(A$10:A107,1)+1),"") -> 42 | B109: (450mmD x 1690mmH) Full Height Cabinet w/ Shelving System | C109: 1.24 | D109: m | E109: =G109+H109 -> 1112 | F109: =E109*C109 -> 1378.88 | G109: 324 | H109: 788 | I109: =IF(D109=0," ",(G109)*(Details!$C$4+Details!$C$8)) -> 48.6 | J109: =IF(D109=0," ",(H109)*(Details!$C$6+Details!$C$8)) -> 118.2 | K109: =+G109*C109 -> 401.76 | L109: =+H109*C109 -> 977.12 | M109: =IF(D109=0," ",(I109*C109)) -> 60.264 | N109: =IF(D109=0," ",(J109*C109)) -> 146.568
A110: =IF(F110<>"",(LARGE(A$10:A108,1)+1),"")
A111: =IF(F111<>"",(LARGE(A$10:A109,1)+1),"") -> 43 | B111: (450mmD x 2750mmL x 400mmH) Freestanding Bench | C111: 1 | D111: no | E111: =G111+H111 -> 1889 | F111: =E111*C111 -> 1889 | G111: 467 | H111: 1422 | I111: =IF(D111=0," ",(G111)*(Details!$C$4+Details!$C$8)) -> 70.05 | J111: =IF(D111=0," ",(H111)*(Details!$C$6+Details!$C$8)) -> 213.3 | K111: =+G111*C111 -> 467 | L111: =+H111*C111 -> 1422 | M111: =IF(D111=0," ",(I111*C111)) -> 70.05 | N111: =IF(D111=0," ",(J111*C111)) -> 213.3
A112: =IF(F112<>"",(LARGE(A$10:A110,1)+1),"")
A113: =IF(F113<>"",(LARGE(A$10:A111,1)+1),"") -> 44 | B113: (450mmD x 285mmH) Drawers (5no.) Below Bench | C113: 2.7 | D113: m | E113: =G113+H113 -> 479 | F113: =E113*C113 -> 1293.3 | G113: 155 | H113: 324 | I113: =IF(D113=0," ",(G113)*(Details!$C$4+Details!$C$8)) -> 23.25 | J113: =IF(D113=0," ",(H113)*(Details!$C$6+Details!$C$8)) -> 48.6 | K113: =+G113*C113 -> 418.5 | L113: =+H113*C113 -> 874.8 | M113: =IF(D113=0," ",(I113*C113)) -> 62.775 | N113: =IF(D113=0," ",(J113*C113)) -> 131.22
A114: =IF(F114<>"",(LARGE(A$10:A112,1)+1),"")
A115: =IF(F115<>"",(LARGE(A$10:A113,1)+1),"") | B115: GLASS WORK
A116: =IF(F116<>"",(LARGE(A$10:A114,1)+1),"")
A117: =IF(F117<>"",(LARGE(A$10:A115,1)+1),"") -> 45 | B117: 45mm Thick Exterior Glazing Partition (2200mm H) | C117: 11 | D117: m2 | E117: =G117+H117 -> 133.3 | F117: =E117*C117 -> 1466.3 | G117: 45.5 | H117: 87.8 | I117: =IF(D117=0," ",(G117)*(Details!$C$4+Details!$C$8)) -> 6.825 | J117: =IF(D117=0," ",(H117)*(Details!$C$6+Details!$C$8)) -> 13.17 | K117: =+G117*C117 -> 500.5 | L117: =+H117*C117 -> 965.8 | M117: =IF(D117=0," ",(I117*C117)) -> 75.075 | N117: =IF(D117=0," ",(J117*C117)) -> 144.87
A119: 46 | B119: (900mmW x 2200mmH) Single Leaf Glazing Door | C119: 1 | D119: no | E119: =G119+H119 -> 1170 | F119: =E119*C119 -> 1170 | G119: 200 | H119: 970 | I119: =IF(D119=0," ",(G119)*(Details!$C$4+Details!$C$8)) -> 30 | J119: =IF(D119=0," ",(H119)*(Details!$C$6+Details!$C$8)) -> 145.5 | K119: =+G119*C119 -> 200 | L119: =+H119*C119 -> 970 | M119: =IF(D119=0," ",(I119*C119)) -> 30 | N119: =IF(D119=0," ",(J119*C119)) -> 145.5
A120: =IF(F120<>"",(LARGE(A$10:A117,1)+1),"")
E121: Sub Total | F121: =SUM(F1:F119) -> 50949.343 | J121: =IF(D121=0," ",(G121+H121)*(Details!$C$4+Details!$C$6)) | K121: =SUM(K4:K58) -> 5084.6 | L121: =SUM(L4:L119) -> 35680.68 | M121: =SUM(M4:M119) -> 2290.2995 | N121: =SUM(N4:N119) -> 5352.102 | P121: =+F121-K121-L121-N121-M121 -> 2541.6615
A122: =IF(F122<>"",(LARGE(A$7:A121,1)+1),"") | J122: =IF(D122=0," ",(G122+H122)*(Details!$C$4+Details!$C$6))

Sheet Decoration
B2: =+'Qual, Excl & Assum'!B2 -> PROJECT: Mr & Mrs Hawkes-Cowands House
B3: =+'Qual, Excl & Assum'!B3 -> DATE: 25TH SEPTEMBER 2025
B5: Decoration | G5: RATES | K5: TOTALS
B7: Description | C7: Quantity | D7: Unit | E7: Rate | F7: Total | G7: Labour | H7: Materials | I7: L Markup | J7: M Markup | K7: Labour | L7: Materials | M7: L Markup | N7: M Markup
N8: =IF(D8=0," ",(J8*C8))
A9: 1 | B9: 1 mist coat and 2 final coats of matt emulsion | C9: 416 | D9: m2 | E9: =G9+H9 -> 19.4 | F9: =E9*C9 -> 8070.4 | G9: 8 | H9: 11.4 | I9: =IF(D9=0," ",(G9)*(Details!$C$4+Details!$C$8)) -> 1.2 | J9: =IF(D9=0," ",(H9)*(Details!$C$6+Details!$C$8)) -> 1.71 | K9: =+G9*C9 -> 3328 | L9: =+H9*C9 -> 4742.4 | M9: =IF(D9=0," ",(I9*C9)) -> 499.2 | N9: =IF(D9=0," ",(J9*C9)) -> 711.36
A11: =IF(F11<>"",(LARGE(A$7:A10,1)+1),"") -> 2 | B11: 1 coat of primer and 1 coat of eggshell gloss to skirting and architraves | C11: =+Joinery!C54+Joinery!C50 -> 167 | D11: m | E11: =G11+H11 -> 18.8 | F11: =E11*C11 -> 3139.6 | G11: 8 | H11: 10.8 | I11: =IF(D11=0," ",(G11)*(Details!$C$4+Details!$C$8)) -> 1.2 | J11: =IF(D11=0," ",(H11)*(Details!$C$6+Details!$C$8)) -> 1.62 | K11: =+G11*C11 -> 1336 | L11: =+H11*C11 -> 1803.6 | M11: =IF(D11=0," ",(I11*C11)) -> 200.4 | N11: =IF(D11=0," ",(J11*C11)) -> 270.54
A12: =IF(F12<>"",(LARGE(A$7:A11,1)+1),"")
A13: =IF(F13<>"",(LARGE(A$7:A12,1)+1),"") -> 3 | B13: 1 coat of primer and 1 coat of eggshell gloss to doors | C13: 10 | D13: no. | E13: =G13+H13 -> 140 | F13: =E13*C13 -> 1400 | G13: 45 | H13: 95 | I13: =IF(D13=0," ",(G13)*(Details!$C$4+Details!$C$8)) -> 6.75 | J13: =IF(D13=0," ",(H13)*(Details!$C$6+Details!$C$8)) -> 14.25 | K13: =+G13*C13 -> 450 | L13: =+H13*C13 -> 950 | M13: =IF(D13=0," ",(I13*C13)) -> 67.5 | N13: =IF(D13=0," ",(J13*C13)) -> 142.5
A14: =IF(F14<>"",(LARGE(A$7:A13,1)+1),"")
A15: =IF(F15<>"",(LARGE(A$7:A14,1)+1),"") | B15: ELEVATION WORK
A16: =IF(F16<>"",(LARGE(A$7:A15,1)+1),"")
A17: =IF(F17<>"",(LARGE(A$7:A16,1)+1),"") -> 4 | B17: Door Stone Head | C17: 6.91 | D17: m | E17: =G17+H17 -> 21.4 | F17: =E17*C17 -> 147.874 | G17: 8 | H17: 13.4 | I17: =IF(D17=0," ",(G17)*(Details!$C$4+Details!$C$8)) -> 1.2 | J17: =IF(D17=0," ",(H17)*(Details!$C$6+Details!$C$8)) -> 2.01 | K17: =+G17*C17 -> 55.28 | L17: =+H17*C17 -> 92.594 | M17: =IF(D17=0," ",(I17*C17)) -> 8.292 | N17: =IF(D17=0," ",(J17*C17)) -> 13.8891
A19: =IF(F19<>"",(LARGE(A$7:A17,1)+1),"") -> 5 | B19: Cavity Closers | C19: 41.96 | D19: m | E19: =G19+H19 -> 16.3 | F19: =E19*C19 -> 683.948 | G19: 6.5 | H19: 9.8 | I19: =IF(D19=0," ",(G19)*(Details!$C$4+Details!$C$8)) -> 0.975 | J19: =IF(D19=0," ",(H19)*(Details!$C$6+Details!$C$8)) -> 1.47 | K19: =+G19*C19 -> 272.74 | L19: =+H19*C19 -> 411.208 | M19: =IF(D19=0," ",(I19*C19)) -> 40.911 | N19: =IF(D19=0," ",(J19*C19)) -> 61.6812
A21: =IF(F21<>"",(LARGE(A$7:A19,1)+1),"") -> 6 | B21: Roof Edge Trim | C21: 13.91 | D21: m | E21: =G21+H21 -> 5.2 | F21: =E21*C21 -> 72.332 | G21: 2 | H21: 3.2 | I21: =IF(D21=0," ",(G21)*(Details!$C$4+Details!$C$8)) -> 0.3 | J21: =IF(D21=0," ",(H21)*(Details!$C$6+Details!$C$8)) -> 0.48 | K21: =+G21*C21 -> 27.82 | L21: =+H21*C21 -> 44.512 | M21: =IF(D21=0," ",(I21*C21)) -> 4.173 | N21: =IF(D21=0," ",(J21*C21)) -> 6.6768
A23: =IF(F23<>"",(LARGE(A$7:A21,1)+1),"") -> 7 | B23: Door Stone Threshold | C23: 8.76 | D23: m | E23: =G23+H23 -> 29.3 | F23: =E23*C23 -> 256.668 | G23: 11.5 | H23: 17.8 | I23: =IF(D23=0," ",(G23)*(Details!$C$4+Details!$C$8)) -> 1.725 | J23: =IF(D23=0," ",(H23)*(Details!$C$6+Details!$C$8)) -> 2.67 | K23: =+G23*C23 -> 100.74 | L23: =+H23*C23 -> 155.928 | M23: =IF(D23=0," ",(I23*C23)) -> 15.111 | N23: =IF(D23=0," ",(J23*C23)) -> 23.3892
A25: =IF(F25<>"",(LARGE(A$7:A23,1)+1),"") -> 8 | B25: (225mm High) Brick Soldier Course | C25: 13.33 | D25: m | E25: =G25+H25 -> 33.2 | F25: =E25*C25 -> 442.556 | G25: 13.4 | H25: 19.8 | I25: =IF(D25=0," ",(G25)*(Details!$C$4+Details!$C$8)) -> 2.01 | J25: =IF(D25=0," ",(H25)*(Details!$C$6+Details!$C$8)) -> 2.97 | K25: =+G25*C25 -> 178.622 | L25: =+H25*C25 -> 263.934 | M25: =IF(D25=0," ",(I25*C25)) -> 26.7933 | N25: =IF(D25=0," ",(J25*C25)) -> 39.5901
A27: =IF(F27<>"",(LARGE(A$7:A13,1)+1),"") | J27: =IF(D27=0," ",(G27+H27)*(Details!$C$4+Details!$C$6)) | P27: Check
E28: Sub Total | F28: =SUM(F1:F27) -> 14213.378 | J28: =IF(D28=0," ",(G28+H28)*(Details!$C$4+Details!$C$6)) | K28: =SUM(K1:K27) -> 5749.202 | L28: =SUM(L1:L27) -> 8464.176 | M28: =SUM(M1:M27) -> 862.3803 | N28: =SUM(N1:N27) -> 1269.6264 | P28: =+F28-K28-L28-N28-M28 -> -2132.0067

Sheet Floor finishes
B2: =+'Qual, Excl & Assum'!B2 -> PROJECT: Mr & Mrs Hawkes-Cowands House
B3: =+'Qual, Excl & Assum'!B3 -> DATE: 25TH SEPTEMBER 2025
B5: Floor Finishes | G5: RATES | K5: TOTALS
B7: Description | C7: Quantity | D7: Unit | E7: Rate | F7: Total | G7: Labour | H7: Materials | I7: L Markup | J7: M Markup | K7: Labour | L7: Materials | M7: L Markup | N7: M Markup
N8: =IF(D8=0," ",(J8*C8))
B9: TILING
A11: 1 | B11: Carpet Floor | C11: 56.77 | D11: m2 | E11: =G11+H11 -> 54.8 | F11: =E11*C11 -> 3110.996 | G11: 20 | H11: 34.8 | I11: =IF(D11=0," ",(G11)*(Details!$C$4+Details!$C$8)) -> 3 | J11: =IF(D11=0," ",(H11)*(Details!$C$6+Details!$C$8)) -> 5.22 | K11: =+G11*C11 -> 1135.4 | L11: =+H11*C11 -> 1975.596 | M11: =IF(D11=0," ",(I11*C11)) -> 170.31 | N11: =IF(D11=0," ",(J11*C11)) -> 296.3394
A13: 2 | B13: Luxury Vinyl Tile Floor | C13: 15.91 | D13: m2 | E13: =G13+H13 -> 74.25 | F13: =E13*C13 -> 1181.3175 | G13: 26.45 | H13: 47.8 | I13: =IF(D13=0," ",(G13)*(Details!$C$4+Details!$C$8)) -> 3.9675 | J13: =IF(D13=0," ",(H13)*(Details!$C$6+Details!$C$8)) -> 7.17 | K13: =+G13*C13 -> 420.8195 | L13: =+H13*C13 -> 760.498 | M13: =IF(D13=0," ",(I13*C13)) -> 63.122925 | N13: =IF(D13=0," ",(J13*C13)) -> 114.0747
A15: 3 | B15: Reuse Existing Flagstone Slab | C15: 15.44 | D15: m2 | E15: =G15+H15 -> 88.2 | F15: =E15*C15 -> 1361.808 | G15: 25.4 | H15: 62.8 | I15: =IF(D15=0," ",(G15)*(Details!$C$4+Details!$C$8)) -> 3.81 | J15: =IF(D15=0," ",(H15)*(Details!$C$6+Details!$C$8)) -> 9.42 | K15: =+G15*C15 -> 392.176 | L15: =+H15*C15 -> 969.632 | M15: =IF(D15=0," ",(I15*C15)) -> 58.8264 | N15: =IF(D15=0," ",(J15*C15)) -> 145.4448
A17: 4 | B17: Porcelain Tile Floor | C17: 3.25 | D17: m2 | E17: =G17+H17 -> 86.5 | F17: =E17*C17 -> 281.125 | G17: 30 | H17: 56.5 | I17: =IF(D17=0," ",(G17)*(Details!$C$4+Details!$C$8)) -> 4.5 | J17: =IF(D17=0," ",(H17)*(Details!$C$6+Details!$C$8)) -> 8.475 | K17: =+G17*C17 -> 97.5 | L17: =+H17*C17 -> 183.625 | M17: =IF(D17=0," ",(I17*C17)) -> 14.625 | N17: =IF(D17=0," ",(J17*C17)) -> 27.54375
A19: 5 | B19: Polished Concrete Microtopping (Suitable For Internal & External Use) | C19: 104.2 | D19: m2 | E19: =G19+H19 -> 82.4 | F19: =E19*C19 -> 8586.08 | G19: 30 | H19: 52.4 | I19: =IF(D19=0," ",(G19)*(Details!$C$4+Details!$C$8)) -> 4.5 | J19: =IF(D19=0," ",(H19)*(Details!$C$6+Details!$C$8)) -> 7.86 | K19: =+G19*C19 -> 3126 | L19: =+H19*C19 -> 5460.08 | M19: =IF(D19=0," ",(I19*C19)) -> 468.9 | N19: =IF(D19=0," ",(J19*C19)) -> 819.012
J20: =IF(D20=0," ",(G20+H20)*(Details!$C$4+Details!$C$6)) | P20: Check
E21: Sub Total | F21: =SUM(F1:F20) -> 14521.326 | J21: =IF(D21=0," ",(G21+H21)*(Details!$C$4+Details!$C$6)) | K21: =SUM(K1:K20) -> 5171.8955 | L21: =SUM(L1:L20) -> 9349.431 | M21: =SUM(M1:M20) -> 775.78433 | N21: =SUM(N1:N20) -> 1402.4147 | P21: =+F21-K21-L21-N21-M21 -> -2178.199
A22: =IF(F22<>"",(LARGE(A$7:A21,1)+1),"") | J22: =IF(D22=0," ",(G22+H22)*(Details!$C$4+Details!$C$6))

Sheet Wall finishes
B2: =+'Qual, Excl & Assum'!B2 -> PROJECT: Mr & Mrs Hawkes-Cowands House
B3: =+'Qual, Excl & Assum'!B3 -> DATE: 25TH SEPTEMBER 2025
B5: Wall Finishes | G5: RATES | K5: TOTALS
B7: Description | C7: Quantity | D7: Unit | E7: Rate | F7: Total | G7: Labour | H7: Materials | I7: L Markup | J7: M Markup | K7: Labour | L7: Materials | M7: L Markup | N7: M Markup
N8: =IF(D8=0," ",(J8*C8))
B9: WALL TILING (PROVISIONAL QUANTITY)
A11: 1 | B11: Install tiles to Bathrooms and ensuite, Supply tiles | C11: 24 | D11: m2 | E11: =G11+H11 -> 85.3 | F11: =E11*C11 -> 2047.2 | G11: 26.5 | H11: 58.8 | I11: =IF(D11=0," ",(G11)*(Details!$C$4+Details!$C$8)) -> 3.975 | J11: =IF(D11=0," ",(H11)*(Details!$C$6+Details!$C$8)) -> 8.82 | K11: =+G11*C11 -> 636 | L11: =+H11*C11 -> 1411.2 | M11: =IF(D11=0," ",(I11*C11)) -> 95.4 | N11: =IF(D11=0," ",(J11*C11)) -> 211.68
A14: =IF(F14<>"",(LARGE(A$7:A13,1)+1),"")
A15: =IF(F15<>"",(LARGE(A$7:A14,1)+1),"")
A16: =IF(F16<>"",(LARGE(A$7:A15,1)+1),"")
A17: =IF(F17<>"",(LARGE(A$7:A16,1)+1),"") | P17: Check
E18: Sub Total | F18: =SUM(F1:F17) -> 2047.2 | J18: =IF(D18=0," ",(G18+H18)*(Details!$C$4+Details!$C$6)) | K18: =SUM(K1:K17) -> 636 | L18: =SUM(L1:L17) -> 1411.2 | M18: =SUM(M1:M17) -> 95.4 | N18: =SUM(N1:N17) -> 211.68 | P18: =+F18-K18-L18-N18-M18 -> -307.08
A19: =IF(F19<>"",(LARGE(A$7:A18,1)+1),"") | J19: =IF(D19=0," ",(G19+H19)*(Details!$C$4+Details!$C$6))

Sheet Kitchens & Bathrooms
B2: =+'Qual, Excl & Assum'!B2 -> PROJECT: Mr & Mrs Hawkes-Cowands House
B3: =+'Qual, Excl & Assum'!B3 -> DATE: 25TH SEPTEMBER 2025
B5: Kitchen & Bathrooms | G5: RATES | K5: TOTALS
B7: Description | C7: Quantity | D7: Unit | E7: Rate | F7: Total | G7: Labour | H7: Materials | I7: L Markup | J7: M Markup | K7: Labour | L7: Materials | M7: L Markup | N7: M Markup
N8: =IF(D8=0," ",(J8*C8))
B9: KITCHEN
A10: 1 | B10: Kitchen Worktop | C10: 6.72 | D10: m2 | E10: =G10+H10 -> 219.8 | F10: =E10*C10 -> 1477.056 | G10: 67.8 | H10: 152 | I10: =IF(D10=0," ",(G10)*(Details!$C$4+Details!$C$8)) -> 10.17 | J10: =IF(D10=0," ",(H10)*(Details!$C$6+Details!$C$8)) -> 22.8 | K10: =+G10*C10 -> 455.616 | L10: =+H10*C10 -> 1021.44 | M10: =IF(D10=0," ",(I10*C10)) -> 68.3424 | N10: =IF(D10=0," ",(J10*C10)) -> 153.216
A12: =IF(F12<>"",(LARGE(A$7:A10,1)+1),"") -> 2 | B12: Dishwasher | C12: 1 | D12: no. | E12: =G12+H12 -> 940 | F12: =E12*C12 -> 940 | G12: 160 | H12: 780 | I12: =IF(D12=0," ",(G12)*(Details!$C$4+Details!$C$8)) -> 24 | J12: =IF(D12=0," ",(H12)*(Details!$C$6+Details!$C$8)) -> 117 | K12: =+G12*C12 -> 160 | L12: =+H12*C12 -> 780 | M12: =IF(D12=0," ",(I12*C12)) -> 24 | N12: =IF(D12=0," ",(J12*C12)) -> 117
A14: 3 | B14: Fridge | C14: 1 | D14: no. | E14: =G14+H14 -> 860 | F14: =E14*C14 -> 860 | G14: 140 | H14: 720 | I14: =IF(D14=0," ",(G14)*(Details!$C$4+Details!$C$8)) -> 21 | J14: =IF(D14=0," ",(H14)*(Details!$C$6+Details!$C$8)) -> 108 | K14: =+G14*C14 -> 140 | L14: =+H14*C14 -> 720 | M14: =IF(D14=0," ",(I14*C14)) -> 21 | N14: =IF(D14=0," ",(J14*C14)) -> 108
A16: 4 | B16: Freezer | C16: 1 | D16: no. | E16: =G16+H16 -> 900 | F16: =E16*C16 -> 900 | G16: 160 | H16: 740 | I16: =IF(D16=0," ",(G16)*(Details!$C$4+Details!$C$8)) -> 24 | J16: =IF(D16=0," ",(H16)*(Details!$C$6+Details!$C$8)) -> 111 | K16: =+G16*C16 -> 160 | L16: =+H16*C16 -> 740 | M16: =IF(D16=0," ",(I16*C16)) -> 24 | N16: =IF(D16=0," ",(J16*C16)) -> 111
A18: 5 | B18: Kitchen Hob | C18: 1 | D18: no. | E18: =G18+H18 -> 1100 | F18: =E18*C18 -> 1100 | G18: 180 | H18: 920 | I18: =IF(D18=0," ",(G18)*(Details!$C$4+Details!$C$8)) -> 27 | J18: =IF(D18=0," ",(H18)*(Details!$C$6+Details!$C$8)) -> 138 | K18: =+G18*C18 -> 180 | L18: =+H18*C18 -> 920 | M18: =IF(D18=0," ",(I18*C18)) -> 27 | N18: =IF(D18=0," ",(J18*C18)) -> 138
A20: 6 | B20: Hob Hood | C20: 1 | D20: no. | E20: =G20+H20 -> 1020 | F20: =E20*C20 -> 1020 | G20: 160 | H20: 860 | I20: =IF(D20=0," ",(G20)*(Details!$C$4+Details!$C$8)) -> 24 | J20: =IF(D20=0," ",(H20)*(Details!$C$6+Details!$C$8)) -> 129 | K20: =+G20*C20 -> 160 | L20: =+H20*C20 -> 860 | M20: =IF(D20=0," ",(I20*C20)) -> 24 | N20: =IF(D20=0," ",(J20*C20)) -> 129
A22: 7 | B22: Two Bowl Butler Sink | C22: 1 | D22: no. | E22: =G22+H22 -> 960 | F22: =E22*C22 -> 960 | G22: 140 | H22: 820 | I22: =IF(D22=0," ",(G22)*(Details!$C$4+Details!$C$8)) -> 21 | J22: =IF(D22=0," ",(H22)*(Details!$C$6+Details!$C$8)) -> 123 | K22: =+G22*C22 -> 140 | L22: =+H22*C22 -> 820 | M22: =IF(D22=0," ",(I22*C22)) -> 21 | N22: =IF(D22=0," ",(J22*C22)) -> 123
A23: =IF(F23<>"",(LARGE(A$7:A14,1)+1),"")
A24: =IF(F24<>"",(LARGE(A$7:A22,1)+1),"") | B24: UTILITY
A25: 8 | B25: Install Utility Countertop | C25: 1.22 | D25: m2 | E25: =G25+H25 -> 219.8 | F25: =E25*C25 -> 268.156 | G25: 67.8 | H25: 152 | I25: =IF(D25=0," ",(G25)*(Details!$C$4+Details!$C$8)) -> 10.17 | J25: =IF(D25=0," ",(H25)*(Details!$C$6+Details!$C$8)) -> 22.8 | K25: =+G25*C25 -> 82.716 | L25: =+H25*C25 -> 185.44 | M25: =IF(D25=0," ",(I25*C25)) -> 12.4074 | N25: =IF(D25=0," ",(J25*C25)) -> 27.816
A26: =IF(F26<>"",(LARGE(A$7:A24,1)+1),"")
A27: 9 | B27: Utility Sink | C27: 1 | D27: no. | E27: =G27+H27 -> 960 | F27: =E27*C27 -> 960 | G27: 140 | H27: 820 | I27: =IF(D27=0," ",(G27)*(Details!$C$4+Details!$C$8)) -> 21 | J27: =IF(D27=0," ",(H27)*(Details!$C$6+Details!$C$8)) -> 123 | K27: =+G27*C27 -> 140 | L27: =+H27*C27 -> 820 | M27: =IF(D27=0," ",(I27*C27)) -> 21 | N27: =IF(D27=0," ",(J27*C27)) -> 123
A29: 10 | B29: Washing Maching | C29: 2 | D29: no. | E29: =G29+H29 -> 900 | F29: =E29*C29 -> 1800 | G29: 140 | H29: 760 | I29: =IF(D29=0," ",(G29)*(Details!$C$4+Details!$C$8)) -> 21 | J29: =IF(D29=0," ",(H29)*(Details!$C$6+Details!$C$8)) -> 114 | K29: =+G29*C29 -> 280 | L29: =+H29*C29 -> 1520 | M29: =IF(D29=0," ",(I29*C29)) -> 42 | N29: =IF(D29=0," ",(J29*C29)) -> 228
A31: 11 | B31: Tumble Dryer | C31: 2 | D31: no. | E31: =G31+H31 -> 860 | F31: =E31*C31 -> 1720 | G31: 140 | H31: 720 | I31: =IF(D31=0," ",(G31)*(Details!$C$4+Details!$C$8)) -> 21 | J31: =IF(D31=0," ",(H31)*(Details!$C$6+Details!$C$8)) -> 108 | K31: =+G31*C31 -> 280 | L31: =+H31*C31 -> 1440 | M31: =IF(D31=0," ",(I31*C31)) -> 42 | N31: =IF(D31=0," ",(J31*C31)) -> 216
A32: =IF(F32<>"",(LARGE(A$7:A29,1)+1),"")
A33: =IF(F33<>"",(LARGE(A$7:A31,1)+1),"") | B33: BATHROOM WITH A SHOWER AND BATH
A34: =IF(F34<>"",(LARGE(A$7:A33,1)+1),"")
A35: =IF(F35<>"",(LARGE(A$7:A33,1)+1),"") | B35: Fixtures
A37: 12 | B37: Water Closet | C37: 4 | D37: no. | E37: =G37+H37 -> 980 | F37: =E37*C37 -> 3920 | G37: 160 | H37: 820 | I37: =IF(D37=0," ",(G37)*(Details!$C$4+Details!$C$8)) -> 24 | J37: =IF(D37=0," ",(H37)*(Details!$C$6+Details!$C$8)) -> 123 | K37: =+G37*C37 -> 640 | L37: =+H37*C37 -> 3280 | M37: =IF(D37=0," ",(I37*C37)) -> 96 | N37: =IF(D37=0," ",(J37*C37)) -> 492
A39: 13 | B39: Shower w/ Head, Rail & Mixer | C39: 2 | D39: no. | E39: =G39+H39 -> 920 | F39: =E39*C39 -> 1840 | G39: 155 | H39: 765 | I39: =IF(D39=0," ",(G39)*(Details!$C$4+Details!$C$8)) -> 23.25 | J39: =IF(D39=0," ",(H39)*(Details!$C$6+Details!$C$8)) -> 114.75 | K39: =+G39*C39 -> 310 | L39: =+H39*C39 -> 1530 | M39: =IF(D39=0," ",(I39*C39)) -> 46.5 | N39: =IF(D39=0," ",(J39*C39)) -> 229.5
A41: 14 | B41: (230mmW x 465mmL) Wash Hand Basin | C41: 1 | D41: no. | E41: =G41+H41 -> 860 | F41: =E41*C41 -> 860 | G41: 140 | H41: 720 | I41: =IF(D41=0," ",(G41)*(Details!$C$4+Details!$C$8)) -> 21 | J41: =IF(D41=0," ",(H41)*(Details!$C$6+Details!$C$8)) -> 108 | K41: =+G41*C41 -> 140 | L41: =+H41*C41 -> 720 | M41: =IF(D41=0," ",(I41*C41)) -> 21 | N41: =IF(D41=0," ",(J41*C41)) -> 108
A43: 15 | B43: (300mmW x 700mmL) Wash Hand Basin | C43: 1 | D43: no. | E43: =G43+H43 -> 1050 | F43: =E43*C43 -> 1050 | G43: 160 | H43: 890 | I43: =IF(D43=0," ",(G43)*(Details!$C$4+Details!$C$8)) -> 24 | J43: =IF(D43=0," ",(H43)*(Details!$C$6+Details!$C$8)) -> 133.5 | K43: =+G43*C43 -> 160 | L43: =+H43*C43 -> 890 | M43: =IF(D43=0," ",(I43*C43)) -> 24 | N43: =IF(D43=0," ",(J43*C43)) -> 133.5
A45: 16 | B45: (800mmW x 1700mmL) Bath Tub | C45: 1 | D45: no. | E45: =G45+H45 -> 1560 | F45: =E45*C45 -> 1560 | G45: 220 | H45: 1340 | I45: =IF(D45=0," ",(G45)*(Details!$C$4+Details!$C$8)) -> 33 | J45: =IF(D45=0," ",(H45)*(Details!$C$6+Details!$C$8)) -> 201 | K45: =+G45*C45 -> 220 | L45: =+H45*C45 -> 1340 | M45: =IF(D45=0," ",(I45*C45)) -> 33 | N45: =IF(D45=0," ",(J45*C45)) -> 201
A47: 17 | B47: (900mmW x 1200mmL) Shower Tray | C47: 1 | D47: no. | E47: =G47+H47 -> 455 | F47: =E47*C47 -> 455 | G47: 130 | H47: 325 | I47: =IF(D47=0," ",(G47)*(Details!$C$4+Details!$C$8)) -> 19.5 | J47: =IF(D47=0," ",(H47)*(Details!$C$6+Details!$C$8)) -> 48.75 | K47: =+G47*C47 -> 130 | L47: =+H47*C47 -> 325 | M47: =IF(D47=0," ",(I47*C47)) -> 19.5 | N47: =IF(D47=0," ",(J47*C47)) -> 48.75
A49: 18 | B49: (800mmW x 1200mmL) Shower Tray | C49: 1 | D49: no. | E49: =G49+H49 -> 408 | F49: =E49*C49 -> 408 | G49: 120 | H49: 288 | I49: =IF(D49=0," ",(G49)*(Details!$C$4+Details!$C$8)) -> 18 | J49: =IF(D49=0," ",(H49)*(Details!$C$6+Details!$C$8)) -> 43.2 | K49: =+G49*C49 -> 120 | L49: =+H49*C49 -> 288 | M49: =IF(D49=0," ",(I49*C49)) -> 18 | N49: =IF(D49=0," ",(J49*C49)) -> 43.2
A51: 19 | B51: (900mmW x 1200mmL) Shower Enclosure | C51: 1 | D51: no. | E51: =G51+H51 -> 1505 | F51: =E51*C51 -> 1505 | G51: 380 | H51: 1125 | I51: =IF(D51=0," ",(G51)*(Details!$C$4+Details!$C$8)) -> 57 | J51: =IF(D51=0," ",(H51)*(Details!$C$6+Details!$C$8)) -> 168.75 | K51: =+G51*C51 -> 380 | L51: =+H51*C51 -> 1125 | M51: =IF(D51=0," ",(I51*C51)) -> 57 | N51: =IF(D51=0," ",(J51*C51)) -> 168.75
A53: 20 | B53: (800mmW x 1200mmL) Shower Enclosure | C53: 1 | D53: no. | E53: =G53+H53 -> 1425 | F53: =E53*C53 -> 1425 | G53: 345 | H53: 1080 | I53: =IF(D53=0," ",(G53)*(Details!$C$4+Details!$C$8)) -> 51.75 | J53: =IF(D53=0," ",(H53)*(Details!$C$6+Details!$C$8)) -> 162 | K53: =+G53*C53 -> 345 | L53: =+H53*C53 -> 1080 | M53: =IF(D53=0," ",(I53*C53)) -> 51.75 | N53: =IF(D53=0," ",(J53*C53)) -> 162
A55: 21 | B55: Electric Towel Rail (Oil Filled) | C55: 3 | D55: no. | E55: =G55+H55 -> 214 | F55: =E55*C55 -> 642 | G55: 80 | H55: 134 | I55: =IF(D55=0," ",(G55)*(Details!$C$4+Details!$C$8)) -> 12 | J55: =IF(D55=0," ",(H55)*(Details!$C$6+Details!$C$8)) -> 20.1 | K55: =+G55*C55 -> 240 | L55: =+H55*C55 -> 402 | M55: =IF(D55=0," ",(I55*C55)) -> 36 | N55: =IF(D55=0," ",(J55*C55)) -> 60.3
A56: =IF(F56<>"",(LARGE(A$7:A54,1)+1),"")
A57: =IF(F57<>"",(LARGE(A$7:A56,1)+1),"") | J57: =IF(D57=0," ",(G57+H57)*(Details!$C$4+Details!$C$6)) | P57: Check
E58: Sub Total | F58: =SUM(F1:F57) -> 25670.212 | J58: =IF(D58=0," ",(G58+H58)*(Details!$C$4+Details!$C$6)) | K58: =SUM(K1:K57) -> 4863.332 | L58: =SUM(L1:L57) -> 20806.88 | M58: =SUM(M1:M57) -> 729.4998 | N58: =SUM(N1:N57) -> 3121.032 | P58: =+F58-K58-L58-N58-M58 -> -3850.5318
A59: =IF(F59<>"",(LARGE(A$7:A58,1)+1),"") | J59: =IF(D59=0," ",(G59+H59)*(Details!$C$4+Details!$C$6))

Sheet Electrical
B2: =+'Qual, Excl & Assum'!B2 -> PROJECT: Mr & Mrs Hawkes-Cowands House
B3: =+'Qual, Excl & Assum'!B3 -> DATE: 25TH SEPTEMBER 2025
B5: Electrical | G5: RATES | K5: TOTALS
B7: Description | C7: Quantity | D7: Unit | E7: Rate | F7: Total | G7: Labour | H7: Materials | I7: L Markup | J7: M Markup | K7: Labour | L7: Materials | M7: L Markup | N7: M Markup
N8: =IF(D8=0," ",(J8*C8))
B11: LIGHTING
A13: 1 | B13: A - Pendant - Type 1 | C13: 1 | D13: no. | E13: =G13+H13 -> 177 | F13: =E13*C13 -> 177 | G13: 55 | H13: 122 | I13: =IF(D13=0," ",(G13)*(Details!$C$4+Details!$C$8)) -> 8.25 | J13: =IF(D13=0," ",(H13)*(Details!$C$6+Details!$C$8)) -> 18.3 | K13: =+G13*C13 -> 55 | L13: =+H13*C13 -> 122 | M13: =IF(D13=0," ",(I13*C13)) -> 8.25 | N13: =IF(D13=0," ",(J13*C13)) -> 18.3
A15: =IF(F15<>"",(LARGE(A$7:A13,1)+1),"") -> 2 | B15: B - Downlight - Type 1 | C15: 31 | D15: no. | E15: =G15+H15 -> 137 | F15: =E15*C15 -> 4247 | G15: 45 | H15: 92 | I15: =IF(D15=0," ",(G15)*(Details!$C$4+Details!$C$8)) -> 6.75 | J15: =IF(D15=0," ",(H15)*(Details!$C$6+Details!$C$8)) -> 13.8 | K15: =+G15*C15 -> 1395 | L15: =+H15*C15 -> 2852 | M15: =IF(D15=0," ",(I15*C15)) -> 209.25 | N15: =IF(D15=0," ",(J15*C15)) -> 427.8
A17: =IF(F17<>"",(LARGE(A$7:A15,1)+1),"") -> 3 | B17: C - Directional Downlight - Type 1 | C17: 2 | D17: no. | E17: =G17+H17 -> 132.8 | F17: =E17*C17 -> 265.6 | G17: 45 | H17: 87.8 | I17: =IF(D17=0," ",(G17)*(Details!$C$4+Details!$C$8)) -> 6.75 | J17: =IF(D17=0," ",(H17)*(Details!$C$6+Details!$C$8)) -> 13.17 | K17: =+G17*C17 -> 90 | L17: =+H17*C17 -> 175.6 | M17: =IF(D17=0," ",(I17*C17)) -> 13.5 | N17: =IF(D17=0," ",(J17*C17)) -> 26.34
A19: =IF(F19<>"",(LARGE(A$7:A17,1)+1),"") -> 4 | B19: D - Decorative Wall Light - Type 1 | C19: 4 | D19: no. | E19: =G19+H19 -> 143.8 | F19: =E19*C19 -> 575.2 | G19: 45 | H19: 98.8 | I19: =IF(D19=0," ",(G19)*(Details!$C$4+Details!$C$8)) -> 6.75 | J19: =IF(D19=0," ",(H19)*(Details!$C$6+Details!$C$8)) -> 14.82 | K19: =+G19*C19 -> 180 | L19: =+H19*C19 -> 395.2 | M19: =IF(D19=0," ",(I19*C19)) -> 27 | N19: =IF(D19=0," ",(J19*C19)) -> 59.28
A21: =IF(F21<>"",(LARGE(A$7:A19,1)+1),"") -> 5 | B21: H - Interior Floor Uplighter - Type 1 | C21: 6 | D21: no. | E21: =G21+H21 -> 139.5 | F21: =E21*C21 -> 837 | G21: 45 | H21: 94.5 | I21: =IF(D21=0," ",(G21)*(Details!$C$4+Details!$C$8)) -> 6.75 | J21: =IF(D21=0," ",(H21)*(Details!$C$6+Details!$C$8)) -> 14.175 | K21: =+G21*C21 -> 270 | L21: =+H21*C21 -> 567 | M21: =IF(D21=0," ",(I21*C21)) -> 40.5 | N21: =IF(D21=0," ",(J21*C21)) -> 85.05
A23: =IF(F23<>"",(LARGE(A$7:A21,1)+1),"") -> 6 | B23: K - Pendant - Type 2 | C23: 7 | D23: no. | E23: =G23+H23 -> 194 | F23: =E23*C23 -> 1358 | G23: 60 | H23: 134 | I23: =IF(D23=0," ",(G23)*(Details!$C$4+Details!$C$8)) -> 9 | J23: =IF(D23=0," ",(H23)*(Details!$C$6+Details!$C$8)) -> 20.1 | K23: =+G23*C23 -> 420 | L23: =+H23*C23 -> 938 | M23: =IF(D23=0," ",(I23*C23)) -> 63 | N23: =IF(D23=0," ",(J23*C23)) -> 140.7
A25: =IF(F25<>"",(LARGE(A$7:A23,1)+1),"") -> 7 | B25: L - Exterior Floor Uplighter - Type 1 | C25: 10 | D25: no. | E25: =G25+H25 -> 167 | F25: =E25*C25 -> 1670 | G25: 45 | H25: 122 | I25: =IF(D25=0," ",(G25)*(Details!$C$4+Details!$C$8)) -> 6.75 | J25: =IF(D25=0," ",(H25)*(Details!$C$6+Details!$C$8)) -> 18.3 | K25: =+G25*C25 -> 450 | L25: =+H25*C25 -> 1220 | M25: =IF(D25=0," ",(I25*C25)) -> 67.5 | N25: =IF(D25=0," ",(J25*C25)) -> 183
A27: =IF(F27<>"",(LARGE(A$7:A25,1)+1),"") -> 8 | B27: Light Over Mirror | C27: 1 | D27: no. | E27: =G27+H27 -> 270 | F27: =E27*C27 -> 270 | G27: 60 | H27: 210 | I27: =IF(D27=0," ",(G27)*(Details!$C$4+Details!$C$8)) -> 9 | J27: =IF(D27=0," ",(H27)*(Details!$C$6+Details!$C$8)) -> 31.5 | K27: =+G27*C27 -> 60 | L27: =+H27*C27 -> 210 | M27: =IF(D27=0," ",(I27*C27)) -> 9 | N27: =IF(D27=0," ",(J27*C27)) -> 31.5
A28: =IF(F28<>"",(LARGE(A$7:A27,1)+1),"")
A29: =IF(F29<>"",(LARGE(A$7:A28,1)+1),"") | B29: POWER
A31: =IF(F31<>"",(LARGE(A$7:A29,1)+1),"") -> 9 | B31: Shaver Outlet | C31: 2 | D31: no. | E31: =G31+H31 -> 86.8 | F31: =E31*C31 -> 173.6 | G31: 30 | H31: 56.8 | I31: =IF(D31=0," ",(G31)*(Details!$C$4+Details!$C$8)) -> 4.5 | J31: =IF(D31=0," ",(H31)*(Details!$C$6+Details!$C$8)) -> 8.52 | K31: =+G31*C31 -> 60 | L31: =+H31*C31 -> 113.6 | M31: =IF(D31=0," ",(I31*C31)) -> 9 | N31: =IF(D31=0," ",(J31*C31)) -> 17.04
A33: =IF(F33<>"",(LARGE(A$7:A31,1)+1),"") -> 10 | B33: Fused Switched Spur | C33: 3 | D33: no. | E33: =G33+H33 -> 84.8 | F33: =E33*C33 -> 254.4 | G33: 30 | H33: 54.8 | I33: =IF(D33=0," ",(G33)*(Details!$C$4+Details!$C$8)) -> 4.5 | J33: =IF(D33=0," ",(H33)*(Details!$C$6+Details!$C$8)) -> 8.22 | K33: =+G33*C33 -> 90 | L33: =+H33*C33 -> 164.4 | M33: =IF(D33=0," ",(I33*C33)) -> 13.5 | N33: =IF(D33=0," ",(J33*C33)) -> 24.66
A35: =IF(F35<>"",(LARGE(A$7:A33,1)+1),"") -> 11 | B35: 13amp Double Swiched Wall Socket Outlet | C35: 25 | D35: no. | E35: =G35+H35 -> 82.8 | F35: =E35*C35 -> 2070 | G35: 30 | H35: 52.8 | I35: =IF(D35=0," ",(G35)*(Details!$C$4+Details!$C$8)) -> 4.5 | J35: =IF(D35=0," ",(H35)*(Details!$C$6+Details!$C$8)) -> 7.92 | K35: =+G35*C35 -> 750 | L35: =+H35*C35 -> 1320 | M35: =IF(D35=0," ",(I35*C35)) -> 112.5 | N35: =IF(D35=0," ",(J35*C35)) -> 198
A37: =IF(F37<>"",(LARGE(A$7:A35,1)+1),"") -> 12 | B37: 13amp Single Switched Floor Socket Outlet | C37: 2 | D37: no. | E37: =G37+H37 -> 82.8 | F37: =E37*C37 -> 165.6 | G37: 30 | H37: 52.8 | I37: =IF(D37=0," ",(G37)*(Details!$C$4+Details!$C$8)) -> 4.5 | J37: =IF(D37=0," ",(H37)*(Details!$C$6+Details!$C$8)) -> 7.92 | K37: =+G37*C37 -> 60 | L37: =+H37*C37 -> 105.6 | M37: =IF(D37=0," ",(I37*C37)) -> 9 | N37: =IF(D37=0," ",(J37*C37)) -> 15.84
A38: =IF(F38<>"",(LARGE(A$7:A37,1)+1),"")
A39: =IF(F39<>"",(LARGE(A$7:A38,1)+1),"") | B39: SWITCHES
A41: =IF(F41<>"",(LARGE(A$7:A39,1)+1),"") -> 13 | B41: 1-Way Light Switch | C41: 22 | D41: no. | E41: =G41+H41 -> 72 | F41: =E41*C41 -> 1584 | G41: 30 | H41: 42 | I41: =IF(D41=0," ",(G41)*(Details!$C$4+Details!$C$8)) -> 4.5 | J41: =IF(D41=0," ",(H41)*(Details!$C$6+Details!$C$8)) -> 6.3 | K41: =+G41*C41 -> 660 | L41: =+H41*C41 -> 924 | M41: =IF(D41=0," ",(I41*C41)) -> 99 | N41: =IF(D41=0," ",(J41*C41)) -> 138.6
A43: =IF(F43<>"",(LARGE(A$7:A41,1)+1),"") -> 14 | B43: 1-Way Light Switch (PIR) | C43: 1 | D43: no. | E43: =G43+H43 -> 78 | F43: =E43*C43 -> 78 | G43: 30 | H43: 48 | I43: =IF(D43=0," ",(G43)*(Details!$C$4+Details!$C$8)) -> 4.5 | J43: =IF(D43=0," ",(H43)*(Details!$C$6+Details!$C$8)) -> 7.2 | K43: =+G43*C43 -> 30 | L43: =+H43*C43 -> 48 | M43: =IF(D43=0," ",(I43*C43)) -> 4.5 | N43: =IF(D43=0," ",(J43*C43)) -> 7.2
A44: =IF(F44<>"",(LARGE(A$7:A43,1)+1),"")
A45: =IF(F45<>"",(LARGE(A$7:A44,1)+1),"") | B45: WIRING
A47: =IF(F47<>"",(LARGE(A$7:A45,1)+1),"") -> 15 | B47: Wiring | C47: 145 | D47: m | E47: =G47+H47 -> 5.2 | F47: =E47*C47 -> 754 | G47: 2 | H47: 3.2 | I47: =IF(D47=0," ",(G47)*(Details!$C$4+Details!$C$8)) -> 0.3 | J47: =IF(D47=0," ",(H47)*(Details!$C$6+Details!$C$8)) -> 0.48 | K47: =+G47*C47 -> 290 | L47: =+H47*C47 -> 464 | M47: =IF(D47=0," ",(I47*C47)) -> 43.5 | N47: =IF(D47=0," ",(J47*C47)) -> 69.6
A48: =IF(F48<>"",(LARGE(A$7:A47,1)+1),"")
A49: =IF(F49<>"",(LARGE(A$7:A48,1)+1),"") | B49: ALLOWANCES
A51: =IF(F51<>"",(LARGE(A$7:A49,1)+1),"") -> 16 | B51: Allow for Wiring, Conduits or Other Accessories | C51: 1 | D51: item | E51: =G51+H51 -> 350 | F51: =E51*C51 -> 350 | G51: 350 | I51: =IF(D51=0," ",(G51)*(Details!$C$4+Details!$C$8)) -> 52.5 | J51: =IF(D51=0," ",(H51)*(Details!$C$6+Details!$C$8)) -> 0 | K51: =+G51*C51 -> 350 | L51: =+H51*C51 -> 0 | M51: =IF(D51=0," ",(I51*C51)) -> 52.5 | N51: =IF(D51=0," ",(J51*C51)) -> 0
A52: =IF(F52<>"",(LARGE(A$7:A51,1)+1),"")
A53: =IF(F53<>"",(LARGE(A$7:A52,1)+1),"") | B53: GENERAL
A54: =IF(F54<>"",(LARGE(A$7:A53,1)+1),"")
A55: =IF(F55<>"",(LARGE(A$7:A54,1)+1),"") -> 17 | B55: Builders work in connection | C55: 1 | D55: item | E55: =G55+H55 -> 350 | F55: =E55*C55 -> 350 | G55: 350 | I55: =IF(D55=0," ",(G55)*(Details!$C$4+Details!$C$8)) -> 52.5 | J55: =IF(D55=0," ",(H55)*(Details!$C$6+Details!$C$8)) -> 0 | K55: =+G55*C55 -> 350 | L55: =+H55*C55 -> 0 | M55: =IF(D55=0," ",(I55*C55)) -> 52.5 | N55: =IF(D55=0," ",(J55*C55)) -> 0
A56: =IF(F56<>"",(LARGE(A$7:A55,1)+1),"")
A57: =IF(F57<>"",(LARGE(A$7:A56,1)+1),"") -> 18 | B57: Testing and commissioning | C57: 1 | D57: item | E57: =G57+H57 -> 500 | F57: =E57*C57 -> 500 | G57: 500 | I57: =IF(D57=0," ",(G57)*(Details!$C$4+Details!$C$8)) -> 75 | J57: =IF(D57=0," ",(H57)*(Details!$C$6+Details!$C$8)) -> 0 | K57: =+G57*C57 -> 500 | L57: =+H57*C57 -> 0 | M57: =IF(D57=0," ",(I57*C57)) -> 75 | N57: =IF(D57=0," ",(J57*C57)) -> 0
J59: =IF(D59=0," ",(G59+H59)*(Details!$C$4+Details!$C$6)) | P59: Check
E60: Sub Total | F60: =SUM(F1:F57) -> 15679.4 | J60: =IF(D60=0," ",(G60+H60)*(Details!$C$4+Details!$C$6)) | K60: =SUM(K1:K59) -> 6060 | L60: =SUM(L1:L59) -> 9619.4 | M60: =SUM(M1:M59) -> 909 | N60: =SUM(N1:N59) -> 1442.91 | P60: =+F60-K60-L60-N60-M60 -> -2351.91
A61: =IF(F61<>"",(LARGE(A$7:A60,1)+1),"") | J61: =IF(D61=0," ",(G61+H61)*(Details!$C$4+Details!$C$6))

Sheet Mechanical
B2: =+'Qual, Excl & Assum'!B2 -> PROJECT: Mr & Mrs Hawkes-Cowands House
B3: =+'Qual, Excl & Assum'!B3 -> DATE: 25TH SEPTEMBER 2025
B5: Mechanical | G5: RATES | K5: TOTALS
B7: Description | C7: Quantity | D7: Unit | E7: Rate | F7: Total | G7: Labour | H7: Materials | I7: L Markup | J7: M Markup | K7: Labour | L7: Materials | M7: L Markup | N7: M Markup
N8: =IF(D8=0," ",(J8*C8))
B9: EXTRACT FAN
A11: 1 | B11: Extractor Fan 60L/s | C11: 5 | D11: no. | E11: =G11+H11 -> 400 | F11: =E11*C11 -> 2000 | G11: 80 | H11: 320 | I11: =IF(D11=0," ",(G11)*(Details!$C$4+Details!$C$8)) -> 12 | J11: =IF(D11=0," ",(H11)*(Details!$C$6+Details!$C$8)) -> 48 | K11: =+G11*C11 -> 400 | L11: =+H11*C11 -> 1600 | M11: =IF(D11=0," ",(I11*C11)) -> 60 | N11: =IF(D11=0," ",(J11*C11)) -> 240
A13: 2 | B13: Ventilation Duct (Size tbc) | C13: 6 | D13: m | E13: =G13+H13 -> 13.4 | F13: =E13*C13 -> 80.4 | G13: 5 | H13: 8.4 | I13: =IF(D13=0," ",(G13)*(Details!$C$4+Details!$C$8)) -> 0.75 | J13: =IF(D13=0," ",(H13)*(Details!$C$6+Details!$C$8)) -> 1.26 | K13: =+G13*C13 -> 30 | L13: =+H13*C13 -> 50.4 | M13: =IF(D13=0," ",(I13*C13)) -> 4.5 | N13: =IF(D13=0," ",(J13*C13)) -> 7.56
B15: BOILER
A17: 3 | B17: Proposed Boiler Position | C17: 1 | D17: no | E17: =G17+H17 -> 435 | F17: =E17*C17 -> 435 | G17: 110 | H17: 325 | I17: =IF(D17=0," ",(G17)*(Details!$C$4+Details!$C$8)) -> 16.5 | J17: =IF(D17=0," ",(H17)*(Details!$C$6+Details!$C$8)) -> 48.75 | K17: =+G17*C17 -> 110 | L17: =+H17*C17 -> 325 | M17: =IF(D17=0," ",(I17*C17)) -> 16.5 | N17: =IF(D17=0," ",(J17*C17)) -> 48.75
A19: 4 | B19: Boiler Flue | C19: 5.25 | D19: m | E19: =G19+H19 -> 13.8 | F19: =E19*C19 -> 72.45 | G19: 6 | H19: 7.8 | I19: =IF(D19=0," ",(G19)*(Details!$C$4+Details!$C$8)) -> 0.9 | J19: =IF(D19=0," ",(H19)*(Details!$C$6+Details!$C$8)) -> 1.17 | K19: =+G19*C19 -> 31.5 | L19: =+H19*C19 -> 40.95 | M19: =IF(D19=0," ",(I19*C19)) -> 4.725 | N19: =IF(D19=0," ",(J19*C19)) -> 6.1425
B21: UFH SYSTEM
A23: 5 | B23: Electric Underfloor Heating System | C23: 9.3 | D23: m2 | E23: =G23+H23 -> 54.8 | F23: =E23*C23 -> 509.64 | G23: 20 | H23: 34.8 | I23: =IF(D23=0," ",(G23)*(Details!$C$4+Details!$C$8)) -> 3 | J23: =IF(D23=0," ",(H23)*(Details!$C$6+Details!$C$8)) -> 5.22 | K23: =+G23*C23 -> 186 | L23: =+H23*C23 -> 323.64 | M23: =IF(D23=0," ",(I23*C23)) -> 27.9 | N23: =IF(D23=0," ",(J23*C23)) -> 48.546
A25: 6 | B25: Under Floor Heating System | C25: 27.57 | D25: m2 | E25: =G25+H25 -> 57.8 | F25: =E25*C25 -> 1593.546 | G25: 20 | H25: 37.8 | I25: =IF(D25=0," ",(G25)*(Details!$C$4+Details!$C$8)) -> 3 | J25: =IF(D25=0," ",(H25)*(Details!$C$6+Details!$C$8)) -> 5.67 | K25: =+G25*C25 -> 551.4 | L25: =+H25*C25 -> 1042.146 | M25: =IF(D25=0," ",(I25*C25)) -> 82.71 | N25: =IF(D25=0," ",(J25*C25)) -> 156.3219
A27: 7 | B27: Thermostat | C27: 1 | D27: no | E27: =G27+H27 -> 143 | F27: =E27*C27 -> 143 | G27: 45 | H27: 98 | I27: =IF(D27=0," ",(G27)*(Details!$C$4+Details!$C$8)) -> 6.75 | J27: =IF(D27=0," ",(H27)*(Details!$C$6+Details!$C$8)) -> 14.7 | K27: =+G27*C27 -> 45 | L27: =+H27*C27 -> 98 | M27: =IF(D27=0," ",(I27*C27)) -> 6.75 | N27: =IF(D27=0," ",(J27*C27)) -> 14.7
B29: RADIATOR
A31: 8 | B31: Radiator (Size tbc) | C31: 3 | D31: no | E31: =G31+H31 -> 137.5 | F31: =E31*C31 -> 412.5 | G31: 45 | H31: 92.5 | I31: =IF(D31=0," ",(G31)*(Details!$C$4+Details!$C$8)) -> 6.75 | J31: =IF(D31=0," ",(H31)*(Details!$C$6+Details!$C$8)) -> 13.875 | K31: =+G31*C31 -> 135 | L31: =+H31*C31 -> 277.5 | M31: =IF(D31=0," ",(I31*C31)) -> 20.25 | N31: =IF(D31=0," ",(J31*C31)) -> 41.625
A33: 9 | B33: TRV Valve | C33: 3 | D33: no | E33: =G33+H33 -> 84 | F33: =E33*C33 -> 252 | G33: 30 | H33: 54 | I33: =IF(D33=0," ",(G33)*(Details!$C$4+Details!$C$8)) -> 4.5 | J33: =IF(D33=0," ",(H33)*(Details!$C$6+Details!$C$8)) -> 8.1 | K33: =+G33*C33 -> 90 | L33: =+H33*C33 -> 162 | M33: =IF(D33=0," ",(I33*C33)) -> 13.5 | N33: =IF(D33=0," ",(J33*C33)) -> 24.3
A35: =IF(F35<>"",(LARGE(A$7:A34,1)+1),"") | B35: ALLOWANCES
A37: 10 | B37: Allow for Ductwork, Fitting Airdevices & Accessoried | C37: 1 | D37: item | E37: =G37+H37 -> 350 | F37: =E37*C37 -> 350 | G37: 350 | H37: 0 | I37: =IF(D37=0," ",(G37)*(Details!$C$4+Details!$C$8)) -> 52.5 | J37: =IF(D37=0," ",(H37)*(Details!$C$6+Details!$C$8)) -> 0 | K37: =+G37*C37 -> 350 | L37: =+H37*C37 -> 0 | M37: =IF(D37=0," ",(I37*C37)) -> 52.5 | N37: =IF(D37=0," ",(J37*C37)) -> 0
A39: 11 | B39: Plumbing Radiators | C39: 1 | D39: item | E39: =G39+H39 -> 300 | F39: =E39*C39 -> 300 | G39: 300 | H39: 0 | I39: =IF(D39=0," ",(G39)*(Details!$C$4+Details!$C$8)) -> 45 | J39: =IF(D39=0," ",(H39)*(Details!$C$6+Details!$C$8)) -> 0 | K39: =+G39*C39 -> 300 | L39: =+H39*C39 -> 0 | M39: =IF(D39=0," ",(I39*C39)) -> 45 | N39: =IF(D39=0," ",(J39*C39)) -> 0 | O39: =IF(E39=0," ",(K39*D39)) -> #VALUE!
A41: 12 | B41: Hot and cold water pipe installations; pipework and sundry items to completion | C41: 1 | D41: item | E41: =G41+H41 -> 350 | F41: =E41*C41 -> 350 | G41: 350 | H41: 0 | I41: =IF(D41=0," ",(G41)*(Details!$C$4+Details!$C$8)) -> 52.5 | J41: =IF(D41=0," ",(H41)*(Details!$C$6+Details!$C$8)) -> 0 | K41: =+G41*C41 -> 350 | L41: =+H41*C41 -> 0 | M41: =IF(D41=0," ",(I41*C41)) -> 52.5 | N41: =IF(D41=0," ",(J41*C41)) -> 0
A42: =IF(F42<>"",(LARGE(A$7:A41,1)+1),"")
A43: =IF(F43<>"",(LARGE(A$7:A42,1)+1),"") | B43: WASTE SERVICES
A44: =IF(F44<>"",(LARGE(A$7:A43,1)+1),"")
A45: =IF(F45<>"",(LARGE(A$7:A44,1)+1),"") -> 13 | B45: Waste plumbing and drainage including pipework and sundry items to completion | C45: 1 | D45: item | E45: =G45+H45 -> 450 | F45: =E45*C45 -> 450 | G45: 450 | H45: 0 | I45: =IF(D45=0," ",(G45)*(Details!$C$4+Details!$C$8)) -> 67.5 | J45: =IF(D45=0," ",(H45)*(Details!$C$6+Details!$C$8)) -> 0 | K45: =+G45*C45 -> 450 | L45: =+H45*C45 -> 0 | M45: =IF(D45=0," ",(I45*C45)) -> 67.5 | N45: =IF(D45=0," ",(J45*C45)) -> 0
A46: =IF(F46<>"",(LARGE(A$7:A45,1)+1),"")
A47: =IF(F47<>"",(LARGE(A$7:A46,1)+1),"") | B47: OUTDOOR TAP AND REQUIRED PIPEWORK
A48: =IF(F48<>"",(LARGE(A$7:A47,1)+1),"")
A49: =IF(F49<>"",(LARGE(A$7:A48,1)+1),"") -> 14 | B49: Outdoor tap, required pipework and all necessary sundries | C49: 1 | D49: item | E49: =G49+H49 -> 300 | F49: =E49*C49 -> 300 | G49: 300 | H49: 0 | I49: =IF(D49=0," ",(G49)*(Details!$C$4+Details!$C$8)) -> 45 | J49: =IF(D49=0," ",(H49)*(Details!$C$6+Details!$C$8)) -> 0 | K49: =+G49*C49 -> 300 | L49: =+H49*C49 -> 0 | M49: =IF(D49=0," ",(I49*C49)) -> 45 | N49: =IF(D49=0," ",(J49*C49)) -> 0
A50: =IF(F50<>"",(LARGE(A$7:A49,1)+1),"")
A51: =IF(F51<>"",(LARGE(A$7:A50,1)+1),"") | B51: GENERAL
A52: =IF(F52<>"",(LARGE(A$7:A51,1)+1),"")
A53: =IF(F53<>"",(LARGE(A$7:A52,1)+1),"") -> 15 | B53: Builders work in connection | C53: 1 | D53: item | E53: =G53+H53 -> 500 | F53: =E53*C53 -> 500 | G53: 500 | H53: 0 | I53: =IF(D53=0," ",(G53)*(Details!$C$4+Details!$C$8)) -> 75 | J53: =IF(D53=0," ",(H53)*(Details!$C$6+Details!$C$8)) -> 0 | K53: =+G53*C53 -> 500 | L53: =+H53*C53 -> 0 | M53: =IF(D53=0," ",(I53*C53)) -> 75 | N53: =IF(D53=0," ",(J53*C53)) -> 0
A54: =IF(F54<>"",(LARGE(A$7:A53,1)+1),"")
A55: =IF(F55<>"",(LARGE(A$7:A54,1)+1),"") -> 16 | B55: Testing and commissioning | C55: 1 | D55: item | E55: =G55+H55 -> 500 | F55: =E55*C55 -> 500 | G55: 500 | H55: 0 | I55: =IF(D55=0," ",(G55)*(Details!$C$4+Details!$C$8)) -> 75 | J55: =IF(D55=0," ",(H55)*(Details!$C$6+Details!$C$8)) -> 0 | K55: =+G55*C55 -> 500 | L55: =+H55*C55 -> 0 | M55: =IF(D55=0," ",(I55*C55)) -> 75 | N55: =IF(D55=0," ",(J55*C55)) -> 0
A56: =IF(F56<>"",(LARGE(A$7:A55,1)+1),"")
A57: =IF(F57<>"",(LARGE(A$7:A56,1)+1),"")
A58: =IF(F58<>"",(LARGE(A$7:A57,1)+1),"") | J58: =IF(D58=0," ",(G58+H58)*(Details!$C$4+Details!$C$6)) | P58: Check
E59: Sub Total | F59: =SUM(F1:F58) -> 8248.536 | J59: =IF(D59=0," ",(G59+H59)*(Details!$C$4+Details!$C$6)) | K59: =SUM(K1:K58) -> 4328.9 | L59: =SUM(L1:L58) -> 3919.636 | M59: =SUM(M1:M58) -> 649.335 | N59: =SUM(N1:N58) -> 587.9454 | P59: =+F59-K59-L59-N59-M59 -> -1237.2804
A60: =IF(F60<>"",(LARGE(A$7:A59,1)+1),"") | J60: =IF(D60=0," ",(G60+H60)*(Details!$C$4+Details!$C$6))

Sheet Preliminaries
B2: =+'Qual, Excl & Assum'!B2 -> PROJECT: Mr & Mrs Hawkes-Cowands House
B3: =+'Qual, Excl & Assum'!B3 -> DATE: 25TH SEPTEMBER 2025
B5: Preliminaries
K6: 1
B7: Description | C7: Quantity | D7: Unit | E7: Rate | F7: Total | G7: Plant | H7: Markup
A9: 1 | B9: Site setup | C9: 1 | D9: Item | E9: 1200 | F9: =E9*C9 -> 1200 | H9: =IF(D9=0," ",(G9)*(Details!$C$4+Details!$C$8)) -> 0
A11: =IF(F11<>"",(LARGE(A$7:A10,1)+1),"") -> 2 | B11: Rubbish removal; skips | C11: 1 | D11: no. | E11: 850 | F11: =E11*C11 -> 850 | H11: =IF(D11=0," ",(G11)*(Details!$C$4+Details!$C$8)) -> 0
A12: =IF(F12<>"",(LARGE(A$7:A11,1)+1),"")
A13: =IF(F13<>"",(LARGE(A$7:A12,1)+1),"") -> 3 | B13: Scaffolding and safe stands | C13: 1 | D13: item | E13: 600 | F13: =E13*C13 -> 600 | H13: =IF(D13=0," ",(G13)*(Details!$C$4+Details!$C$8)) -> 0
A14: =IF(F14<>"",(LARGE(A$7:A13,1)+1),"")
A15: =IF(F15<>"",(LARGE(A$7:A14,1)+1),"") -> 4 | B15: Welfare facilities | C15: 1 | D15: item | E15: 1000 | F15: =E15*C15 -> 1000 | H15: =IF(D15=0," ",(G15)*(Details!$C$4+Details!$C$8)) -> 0
A16: =IF(F16<>"",(LARGE(A$7:A15,1)+1),"")
A17: =IF(F17<>"",(LARGE(A$7:A16,1)+1),"") -> 5 | B17: Small plant and tools | C17: 1 | D17: item | E17: 650 | F17: =E17*C17 -> 650 | H17: =IF(D17=0," ",(G17)*(Details!$C$4+Details!$C$8)) -> 0
A18: =IF(F18<>"",(LARGE(A$7:A17,1)+1),"")
A19: =IF(F19<>"",(LARGE(A$7:A18,1)+1),"") -> 6 | B19: Protection | C19: 1 | D19: item | E19: 500 | F19: =E19*C19 -> 500 | H19: =IF(D19=0," ",(G19)*(Details!$C$4+Details!$C$8)) -> 0
A20: =IF(F20<>"",(LARGE(A$7:A19,1)+1),"")
A21: =IF(F21<>"",(LARGE(A$7:A20,1)+1),"") -> 7 | B21: Temporary supplies | C21: 1 | D21: item | E21: 1000 | F21: =E21*C21 -> 1000 | H21: =IF(D21=0," ",(G21)*(Details!$C$4+Details!$C$8)) -> 0
A22: =IF(F22<>"",(LARGE(A$7:A21,1)+1),"")
A23: =IF(F23<>"",(LARGE(A$7:A22,1)+1),"") -> 8 | B23: Lifting and propping | C23: 1 | D23: item | E23: 1250 | F23: =E23*C23 -> 1250 | H23: =IF(D23=0," ",(G23)*(Details!$C$4+Details!$C$8)) -> 0
A24: =IF(F24<>"",(LARGE(A$7:A23,1)+1),"")
A25: =IF(F25<>"",(LARGE(A$7:A24,1)+1),"") -> 9 | B25: Cleaning (no allowance for sparkle clean) | C25: 1 | D25: item | E25: 800 | F25: =E25*C25 -> 800 | H25: =IF(D25=0," ",(G25)*(Details!$C$4+Details!$C$8)) -> 0
A26: =IF(F26<>"",(LARGE(A$7:A25,1)+1),"")
A27: =IF(F27<>"",(LARGE(A$7:A26,1)+1),"") -> 10 | B27: Health & safety | C27: 1 | D27: item | E27: 1350 | F27: =E27*C27 -> 1350 | H27: =IF(D27=0," ",(G27)*(Details!$C$4+Details!$C$8)) -> 0
A28: =IF(F28<>"",(LARGE(A$7:A27,1)+1),"")
A29: =IF(F29<>"",(LARGE(A$7:A28,1)+1),"") -> 11 | B29: Insurance | C29: 1 | D29: item | E29: 1000 | F29: =E29*C29 -> 1000 | H29: =IF(D29=0," ",(G29)*(Details!$C$4+Details!$C$8)) -> 0
A30: =IF(F30<>"",(LARGE(A$7:A29,1)+1),"")
A31: =IF(F31<>"",(LARGE(A$7:A30,1)+1),"") -> 12 | B31: Site accommodation | C31: 1 | D31: item | E31: 850 | F31: =E31*C31 -> 850 | H31: =IF(D31=0," ",(G31)*(Details!$C$4+Details!$C$8)) -> 0
H32: =IF(D32=0," ",(G32)*(Details!$C$4+Details!$C$6))
A33: =IF(F33<>"",(LARGE(A$7:A32,1)+1),"") -> 13 | B33: Management | C33: 1 | D33: item | E33: 3500 | F33: =E33*C33 -> 3500 | H33: =IF(D33=0," ",(G33)*(Details!$C$4+Details!$C$8)) -> 0
A34: =IF(F34<>"",(LARGE(A$7:A33,1)+1),"") | H34: =IF(D34=0," ",(G34)*(Details!$C$4+Details!$C$6))
A35: =IF(F35<>"",(LARGE(A$7:A34,1)+1),"") | H35: =IF(D35=0," ",(G35)*(Details!$C$4+Details!$C$6))
A36: =IF(F36<>"",(LARGE(A$7:A35,1)+1),"") | H36: =IF(D36=0," ",(G36)*(Details!$C$4+Details!$C$6))
A37: =IF(F37<>"",(LARGE(A$7:A36,1)+1),"") | H37: =IF(D37=0," ",(G37)*(Details!$C$4+Details!$C$6))
A38: =IF(F38<>"",(LARGE(A$7:A37,1)+1),"") | H38: =IF(D38=0," ",(G38)*(Details!$C$4+Details!$C$6))
A39: =IF(F39<>"",(LARGE(A$7:A38,1)+1),"") | H39: =IF(D39=0," ",(G39)*(Details!$C$4+Details!$C$6))
A40: =IF(F40<>"",(LARGE(A$7:A39,1)+1),"") | H40: =IF(D40=0," ",(G40)*(Details!$C$4+Details!$C$6))
A41: =IF(F41<>"",(LARGE(A$7:A40,1)+1),"") | H41: =IF(D41=0," ",(G41)*(Details!$C$4+Details!$C$6))
A42: =IF(F42<>"",(LARGE(A$7:A41,1)+1),"") | H42: =IF(D42=0," ",(G42)*(Details!$C$4+Details!$C$6))
A43: =IF(F43<>"",(LARGE(A$7:A42,1)+1),"") | H43: =IF(D43=0," ",(G43)*(Details!$C$4+Details!$C$6))
A44: =IF(F44<>"",(LARGE(A$7:A43,1)+1),"") | H44: =IF(D44=0," ",(G44)*(Details!$C$4+Details!$C$6))
A45: =IF(F45<>"",(LARGE(A$7:A44,1)+1),"") | H45: =IF(D45=0," ",(G45)*(Details!$C$4+Details!$C$6))
... A63: =IF(F63<>"",(LARGE(A$7:A62,1)+1),"") | H63: =IF(D63=0," ",(G63)*(Details!$C$4+Details!$C$6))
A64: =IF(F64<>"",(LARGE(A$7:A63,1)+1),"") | H64: =IF(D64=0," ",(G64)*(Details!$C$4))
A65: =IF(D65=0," ",(LARGE(A$9:A64,1)+1)) | E65: Sub Total | F65: =SUM(F1:F64) -> 14550

Sheet Details
B2: MARKUP | J2: Total Inc Prelims | K2: =+Summary!D40 -> 242313.57
B4: Contractors Markup - Labour | C4: 0.1 | D4: =+C4+1 -> 1.1 | J4: Calculation Total | K4: =+(Summary!F36+Summary!G36)*1.1 -> 239083.47
M5: =CEILING((K4/K27),4) -> 24 | N5: Weeks
B6: Contractors Markup - Materials | C6: 0.1 | D6: =+C6+1 -> 1.1
J7: Range 1 | K7: 0 | L7: =IF(AND($K$4>=K7,$K$4<=K8),N7,O7) -> No | M7: 5000 | N7: Yes | O7: No
B8: Contractors Overheads | C8: 0.05 | D8: =+C8+1 -> 1.05 | K8: 50000
J9: Range 2 | K9: =K8 -> 50000 | L9: =IF(AND($K$4>=K9,$K$4<=K10),N9,O9) -> No | M9: 9000 | N9: Yes | O9: No
K10: 150000
J11: Range 3 | K11: =K10 -> 150000 | L11: =IF(AND($K$4>=K11,$K$4<=K12),N11,O11) -> Yes | M11: 10000 | N11: Yes | O11: No
K12: 350000
J13: Range 4 | K13: =K12 -> 350000 | L13: =IF(AND($K$4>=K13,$K$4<=K14),N13,O13) -> No | M13: 12500 | N13: Yes | O13: No
B14: Trades - Day Rates | C14: Client Day Rate £ | K14: 500000
B15: Groundworker | C15: 0 | J15: Range 5 | K15: =K14 -> 500000 | L15: =IF(AND($K$4>=K15,$K$4<=K16),N15,O15) -> No | M15: 14000 | N15: Yes | O15: No
B16: Bricklayer | K16: 750000
B17: Roofer | C17: 0 | J17: Range 6 | K17: 750000 | L17: =IF(AND($K$4>=K17,$K$4<=K18),N17,O17) -> No | M17: 15500 | N17: Yes | O17: No
B18: Tiler | K18: 1000000
B19: Carpenter | J19: Range 7 | K19: =K18 -> 1000000 | L19: =IF(AND($K$4>=K19,$K$4<=K20),N19,O19) -> No | M19: 16750 | N19: Yes | O19: No
B20: Plasterer | C20: 0 | K20: 1250000
B21: General Trade | J21: Range 8 | K21: =K20 -> 1250000 | L21: =IF(AND($K$4>=K21,$K$4<=K22),N21,O21) -> No | M21: 19000 | N21: Yes | O21: No
B22: Labourer | K22: 1500000
B23: Decorator | C23: 0 | J23: Range 9 | K23: =K22 -> 1500000 | L23: =IF(AND($K$4>=K23,$K$4<=K24),N23,O23) -> No | M23: 20500 | N23: Yes | O23: No
B24: Plumber | C24: 0 | K24: 2000000
B25: Electrician | C25: 0 | J25: Range 10 - Over | K25: =K24 -> 2000000 | L25: =IF(AND($K$4>=K25,$K$4<=K26),N25,O25) -> No | M25: 27500 | N25: Yes | O25: No
K26: 500000000
J27: Calculation | K27: =IF(L7="Yes",M7)+IF(L9="Yes",M9)+IF(L11="Yes",M11)+IF(L13="Yes",M13)+IF(L15="Yes",M15)+IF(L17="Yes",M17)+IF(L19="Yes",M19)+IF(L21="Yes",M21)+IF(L23="Yes",M23) -> 10000
M29: Factor
M30: =+C15/250+IF(C15=0,1) -> 1
M31: =+C16/250+IF(C16=0,1) -> 1
M32: =+C17/250+IF(C17=0,1) -> 1
M33: =+C18/250+IF(C18=0,1) -> 1
M34: =+C19/250+IF(C19=0,1) -> 1
M35: =+C20/250+IF(C20=0,1) -> 1
M36: =+C21/220+IF(C21=0,1) -> 1
M37: =+C22/150+IF(C22=0,1) -> 1
M38: =+C23/220+IF(C23=0,1) -> 1
M39: =+C24/400+IF(C24=0,1) -> 1
M40: =+C25/400+IF(C25=0,1) -> 1
